Workbook
Name _ftnref3: TITELBLAD!$A$93
Name B2020_ODV_TRHS: ASSUMPTIES!$E$37
Name B2020_TOE_TRHS: ASSUMPTIES!$E$38
Name BEGINJAAR: TITELBLAD!$I$9
Name CPI_2020: ASSUMPTIES!$E$32
Name CPI_JAARMIN1: ASSUMPTIES!$E$31
Name DIM_OMV: ASSUMPTIES!$E$48
Name DNB: TITELBLAD!$F$6
Name DNB: TITELBLAD!$F$6
Name DNB: TITELBLAD!$F$6
Name EINDJAAR: TITELBLAD!$I$10
Name FACTOR_DOORVOER: ASSUMPTIES!$E$54
Name FACTOR_MP_TV: ASSUMPTIES!$E$13
Name FACTOR_OST: ASSUMPTIES!$E$15
Name FACTOR_VAST: ASSUMPTIES!$E$21
Name JAAR: TITELBLAD!$I$12
Name JAAR: TITELBLAD!$I$12
Name JAAR: TITELBLAD!$I$12
Name Keuze_Kostenindeling1: 'T2'!$C$8:$C$9
Name Keuze_Kostenindeling2: 'T2'!$D$8:$D$62
Name Keuze_Kostenindeling3: 'T2'!$E$8:$E$9
Name Keuze_Kostenindeling4: 'T2'!$F$8:$F$9
Name Keuze_Subactiviteit: 'T2'!$A$8:$A$9
Name Keuze_TariefcomponentN: 'T2'!$B$8:$B$15
Name KORTING_XN: ASSUMPTIES!$E$40
Name MAXTOENAME_TRHS: ASSUMPTIES!$E$36
Name OMVORMERVERMOGEN: ASSUMPTIES!$E$47
Name ONDERNEMINGSNUMMER: TITELBLAD!$F$7
Name PROCENT_GEMMP: ASSUMPTIES!$E$18
Name PROCENT_KWH: ASSUMPTIES!$E$19
Name PROCENT_MP: ASSUMPTIES!$E$12
Name PROCENT_TV: ASSUMPTIES!$E$11
Name PROCENT_VERHOGING_NA_MAX: MAXIMUM!$G$34
Name TAR_DATA_LSMR1_2021: ASSUMPTIES!$E$28
Name TAR_DATA_LSMR3_2021: ASSUMPTIES!$E$27
Name TAR_DATA_NIETLS_2021: ASSUMPTIES!$E$26
Name TAR_DATA_PROD_2021: ASSUMPTIES!$E$29
Name TAR_ODV_GSC: ASSUMPTIES!#REF!
Name TAR_ODV_HEWKK: ASSUMPTIES!#REF!
Name TAR_ODV_REG: ASSUMPTIES!#REF!
Name TAR_ODV_RESERVE: ASSUMPTIES!#REF!
Name TAR_ODV_WIND: ASSUMPTIES!#REF!
Name TAR_TOE_MASTEN: ASSUMPTIES!#REF!
Name VOLLASTUREN: ASSUMPTIES!$E$49
Name ZELFCONSUMPTIE: ASSUMPTIES!$E$50

Sheet TITELBLAD
A1: v5
A2: TARIEFVOORSTEL PERIODIEKE DISTRIBUTIENETTARIEVEN
B6: DISTRIBUTIENETBEHEERDER : | F6: Naam distributienetbeheerder
B7: ONDERNEMINGSNUMMER:
B9: In het kader van volgende reguleringsperiode: | H9: van | I9: 2021
H10: tot en met | I10: 2024
B12: Periodieke distributienettarieven voor het jaar:
A16: RICHTLIJNEN BIJ HET INVULLEN EN DE INTERPRETATIE VAN HET RAPPORTERINGSMODEL
A18: Dit rapporteringsmodel heeft als doel om de distributienetbeheerder op gestandaardiseerde wijze aan de VREG te laten rapporteren over het tariefvoorstel dat de distributienetbeheerder op basis van het door de VREG toegelaten inkomen voor de gereguleerde activiteiten 'Elektriciteit' en 'Aardgas' opmaakte. Dit rapporteringsmodel omvat enkele tabellen en bijkomend aan te leveren informatie die de vertaling van het toegelaten inkomen naar de periodieke distributienettarieven stapsgewijs en op een overzichtelijk manier weergeven. De VREG behoudt zich de mogelijkheid om, indien nodig, bijkomende informatie buiten dit rapporteringsmodel op te vragen. De distributienetbeheerder dient het tariefvoorstel onder de vorm van één afgedrukt exemplaar alsook onder elektronische vorm (Excel-formaat) aan te leveren. In de elektronische vorm zijn geen verwijzingen naar externe bestanden (koppelingen) toegelaten.
A29: LEGENDE CELKLEUREN
D32: In te vullen door de distributienetbeheerder
D34: Berekende of overgenomen waarde waarvoor dus geen manuele input vereist is
D36: In te vullen door de VREG
D38: Cel die geen toepassing vindt onder de huidige tariefstructuur
A41: OVERZICHT TABELLEN
A43: ELEKTRICITEIT
A45: Assumpties
A46: Verdeelsleutels
A47: Rekenvolumes
A48: Maximum
A49: Max Afname TRHS
A50: Max Afname MS
A51: Max Afname TRLS
A52: Max Afname LS
A53: Max Injectie
A54: TABEL 1: Budget per tariefcomponent voor gereguleerde activiteit 'elektriciteit'
... A80: GAS Injectie

Sheet --> ELEKTRICITEIT

Sheet ASSUMPTIES
A1: ASSUMPTIES
C4: Distributienetbeheerder: | E4: =DNB -> Naam distributienetbeheerder
B7: Tarifaire bepalingen
B9: I. Met betrekking tot de tariefcomponent 'Netgebruik'
B11: Procentueel aandeel van kVATV in budget 'Netgebruik' (excl. kWMP-TV) | E11: 0.5 | G11: Deze bepaling geldt voor de afnameklanten op TRHS, >26-36kV, 26-1kV en TRLS.
B12: Procentueel aandeel van kWMP in budget 'Netgebruik' (excl. kWMP-TV) | E12: =1-$E$11 -> 0.5 | G12: Overeenkomstig paragraaf 11.5.3 punt 6 uit de tariefmethodologie 2021-2024.
B13: Aandeel van kWMP t.o.v. aandeel van kVATV in budget 'Netgebruik' (excl. kWMP-TV) | E13: =PROCENT_MP/PROCENT_TV -> 1 | K13: Zie de toelichting II hieronder.
B15: Tarief voor kWMP-TV t.o.v. tarief voor kVATV (beiden op maandbasis) | E15: 1.5 | G15: Deze bepaling geldt voor de afnameklanten op TRHS, >26-36kV, 26-1kV en TRLS.
G16: Overeenkomstig paragraaf 11.5.3 punt 10 uit de tariefmethodologie 2021-2024.
B18: Procentueel aandeel van kWgem MP in budget 'Netgebruik' | E18: 0.8 | G18: Deze bepaling geldt voor de afnameklanten op LS met piekmeting.
B19: Procentueel aandeel van kWhafn in budget 'Netgebruik' | E19: =1-$E$18 -> 0.2 | G19: Overeenkomstig paragraaf 11.5.3 punt 7 uit de tariefmethodologie 2021-2024.
B21: Tarief voor vastnet t.o.v. tarief voor kWgemMP | E21: 2.5 | G21: Deze bepaling geldt voor de afnameklanten op LS met klassieke meter.
G22: Overeenkomstig paragraaf 11.5.3 punt 8 uit de tariefmethodologie 2021-2024.
B24: II. Met betrekking tot de tariefcomponent 'Databeheer'
B26: Tarief voor hogere spanningsniveaus in 2021
B27: Tarief voor laagspanning met uitlezing van kwartiergegevens in 2021
B28: Tarief voor laagspanning met uitlezing op maand/jaarbasis in 2021
B29: Tarief voor productiemeters in 2021
B31: ="Consumptieprijsindex voor juli "&JAAR-1 -> Consumptieprijsindex voor juli -1 | G31: Overeenkomstig paragraaf 11.5.3 punt 15 uit de tariefmethodologie 2021-2024.
B32: Consumptieprijsindex voor juli 2020
B34: III. Met betrekking tot de tariefcomponenten 'Openbaredienstverplichtingen' en 'Toeslagen'
B36: Maximale toename t.o.v. budget in 2020 | E36: 0.3 | G36: Deze bepaling geldt voor de afnameklanten op TRHS.
B37: Budget 'ODV' in 2020 toegewezen aan afnameklanten op TRHS | G37: Overeenkomstig paragraaf 11.5.3 punt 4 uit de tariefmethodologie 2021-2024.
B38: Budget 'Toeslagen' in 2020 toegewezen aan afnameklanten op TRHS
B40: Korting op ODV-tarief voor exclusief nacht : | E40: =IF(JAAR=2022,60%,IF(JAAR=2023,50%,IF(JAAR=2024,40%,"FOUT"))) -> FOUT | G40: Overeenkomstig paragraaf 11.5.3 punt 13 uit de tariefmethodologie 2021-2024.
G41: * Correctie van een materiële vergissing
B42: IV. Met betrekking tot de tariefcomponent 'Overige transmissienetkosten'
B45: V. Met betrekking tot het aanvullende capaciteitstarief voor prosumenten met terugdraaiende teller
B47: Gemiddeld omvormervermogen | G47: Deze bepaling geldt voor de prosumenten met een terugdraaiende teller op LS.
B48: Dimensionering van omvormer- t.o.v. piekvermogen | E48: 0.9 | G48: Overeenkomstig paragraaf 10.2.2.1.1 uit de tariefmethodologie 2021-2024.
B49: Vollasturen / benuttiging | E49: 950
B50: Zelfconsumptie | E50: 0.36
B52: VI. Met betrekking tot de doorvoertarieven
B54: Factor inzake doorvoertarieven | E54: 0.75 | G54: Overeenkomstig paragraaf 11.5.3 punt 14 uit de tariefmethodologie 2021-2024.
B58: Bijkomende toelichting
B60: I. Gelijkgestelde of één-op-één gerelateerde tarieven
B62: De klantengroepen waarvoor dezelfde of één-op-één gerelateerde tarieven gelden (zie paragraaf 11.5.3 punt 1, 5, 12 en 14), worden in de volgende tabbladen als één gezamenlijke groep behandelt.
B64: Afnameklanten op TRHS | E64: Afnameklanten op TRHS (∑)
B65: Afnameklanten op >26-36 kV met AV ≥ 5MVA
B67: Afnameklanten op >26-36 kV met AV < 5MVA | E67: Afnameklanten op MS (∑)
B68: Afnameklanten op 26-1kV
B69: Doorvoer op 26-1kV
B71: Afnameklanten op TRLS
B73: Afnameklanten op LS met piekmeting | E73: Afnameklanten op LS met piekmeting (∑)
B74: Doorvoer op LS met piekmeting
B75: Afnameklanten op LS met klassieke meter | E75: Afnameklanten met klassieke/terugdraaiende meter (∑)
B76: Doorvoer op LS zonder piekmeting
B77: Prosumenten met terugdraaiende teller op LS
B79: Injectieklanten op TRHS | E79: Injectieklanten (∑)
B80: Injectieklanten op >26-36kV
B81: Injectieklanten op 26-1kV
B82: Injectieklanten op TRLS
B83: Injectieklanten op LS
B87: II. Procentueel aandeel van kVATV, kWMP en kWMP-TV in budget 'Netgebruik' toegewezen aan niet-LS klanten
B89: Deze tarifaire bepalingen kunnen ook in formulevorm weergegeven worden:
B97: Door de onderste twee gelijkheden te integreren in de bovenste gelijkheid, bekomen we:
B101: En als we vervolgens het (bij aanvang ongekende) tarief afzonderen:
B105: Op basis van deze gelijkheid kunnen we het procentueel aandeel van elke tariefdrager bepalen ten opzichte van het budget dat de distributienetbeheerder aan de tariefcomponent 'Netgebruik' en de afzonderlijke niet-LS klantengroepen toewijst:
B116: Aangezien het betreffende tarief telkens in de teller als in de noemer voorkomt, hebben we het in bovenstaande gelijkheden laten wegvallen. Op deze manier kan het aandeel van elke tariefdrager eenduidig bepaald worden, onafhankelijk van het betreffende tarief.
B118: Met hierin:
C120: Het budget dat distributienetbeheerder i voor jaar j toewijst aan de tariefcomponent 'Netgebruik' en de klantengroep k;
C122: Het deel van bovenvermeld budget dat distributienetbeheerder i voor jaar j aan klantengroep k aanrekent op basis van het toegangsvermogen. Dit deel is gelijk aan het betreffende tarief (op maandbasis) vermenigvuldigd met het rekenvolume;
C124: Het deel van bovenvermeld budget dat distributienetbeheerder i voor jaar j aan klantengroep k aanrekent op basis van de maandpiek. Dit deel is gelijk aan het betreffende tarief (op maandbasis) vermenigvuldigd met het rekenvolume;
C126: Het deel van bovenvermeld budget dat distributienetbeheerder i voor jaar j aan klantengroep k aanrekent op basis van het verschil tussen de maandpiek en het toegangsvermogen. Dit deel is gelijk aan het betreffende tarief (op maandbasis) vermenigvuldigd met het rekenvolume.

Sheet VERDEELSLEUTELS
A1: VERDEELSLEUTELS
B4: Distributienetbeheerder: | D4: =DNB -> Naam distributienetbeheerder
C7: Energierichting | E7: Absolute waarde | G7: Relatief aandeel
A8: Verdeelsleutel | B8: Eenheid | C8: Afname (x) | D8: Injectie (x) | E8: Afname (#) | F8: Injectie (#) | G8: Afname (%) | H8: Injectie (%)
A9: CAPEX | B9: EUR | C9: x | D9: x | G9: =IF(ISNUMBER($E9),$E9/SUM($E9:$F9),"") | H9: =IF(ISNUMBER($F9),$F9/SUM($E9:$F9),"")
A10: kWh | B10: kWh | C10: x | D10: x | E10: ='REKENVOLUMES'!$D$28-(1-FACTOR_DOORVOER)*('REKENVOLUMES'!$K$28+'REKENVOLUMES'!$P$28+'REKENVOLUMES'!$R$28) -> 0 | F10: =INDEX(Rekenvolumes[Injectieklanten (∑)],15) -> 0 | G10: =IF(ISNUMBER($E10),$E10/SUM($E10:$F10),"") -> #DIV/0! | H10: =IF(ISNUMBER($F10),$F10/SUM($E10:$F10),"") -> #DIV/0!
A11: Enkel_Afname | C11: x | E11: 1 | F11: 0 | G11: =IF(ISNUMBER($E11),$E11/SUM($E11:$F11),"") -> 1 | H11: =IF(ISNUMBER($F11),$F11/SUM($E11:$F11),"") -> 0
A12: Databeheer | C12: x | D12: x | G12: =IF(ISNUMBER($E12),$E12/SUM($E12:$F12),"") | H12: =IF(ISNUMBER($F12),$F12/SUM($E12:$F12),"")
G13: =IF(ISNUMBER($E13),$E13/SUM($E13:$F13),"") | H13: =IF(ISNUMBER($F13),$F13/SUM($E13:$F13),"")
G14: =IF(ISNUMBER($E14),$E14/SUM($E14:$F14),"") | H14: =IF(ISNUMBER($F14),$F14/SUM($E14:$F14),"")
G15: =IF(ISNUMBER($E15),$E15/SUM($E15:$F15),"") | H15: =IF(ISNUMBER($F15),$F15/SUM($E15:$F15),"")
C19: Spanningsniveau | G19: Absolute waarde | K19: Relatief aandeel
A20: Verdeelsleutel | B20: Eenheid | C20: TRHS (x) | D20: MS (x) | E20: TRLS (x) | F20: LS (x) | G20: TRHS (#) | H20: MS (#) | I20: TRLS (#) | J20: LS (#) | K20: TRHS (%) | L20: MS (%) | M20: TRLS (%) | N20: LS (%)
A21: SynchronePiek_TRHS | B21: kW | C21: x | D21: x | E21: x | F21: x | K21: =IF(ISNUMBER($G21),$G21/SUM($G21:$J21),"") | L21: =IF(ISNUMBER($H21),$H21/SUM($G21:$J21),"") | M21: =IF(ISNUMBER($I21),$I21/SUM($G21:$J21),"") | N21: =IF(ISNUMBER($J21),$J21/SUM($G21:$J21),"")
A22: SynchronePiek_MS | B22: kW | D22: x | E22: x | F22: x | G22: 0 | K22: =IF(ISNUMBER($G22),$G22/SUM($G22:$J22),"") -> #DIV/0! | L22: =IF(ISNUMBER($H22),$H22/SUM($G22:$J22),"") | M22: =IF(ISNUMBER($I22),$I22/SUM($G22:$J22),"") | N22: =IF(ISNUMBER($J22),$J22/SUM($G22:$J22),"")
A23: SynchronePiek_TRLS | B23: kW | E23: x | F23: x | G23: 0 | H23: 0 | K23: =IF(ISNUMBER($G23),$G23/SUM($G23:$J23),"") -> #DIV/0! | L23: =IF(ISNUMBER($H23),$H23/SUM($G23:$J23),"") -> #DIV/0! | M23: =IF(ISNUMBER($I23),$I23/SUM($G23:$J23),"") | N23: =IF(ISNUMBER($J23),$J23/SUM($G23:$J23),"")
A24: SynchronePiek_LS | B24: kW | F24: x | G24: 0 | H24: 0 | I24: 0 | K24: =IF(ISNUMBER($G24),$G24/SUM($G24:$J24),"") -> #DIV/0! | L24: =IF(ISNUMBER($H24),$H24/SUM($G24:$J24),"") -> #DIV/0! | M24: =IF(ISNUMBER($I24),$I24/SUM($G24:$J24),"") -> #DIV/0! | N24: =IF(ISNUMBER($J24),$J24/SUM($G24:$J24),"")
A25: kWh | B25: kWh | C25: x | D25: x | E25: x | F25: x | G25: ='REKENVOLUMES'!$E$28 -> 0 | H25: ='REKENVOLUMES'!$H$28-(1-FACTOR_DOORVOER)*'REKENVOLUMES'!$K$28 -> 0 | I25: ='REKENVOLUMES'!$L$28 -> 0 | J25: ='REKENVOLUMES'!$N$28-(1-FACTOR_DOORVOER)*('REKENVOLUMES'!$P$28+'REKENVOLUMES'!$R$28) -> 0 | K25: =IF(ISNUMBER($G25),$G25/SUM($G25:$J25),"") -> #DIV/0! | L25: =IF(ISNUMBER($H25),$H25/SUM($G25:$J25),"") -> #DIV/0! | M25: =IF(ISNUMBER($I25),$I25/SUM($G25:$J25),"") -> #DIV/0! | N25: =IF(ISNUMBER($J25),$J25/SUM($G25:$J25),"") -> #DIV/0!
A26: kWh_zonder TRHS | B26: kWh | D26: x | E26: x | F26: x | G26: 0 | H26: ='REKENVOLUMES'!$H$28-(1-FACTOR_DOORVOER)*'REKENVOLUMES'!$K$28 -> 0 | I26: ='REKENVOLUMES'!$L$28 -> 0 | J26: ='REKENVOLUMES'!$N$28-(1-FACTOR_DOORVOER)*('REKENVOLUMES'!$P$28+'REKENVOLUMES'!$R$28) -> 0 | K26: =IF(ISNUMBER($G26),$G26/SUM($G26:$J26),"") -> #DIV/0! | L26: =IF(ISNUMBER($H26),$H26/SUM($G26:$J26),"") -> #DIV/0! | M26: =IF(ISNUMBER($I26),$I26/SUM($G26:$J26),"") -> #DIV/0! | N26: =IF(ISNUMBER($J26),$J26/SUM($G26:$J26),"") -> #DIV/0!
A27: EAN | C27: x | D27: x | E27: x | F27: x | G27: =INDEX(Rekenvolumes[Afnameklanten op TRHS (∑)],1) -> 0 | H27: =INDEX(Rekenvolumes[Afnameklanten op MS (∑)],1)-(1-FACTOR_DOORVOER)*INDEX(Rekenvolumes[Doorvoer op 26-1kV],1) -> 0 | I27: =INDEX(Rekenvolumes[Afnameklanten op TRLS (∑)],1) -> 0 | J27: =INDEX(Rekenvolumes[Afnameklanten op LS (∑)],1)-(1-FACTOR_DOORVOER)*(INDEX(Rekenvolumes[Doorvoer op LS met piekmeting],1)+INDEX(Rekenvolumes[Doorvoer op LS zonder piekmeting],1)) -> 0 | K27: =IF(ISNUMBER($G27),$G27/SUM($G27:$J27),"") -> #DIV/0! | L27: =IF(ISNUMBER($H27),$H27/SUM($G27:$J27),"") -> #DIV/0! | M27: =IF(ISNUMBER($I27),$I27/SUM($G27:$J27),"") -> #DIV/0! | N27: =IF(ISNUMBER($J27),$J27/SUM($G27:$J27),"") -> #DIV/0!
A28: Afschrijvingen | B28: EUR | C28: x | D28: x | E28: x | F28: x | G28: ='T2'!$M$90 -> #VALUE! | H28: ='T2'!$N$90 -> #VALUE! | I28: ='T2'!$O$90 -> #VALUE! | J28: ='T2'!$P$90 -> #VALUE! | K28: =IF(ISNUMBER($G28),$G28/SUM($G28:$J28),"") | L28: =IF(ISNUMBER($H28),$H28/SUM($G28:$J28),"") | M28: =IF(ISNUMBER($I28),$I28/SUM($G28:$J28),"") | N28: =IF(ISNUMBER($J28),$J28/SUM($G28:$J28),"")
A29: Netgebruik | B29: EUR | C29: x | D29: x | E29: x | F29: x | G29: ='T2'!$M$91 -> #VALUE! | H29: ='T2'!$N$91 -> #VALUE! | I29: ='T2'!$O$91 -> #VALUE! | J29: ='T2'!$P$91 -> #VALUE! | K29: =IF(ISNUMBER($G29),$G29/SUM($G29:$J29),"") | L29: =IF(ISNUMBER($H29),$H29/SUM($G29:$J29),"") | M29: =IF(ISNUMBER($I29),$I29/SUM($G29:$J29),"") | N29: =IF(ISNUMBER($J29),$J29/SUM($G29:$J29),"")
A30: ODV | B30: EUR | C30: x | D30: x | E30: x | F30: x | G30: ='T2'!$M$94 -> #VALUE! | H30: ='T2'!$N$94 -> #VALUE! | I30: ='T2'!$O$94 -> #VALUE! | J30: ='T2'!$P$94 -> #VALUE! | K30: =IF(ISNUMBER($G30),$G30/SUM($G30:$J30),"") | L30: =IF(ISNUMBER($H30),$H30/SUM($G30:$J30),"") | M30: =IF(ISNUMBER($I30),$I30/SUM($G30:$J30),"") | N30: =IF(ISNUMBER($J30),$J30/SUM($G30:$J30),"")
A31: Saldi | B31: EUR | C31: x | D31: x | E31: x | F31: x | G31: ='T2'!$M$92 -> #VALUE! | H31: ='T2'!$N$92 -> #VALUE! | I31: ='T2'!$O$92 -> #VALUE! | J31: ='T2'!$P$92 -> #VALUE! | K31: =IF(ISNUMBER($G31),$G31/SUM($G31:$J31),"") | L31: =IF(ISNUMBER($H31),$H31/SUM($G31:$J31),"") | M31: =IF(ISNUMBER($I31),$I31/SUM($G31:$J31),"") | N31: =IF(ISNUMBER($J31),$J31/SUM($G31:$J31),"")
A32: Direct_TRHS | C32: x | G32: 1 | H32: 0 | I32: 0 | J32: 0 | K32: =IF(ISNUMBER($G32),$G32/SUM($G32:$J32),"") -> 1 | L32: =IF(ISNUMBER($H32),$H32/SUM($G32:$J32),"") -> 0 | M32: =IF(ISNUMBER($I32),$I32/SUM($G32:$J32),"") -> 0 | N32: =IF(ISNUMBER($J32),$J32/SUM($G32:$J32),"") -> 0
A33: Direct_MS | D33: x | G33: 0 | H33: 1 | I33: 0 | J33: 0 | K33: =IF(ISNUMBER($G33),$G33/SUM($G33:$J33),"") -> 0 | L33: =IF(ISNUMBER($H33),$H33/SUM($G33:$J33),"") -> 1 | M33: =IF(ISNUMBER($I33),$I33/SUM($G33:$J33),"") -> 0 | N33: =IF(ISNUMBER($J33),$J33/SUM($G33:$J33),"") -> 0
A34: Direct_TRLS | E34: x | G34: 0 | H34: 0 | I34: 1 | J34: 0 | K34: =IF(ISNUMBER($G34),$G34/SUM($G34:$J34),"") -> 0 | L34: =IF(ISNUMBER($H34),$H34/SUM($G34:$J34),"") -> 0 | M34: =IF(ISNUMBER($I34),$I34/SUM($G34:$J34),"") -> 1 | N34: =IF(ISNUMBER($J34),$J34/SUM($G34:$J34),"") -> 0
A35: Direct_LS | F35: x | G35: 0 | H35: 0 | I35: 0 | J35: 1 | K35: =IF(ISNUMBER($G35),$G35/SUM($G35:$J35),"") -> 0 | L35: =IF(ISNUMBER($H35),$H35/SUM($G35:$J35),"") -> 0 | M35: =IF(ISNUMBER($I35),$I35/SUM($G35:$J35),"") -> 0 | N35: =IF(ISNUMBER($J35),$J35/SUM($G35:$J35),"") -> 1
A36: 75%EAN+25%kWh_ODV | B36: % | C36: x | D36: x | E36: x | F36: x | G36: =75%*$K$27+25%*$K$25 -> #DIV/0! | H36: =75%*$L$27+25%*$L$25 -> #DIV/0! | I36: =75%*$M$27+25%*$M$25 -> #DIV/0! | J36: =75%*$N$27+25%*$N$25 -> #DIV/0! | K36: =IF(ISNUMBER($G36),MIN($G36/SUM($G36:$J36),(1+MAXTOENAME_TRHS)*B2020_ODV_TRHS/'T2'!$K$93),"") | L36: =IF(ISNUMBER($H36),(1-$K36)*$H36/SUM($H36:$J36),"") | M36: =IF(ISNUMBER($I36),(1-$K36)*$I36/SUM($H36:$J36),"") | N36: =IF(ISNUMBER($J36),(1-$K36)*$J36/SUM($H36:$J36),"")
A37: 75%EAN+25%kWh_TOE | B37: % | C37: x | D37: x | E37: x | F37: x | G37: =75%*$K$27+25%*$K$25 -> #DIV/0! | H37: =75%*$L$27+25%*$L$25 -> #DIV/0! | I37: =75%*$M$27+25%*$M$25 -> #DIV/0! | J37: =75%*$N$27+25%*$N$25 -> #DIV/0! | K37: =IF(ISNUMBER($G37),MIN($G37/SUM($G37:$J37),(1+MAXTOENAME_TRHS)*B2020_TOE_TRHS/'T2'!$K$95),"") | L37: =IF(ISNUMBER($H37),(1-$K37)*$H37/SUM($H37:$J37),"") | M37: =IF(ISNUMBER($I37),(1-$K37)*$I37/SUM($H37:$J37),"") | N37: =IF(ISNUMBER($J37),(1-$K37)*$J37/SUM($H37:$J37),"")
A38: Netverliezen | C38: x | D38: x | E38: x | F38: x | K38: =IF(ISNUMBER($G38),$G38/SUM($G38:$J38),"") | L38: =IF(ISNUMBER($H38),$H38/SUM($G38:$J38),"") | M38: =IF(ISNUMBER($I38),$I38/SUM($G38:$J38),"") | N38: =IF(ISNUMBER($J38),$J38/SUM($G38:$J38),"")
A39: ReactieveEnergie | C39: x | D39: x | E39: x | J39: 0 | K39: =IF(ISNUMBER($G39),$G39/SUM($G39:$J39),"") | L39: =IF(ISNUMBER($H39),$H39/SUM($G39:$J39),"") | M39: =IF(ISNUMBER($I39),$I39/SUM($G39:$J39),"") | N39: =IF(ISNUMBER($J39),$J39/SUM($G39:$J39),"") -> #DIV/0!
A40: Databeheer | C40: x | D40: x | E40: x | F40: x | K40: =IF(ISNUMBER($G40),$G40/SUM($G40:$J40),"") | L40: =IF(ISNUMBER($H40),$H40/SUM($G40:$J40),"") | M40: =IF(ISNUMBER($I40),$I40/SUM($G40:$J40),"") | N40: =IF(ISNUMBER($J40),$J40/SUM($G40:$J40),"")
K41: =IF(ISNUMBER($G41),$G41/SUM($G41:$J41),"") | L41: =IF(ISNUMBER($H41),$H41/SUM($G41:$J41),"") | M41: =IF(ISNUMBER($I41),$I41/SUM($G41:$J41),"") | N41: =IF(ISNUMBER($J41),$J41/SUM($G41:$J41),"")
K42: =IF(ISNUMBER($G42),$G42/SUM($G42:$J42),"") | L42: =IF(ISNUMBER($H42),$H42/SUM($G42:$J42),"") | M42: =IF(ISNUMBER($I42),$I42/SUM($G42:$J42),"") | N42: =IF(ISNUMBER($J42),$J42/SUM($G42:$J42),"")
K43: =IF(ISNUMBER($G43),$G43/SUM($G43:$J43),"") | L43: =IF(ISNUMBER($H43),$H43/SUM($G43:$J43),"") | M43: =IF(ISNUMBER($I43),$I43/SUM($G43:$J43),"") | N43: =IF(ISNUMBER($J43),$J43/SUM($G43:$J43),"")
C47: Klantengroep | E47: Absolute waarde | G47: Relatief aandeel
A48: Verdeelsleutel | B48: Eenheid | C48: Afnameklanten op LS met piekmeting (x) | D48: Afnameklanten met KM/TT (x) | E48: Afnameklanten op LS met piekmeting (#) | F48: Afnameklanten met KM/TT (#) | G48: Afnameklanten op LS met piekmeting (%) | H48: Afnameklanten met KM/TT (%)
A49: kWgemMP | B49: kW | C49: x | D49: x | E49: =INDEX(Rekenvolumes[Afnameklanten op LS met piekmeting],11)+FACTOR_DOORVOER*INDEX(Rekenvolumes[Doorvoer op LS met piekmeting],11) -> 0 | F49: =INDEX(Rekenvolumes[Afnameklanten op LS met klassieke meter],11)+FACTOR_DOORVOER*INDEX(Rekenvolumes[Doorvoer op LS zonder piekmeting],11)+INDEX(Rekenvolumes[Prosumenten met terugdraaiende teller op LS],11) -> 0 | G49: =IF(ISNUMBER($E49),$E49/SUM($E49:$F49),"") -> #DIV/0! | H49: =IF(ISNUMBER($F49),$F49/SUM($E49:$F49),"") -> #DIV/0!
A50: kWh | B50: kWh | C50: x | D50: x | E50: ='REKENVOLUMES'!$O$28+FACTOR_DOORVOER*'REKENVOLUMES'!$P$28 -> 0 | F50: ='REKENVOLUMES'!$Q$28+FACTOR_DOORVOER*'REKENVOLUMES'!$R$28+'REKENVOLUMES'!$S$28 -> 0 | G50: =IF(ISNUMBER($E50),$E50/SUM($E50:$F50),"") -> #DIV/0! | H50: =IF(ISNUMBER($F50),$F50/SUM($E50:$F50),"") -> #DIV/0!
A51: Afschrijvingen | B51: EUR | C51: x | D51: x | E51: ='T2'!$Q$90 -> #DIV/0! | F51: ='T2'!$R$90 -> #DIV/0! | G51: =IF(ISNUMBER($E51),$E51/SUM($E51:$F51),"") | H51: =IF(ISNUMBER($F51),$F51/SUM($E51:$F51),"")
A52: Netgebruik | B52: EUR | C52: x | D52: x | E52: ='T2'!$Q$91 -> #DIV/0! | F52: ='T2'!$R$91 -> #DIV/0! | G52: =IF(ISNUMBER($E52),$E52/SUM($E52:$F52),"") | H52: =IF(ISNUMBER($F52),$F52/SUM($E52:$F52),"")
A53: Saldi | B53: EUR | C53: x | D53: x | E53: ='T2'!$Q$92 -> #VALUE! | F53: ='T2'!$R$92 -> #VALUE! | G53: =IF(ISNUMBER($E53),$E53/SUM($E53:$F53),"") | H53: =IF(ISNUMBER($F53),$F53/SUM($E53:$F53),"")
A54: Databeheer | C54: x | D54: x | G54: =IF(ISNUMBER($E54),$E54/SUM($E54:$F54),"") | H54: =IF(ISNUMBER($F54),$F54/SUM($E54:$F54),"")
G55: =IF(ISNUMBER($E55),$E55/SUM($E55:$F55),"") | H55: =IF(ISNUMBER($F55),$F55/SUM($E55:$F55),"")
G56: =IF(ISNUMBER($E56),$E56/SUM($E56:$F56),"") | H56: =IF(ISNUMBER($F56),$F56/SUM($E56:$F56),"")
G57: =IF(ISNUMBER($E57),$E57/SUM($E57:$F57),"") | H57: =IF(ISNUMBER($F57),$F57/SUM($E57:$F57),"")

Sheet REKENVOLUMES
A1: REKENVOLUMES
B4: Distributienetbeheerder: | D4: =DNB -> Naam distributienetbeheerder
A7: Rekenvolume | C7: Totaal rekenvolume | D7: Afnameklanten (∑) | E7: Afnameklanten op TRHS (∑) | F7: Afnameklanten op TRHS | G7: Afnameklanten op >26-36 kV met AV ≥ 5MVA | H7: Afnameklanten op MS (∑) | I7: Afnameklanten op >26-36 kV met AV < 5MVA | J7: Afnameklanten op 26-1kV | K7: Doorvoer op 26-1kV | L7: Afnameklanten op TRLS (∑) | M7: Afnameklanten op TRLS | N7: Afnameklanten op LS (∑) | O7: Afnameklanten op LS met piekmeting | P7: Doorvoer op LS met piekmeting | Q7: Afnameklanten op LS met klassieke meter | R7: Doorvoer op LS zonder piekmeting | S7: Prosumenten met terugdraaiende teller op LS | T7: Injectieklanten (∑) | U7: Injectieklanten op TRHS | V7: Injectieklanten op >26-36kV | W7: Injectieklanten op 26-1kV | X7: Injectieklanten op TRLS | Y7: Injectieklanten op LS
A8: EAN | B8: 1 | C8: =SUM(Rekenvolumes[[#This Row],[Afnameklanten (∑)]],Rekenvolumes[[#This Row],[Injectieklanten (∑)]]) -> 0 | D8: =SUM(Rekenvolumes[[#This Row],[Afnameklanten op TRHS (∑)]],Rekenvolumes[[#This Row],[Afnameklanten op MS (∑)]],Rekenvolumes[[#This Row],[Afnameklanten op TRLS (∑)]],Rekenvolumes[[#This Row],[Afnameklanten op LS (∑)]]) -> 0 | E8: =SUM(Rekenvolumes[[#This Row],[Afnameklanten op TRHS]:[Afnameklanten op >26-36 kV met AV ≥ 5MVA]]) -> 0 | H8: =SUM(Rekenvolumes[[#This Row],[Afnameklanten op >26-36 kV met AV < 5MVA]:[Doorvoer op 26-1kV]]) -> 0 | L8: =SUM(Rekenvolumes[[#This Row],[Afnameklanten op TRLS]]) -> 0 | N8: =SUM(Rekenvolumes[[#This Row],[Afnameklanten op LS met piekmeting]:[Prosumenten met terugdraaiende teller op LS]]) -> 0
A9: AMR | B9: 2 | C9: =SUM(Rekenvolumes[[#This Row],[Afnameklanten (∑)]],Rekenvolumes[[#This Row],[Injectieklanten (∑)]]) -> 0 | D9: =SUM(Rekenvolumes[[#This Row],[Afnameklanten op TRHS (∑)]],Rekenvolumes[[#This Row],[Afnameklanten op MS (∑)]],Rekenvolumes[[#This Row],[Afnameklanten op TRLS (∑)]],Rekenvolumes[[#This Row],[Afnameklanten op LS (∑)]]) -> 0 | E9: =SUM(Rekenvolumes[[#This Row],[Afnameklanten op TRHS]:[Afnameklanten op >26-36 kV met AV ≥ 5MVA]]) -> 0 | H9: =SUM(Rekenvolumes[[#This Row],[Afnameklanten op >26-36 kV met AV < 5MVA]:[Doorvoer op 26-1kV]]) -> 0 | L9: =SUM(Rekenvolumes[[#This Row],[Afnameklanten op TRLS]]) -> 0 | N9: =SUM(Rekenvolumes[[#This Row],[Afnameklanten op LS met piekmeting]:[Prosumenten met terugdraaiende teller op LS]]) -> 0
A10: MMR | B10: 3 | C10: =SUM(Rekenvolumes[[#This Row],[Afnameklanten (∑)]],Rekenvolumes[[#This Row],[Injectieklanten (∑)]]) -> 0 | D10: =SUM(Rekenvolumes[[#This Row],[Afnameklanten op TRHS (∑)]],Rekenvolumes[[#This Row],[Afnameklanten op MS (∑)]],Rekenvolumes[[#This Row],[Afnameklanten op TRLS (∑)]],Rekenvolumes[[#This Row],[Afnameklanten op LS (∑)]]) -> 0 | E10: =SUM(Rekenvolumes[[#This Row],[Afnameklanten op TRHS]:[Afnameklanten op >26-36 kV met AV ≥ 5MVA]]) -> 0 | H10: =SUM(Rekenvolumes[[#This Row],[Afnameklanten op >26-36 kV met AV < 5MVA]:[Doorvoer op 26-1kV]]) -> 0 | L10: =SUM(Rekenvolumes[[#This Row],[Afnameklanten op TRLS]]) -> 0 | N10: =SUM(Rekenvolumes[[#This Row],[Afnameklanten op LS met piekmeting]:[Prosumenten met terugdraaiende teller op LS]]) -> 0
A11: DM - MR1 | B11: 4 | C11: =SUM(Rekenvolumes[[#This Row],[Afnameklanten (∑)]],Rekenvolumes[[#This Row],[Injectieklanten (∑)]]) -> 0 | D11: =SUM(Rekenvolumes[[#This Row],[Afnameklanten op TRHS (∑)]],Rekenvolumes[[#This Row],[Afnameklanten op MS (∑)]],Rekenvolumes[[#This Row],[Afnameklanten op TRLS (∑)]],Rekenvolumes[[#This Row],[Afnameklanten op LS (∑)]]) -> 0 | N11: =SUM(Rekenvolumes[[#This Row],[Afnameklanten op LS met piekmeting]:[Prosumenten met terugdraaiende teller op LS]]) -> 0
A12: DM - MR3 | B12: 5 | C12: =SUM(Rekenvolumes[[#This Row],[Afnameklanten (∑)]],Rekenvolumes[[#This Row],[Injectieklanten (∑)]]) -> 0 | D12: =SUM(Rekenvolumes[[#This Row],[Afnameklanten op TRHS (∑)]],Rekenvolumes[[#This Row],[Afnameklanten op MS (∑)]],Rekenvolumes[[#This Row],[Afnameklanten op TRLS (∑)]],Rekenvolumes[[#This Row],[Afnameklanten op LS (∑)]]) -> 0 | N12: =SUM(Rekenvolumes[[#This Row],[Afnameklanten op LS met piekmeting]:[Prosumenten met terugdraaiende teller op LS]]) -> 0
A13: KM | B13: 6 | C13: =SUM(Rekenvolumes[[#This Row],[Afnameklanten (∑)]],Rekenvolumes[[#This Row],[Injectieklanten (∑)]]) -> 0 | D13: =SUM(Rekenvolumes[[#This Row],[Afnameklanten op TRHS (∑)]],Rekenvolumes[[#This Row],[Afnameklanten op MS (∑)]],Rekenvolumes[[#This Row],[Afnameklanten op TRLS (∑)]],Rekenvolumes[[#This Row],[Afnameklanten op LS (∑)]]) -> 0 | N13: =SUM(Rekenvolumes[[#This Row],[Afnameklanten op LS met piekmeting]:[Prosumenten met terugdraaiende teller op LS]]) -> 0
A14: Productiemeters | B14: 7 | C14: =SUM(Rekenvolumes[[#This Row],[Afnameklanten (∑)]],Rekenvolumes[[#This Row],[Injectieklanten (∑)]]) -> 0 | D14: =SUM(Rekenvolumes[[#This Row],[Afnameklanten op TRHS (∑)]],Rekenvolumes[[#This Row],[Afnameklanten op MS (∑)]],Rekenvolumes[[#This Row],[Afnameklanten op TRLS (∑)]],Rekenvolumes[[#This Row],[Afnameklanten op LS (∑)]]) -> 0 | T14: =SUM(Rekenvolumes[[#This Row],[Injectieklanten op TRHS]:[Injectieklanten op LS]]) -> 0
A15: kVATV | B15: 8 | C15: =SUM(Rekenvolumes[[#This Row],[Afnameklanten (∑)]],Rekenvolumes[[#This Row],[Injectieklanten (∑)]]) -> 0 | D15: =SUM(Rekenvolumes[[#This Row],[Afnameklanten op TRHS (∑)]],Rekenvolumes[[#This Row],[Afnameklanten op MS (∑)]],Rekenvolumes[[#This Row],[Afnameklanten op TRLS (∑)]],Rekenvolumes[[#This Row],[Afnameklanten op LS (∑)]]) -> 0 | E15: =SUM(Rekenvolumes[[#This Row],[Afnameklanten op TRHS]:[Afnameklanten op >26-36 kV met AV ≥ 5MVA]]) -> 0 | H15: =SUM(Rekenvolumes[[#This Row],[Afnameklanten op >26-36 kV met AV < 5MVA]:[Doorvoer op 26-1kV]]) -> 0 | L15: =SUM(Rekenvolumes[[#This Row],[Afnameklanten op TRLS]]) -> 0
A16: kWMP | B16: 9 | C16: =SUM(Rekenvolumes[[#This Row],[Afnameklanten (∑)]],Rekenvolumes[[#This Row],[Injectieklanten (∑)]]) -> 0 | D16: =SUM(Rekenvolumes[[#This Row],[Afnameklanten op TRHS (∑)]],Rekenvolumes[[#This Row],[Afnameklanten op MS (∑)]],Rekenvolumes[[#This Row],[Afnameklanten op TRLS (∑)]],Rekenvolumes[[#This Row],[Afnameklanten op LS (∑)]]) -> 0 | E16: =SUM(Rekenvolumes[[#This Row],[Afnameklanten op TRHS]:[Afnameklanten op >26-36 kV met AV ≥ 5MVA]]) -> 0 | H16: =SUM(Rekenvolumes[[#This Row],[Afnameklanten op >26-36 kV met AV < 5MVA]:[Doorvoer op 26-1kV]]) -> 0 | L16: =SUM(Rekenvolumes[[#This Row],[Afnameklanten op TRLS]]) -> 0
A17: kWMP-TV | B17: 10 | C17: =SUM(Rekenvolumes[[#This Row],[Afnameklanten (∑)]],Rekenvolumes[[#This Row],[Injectieklanten (∑)]]) -> 0 | D17: =SUM(Rekenvolumes[[#This Row],[Afnameklanten op TRHS (∑)]],Rekenvolumes[[#This Row],[Afnameklanten op MS (∑)]],Rekenvolumes[[#This Row],[Afnameklanten op TRLS (∑)]],Rekenvolumes[[#This Row],[Afnameklanten op LS (∑)]]) -> 0 | E17: =SUM(Rekenvolumes[[#This Row],[Afnameklanten op TRHS]:[Afnameklanten op >26-36 kV met AV ≥ 5MVA]]) -> 0 | H17: =SUM(Rekenvolumes[[#This Row],[Afnameklanten op >26-36 kV met AV < 5MVA]:[Doorvoer op 26-1kV]]) -> 0 | L17: =SUM(Rekenvolumes[[#This Row],[Afnameklanten op TRLS]]) -> 0
A18: kWgemMP | B18: 11 | C18: =SUM(Rekenvolumes[[#This Row],[Afnameklanten (∑)]],Rekenvolumes[[#This Row],[Injectieklanten (∑)]]) -> 0 | D18: =SUM(Rekenvolumes[[#This Row],[Afnameklanten op TRHS (∑)]],Rekenvolumes[[#This Row],[Afnameklanten op MS (∑)]],Rekenvolumes[[#This Row],[Afnameklanten op TRLS (∑)]],Rekenvolumes[[#This Row],[Afnameklanten op LS (∑)]]) -> 0 | N18: =SUM(Rekenvolumes[[#This Row],[Afnameklanten op LS met piekmeting]:[Prosumenten met terugdraaiende teller op LS]]) -> 0
A19: kWhafn - NU | B19: 12 | C19: =SUM(Rekenvolumes[[#This Row],[Afnameklanten (∑)]],Rekenvolumes[[#This Row],[Injectieklanten (∑)]]) -> 0 | D19: =SUM(Rekenvolumes[[#This Row],[Afnameklanten op TRHS (∑)]],Rekenvolumes[[#This Row],[Afnameklanten op MS (∑)]],Rekenvolumes[[#This Row],[Afnameklanten op TRLS (∑)]],Rekenvolumes[[#This Row],[Afnameklanten op LS (∑)]]) -> 0 | E19: =SUM(Rekenvolumes[[#This Row],[Afnameklanten op TRHS]:[Afnameklanten op >26-36 kV met AV ≥ 5MVA]]) -> 0 | H19: =SUM(Rekenvolumes[[#This Row],[Afnameklanten op >26-36 kV met AV < 5MVA]:[Doorvoer op 26-1kV]]) -> 0 | L19: =SUM(Rekenvolumes[[#This Row],[Afnameklanten op TRLS]]) -> 0 | N19: =SUM(Rekenvolumes[[#This Row],[Afnameklanten op LS met piekmeting]:[Prosumenten met terugdraaiende teller op LS]]) -> 0 | S19: =$S$25/DIM_OMV*VOLLASTUREN*(1-ZELFCONSUMPTIE) -> 0
A20: kWhafn - SU | B20: 13 | C20: =SUM(Rekenvolumes[[#This Row],[Afnameklanten (∑)]],Rekenvolumes[[#This Row],[Injectieklanten (∑)]]) -> 0 | D20: =SUM(Rekenvolumes[[#This Row],[Afnameklanten op TRHS (∑)]],Rekenvolumes[[#This Row],[Afnameklanten op MS (∑)]],Rekenvolumes[[#This Row],[Afnameklanten op TRLS (∑)]],Rekenvolumes[[#This Row],[Afnameklanten op LS (∑)]]) -> 0 | E20: =SUM(Rekenvolumes[[#This Row],[Afnameklanten op TRHS]:[Afnameklanten op >26-36 kV met AV ≥ 5MVA]]) -> 0 | H20: =SUM(Rekenvolumes[[#This Row],[Afnameklanten op >26-36 kV met AV < 5MVA]:[Doorvoer op 26-1kV]]) -> 0 | L20: =SUM(Rekenvolumes[[#This Row],[Afnameklanten op TRLS]]) -> 0 | N20: =SUM(Rekenvolumes[[#This Row],[Afnameklanten op LS met piekmeting]:[Prosumenten met terugdraaiende teller op LS]]) -> 0
A21: kWhafn - XN | B21: 14 | C21: =SUM(Rekenvolumes[[#This Row],[Afnameklanten (∑)]],Rekenvolumes[[#This Row],[Injectieklanten (∑)]]) -> 0 | D21: =SUM(Rekenvolumes[[#This Row],[Afnameklanten op TRHS (∑)]],Rekenvolumes[[#This Row],[Afnameklanten op MS (∑)]],Rekenvolumes[[#This Row],[Afnameklanten op TRLS (∑)]],Rekenvolumes[[#This Row],[Afnameklanten op LS (∑)]]) -> 0 | H21: =SUM(Rekenvolumes[[#This Row],[Afnameklanten op >26-36 kV met AV < 5MVA]:[Doorvoer op 26-1kV]]) -> 0 | L21: =SUM(Rekenvolumes[[#This Row],[Afnameklanten op TRLS]]) -> 0 | N21: =SUM(Rekenvolumes[[#This Row],[Afnameklanten op LS met piekmeting]:[Prosumenten met terugdraaiende teller op LS]]) -> 0
A22: kWhinj | B22: 15 | C22: =SUM(Rekenvolumes[[#This Row],[Afnameklanten (∑)]],Rekenvolumes[[#This Row],[Injectieklanten (∑)]]) -> 0 | D22: =SUM(Rekenvolumes[[#This Row],[Afnameklanten op TRHS (∑)]],Rekenvolumes[[#This Row],[Afnameklanten op MS (∑)]],Rekenvolumes[[#This Row],[Afnameklanten op TRLS (∑)]],Rekenvolumes[[#This Row],[Afnameklanten op LS (∑)]]) -> 0 | T22: =SUM(Rekenvolumes[[#This Row],[Injectieklanten op TRHS]:[Injectieklanten op LS]]) -> 0
A23: kVArhind | B23: 16 | C23: =SUM(Rekenvolumes[[#This Row],[Afnameklanten (∑)]],Rekenvolumes[[#This Row],[Injectieklanten (∑)]]) -> 0 | D23: =SUM(Rekenvolumes[[#This Row],[Afnameklanten op TRHS (∑)]],Rekenvolumes[[#This Row],[Afnameklanten op MS (∑)]],Rekenvolumes[[#This Row],[Afnameklanten op TRLS (∑)]],Rekenvolumes[[#This Row],[Afnameklanten op LS (∑)]]) -> 0 | E23: =SUM(Rekenvolumes[[#This Row],[Afnameklanten op TRHS]:[Afnameklanten op >26-36 kV met AV ≥ 5MVA]]) -> 0 | H23: =SUM(Rekenvolumes[[#This Row],[Afnameklanten op >26-36 kV met AV < 5MVA]:[Doorvoer op 26-1kV]]) -> 0 | L23: =SUM(Rekenvolumes[[#This Row],[Afnameklanten op TRLS]]) -> 0
A24: kVArhcap | B24: 17 | C24: =SUM(Rekenvolumes[[#This Row],[Afnameklanten (∑)]],Rekenvolumes[[#This Row],[Injectieklanten (∑)]]) -> 0 | D24: =SUM(Rekenvolumes[[#This Row],[Afnameklanten op TRHS (∑)]],Rekenvolumes[[#This Row],[Afnameklanten op MS (∑)]],Rekenvolumes[[#This Row],[Afnameklanten op TRLS (∑)]],Rekenvolumes[[#This Row],[Afnameklanten op LS (∑)]]) -> 0 | E24: =SUM(Rekenvolumes[[#This Row],[Afnameklanten op TRHS]:[Afnameklanten op >26-36 kV met AV ≥ 5MVA]]) -> 0 | H24: =SUM(Rekenvolumes[[#This Row],[Afnameklanten op >26-36 kV met AV < 5MVA]:[Doorvoer op 26-1kV]]) -> 0 | L24: =SUM(Rekenvolumes[[#This Row],[Afnameklanten op TRLS]]) -> 0
A25: kWomv | B25: 18 | C25: =SUM(Rekenvolumes[[#This Row],[Afnameklanten (∑)]],Rekenvolumes[[#This Row],[Injectieklanten (∑)]]) -> 0 | D25: =SUM(Rekenvolumes[[#This Row],[Afnameklanten op TRHS (∑)]],Rekenvolumes[[#This Row],[Afnameklanten op MS (∑)]],Rekenvolumes[[#This Row],[Afnameklanten op TRLS (∑)]],Rekenvolumes[[#This Row],[Afnameklanten op LS (∑)]]) -> 0 | N25: =SUM(Rekenvolumes[[#This Row],[Afnameklanten op LS met piekmeting]:[Prosumenten met terugdraaiende teller op LS]]) -> 0
A27: 2 x kVATV + 1,5 kWMP-TV | C27: =SUM($D27,$T27) -> 0 | D27: =SUM($E27,$H27,$L27,$N27) -> 0 | E27: =SUM($F27:$G27) -> 0 | F27: =(1+FACTOR_MP_TV)*F$15+FACTOR_OST*F$17 -> 0 | G27: =(1+FACTOR_MP_TV)*G$15+FACTOR_OST*G$17 -> 0 | H27: =SUM($I27:$K27) -> 0 | I27: =(1+FACTOR_MP_TV)*I$15+FACTOR_OST*I$17 -> 0 | J27: =(1+FACTOR_MP_TV)*J$15+FACTOR_OST*J$17 -> 0 | K27: =(1+FACTOR_MP_TV)*K$15+FACTOR_OST*K$17 -> 0 | L27: =SUM($M27:$M27) -> 0 | M27: =(1+FACTOR_MP_TV)*M$15+FACTOR_OST*M$17 -> 0 | AB27: Hulplijnen
A28: kWhafn | C28: =SUM($D28,$T28) -> 0 | D28: =SUM($E28,$H28,$L28,$N28) -> 0 | E28: =SUM($F28:$G28) -> 0 | F28: =SUM(F$19:F$21) -> 0 | G28: =SUM(G$19:G$21) -> 0 | H28: =SUM($I28:$K28) -> 0 | I28: =SUM(I$19:I$21) -> 0 | J28: =SUM(J$19:J$21) -> 0 | K28: =SUM(K$19:K$21) -> 0 | L28: =SUM($M28:$M28) -> 0 | M28: =SUM(M$19:M$21) -> 0 | N28: =SUM($O28:$S28) -> 0 | O28: =SUM(O$19:O$21) -> 0 | P28: =SUM(P$19:P$21) -> 0 | Q28: =SUM(Q$19:Q$21) -> 0 | R28: =SUM(R$19:R$21) -> 0 | S28: =SUM(S$19:S$21) -> 0
A29: 75% EAN + 25% kWh | C29: =SUM($D29,$T29) -> 0 | D29: =SUM($E29,$H29,$L29,$N29) -> 0 | E29: =SUM($F29:$G29) -> 0 | F29: =0.75*F$8+0.25*SUM(F$19:F$21) -> 0 | G29: =0.75*G$8+0.25*SUM(G$19:G$21) -> 0 | H29: =SUM($I29:$K29) -> 0 | I29: =0.75*I$8+0.25*SUM(I$19:I$21) -> 0 | J29: =0.75*J$8+0.25*SUM(J$19:J$21) -> 0 | K29: =0.75*K$8+0.25*SUM(K$19:K$21) -> 0 | L29: =SUM($M29:$M29) -> 0 | M29: =0.75*M$8+0.25*SUM(M$19:M$21) -> 0 | N29: =SUM($O29:$S29) -> 0 | O29: =0.75*O$8+0.25*SUM(O$19:O$21) -> 0 | P29: =0.75*P$8+0.25*SUM(P$19:P$21) -> 0 | Q29: =0.75*Q$8+0.25*SUM(Q$19:Q$21) -> 0 | R29: =0.75*R$8+0.25*SUM(R$19:R$21) -> 0 | S29: =0.75*S$8+0.25*SUM(S$19:S$21) -> 0

Sheet MAXIMUM
A1: Maximumtarieven
B4: Distributienetbeheerder: | E4: =DNB -> Naam distributienetbeheerder
A7: Klantengroep | B7: Vóór toepassing van het maximumtarief | D7: Na toepassing van het maximumtarief | F7: Na budgetverhoging | J7: Werkblad
B8: Totaal budget | C8: Budget Netgebruik | D8: Niet-geïnd budget (%) | E8: Niet-geïnd budget (€) | F8: Tariefverhoging (%) | G8: Budgetverhoging (€) | H8: Budget netgebruik | I8: ∆ Budget Netgebruik
A9: Afnameklanten op TRHS | B9: =Tabel3A[[#Totals],[Afnameklanten op TRHS (∑)]] -> #VALUE! | C9: =INDEX(Tabel3A[Afnameklanten op TRHS (∑)],1) -> #VALUE! | D9: ='Max Afname TRHS'!$Y$41/SUM('Max Afname TRHS'!$N$41:$O$41) -> #VALUE! | E9: =$D9*$C9 -> #VALUE! | F9: =PROCENT_VERHOGING_NA_MAX-1 -> 0 | G9: =$F9*$C9 -> #VALUE! | H9: =SUM($C9,-$E9,$G9) -> #VALUE! | I9: =$H9/$C9 -> #VALUE! | J9: Max Afname TRHS
A10: Afnameklanten op >26-36 kV met AV ≥ 5MVA
A11: Afnameklanten op >26-36 kV met AV < 5MVA | B11: =Tabel3A[[#Totals],[Afnameklanten op MS (∑)]] -> #VALUE! | C11: =INDEX(Tabel3A[Afnameklanten op MS (∑)],1) -> #VALUE! | D11: ='Max Afname MS'!$Y$42/('Max Afname MS'!$N$42+'Max Afname MS'!$O$42) -> #VALUE! | E11: =$D11*$C11 -> #VALUE! | F11: =PROCENT_VERHOGING_NA_MAX-1 -> 0 | G11: =$F11*$C11 -> #VALUE! | H11: =SUM($C11,-$E11,$G11) -> #VALUE! | I11: =$H11/$C11 -> #VALUE! | J11: Max Afname MS
A12: Afnameklanten op 26-1kV
A13: Doorvoer op 26-1kV
A14: Afnameklanten op TRLS | B14: =Tabel3A[[#Totals],[Afnameklanten op TRLS (∑)]] -> #VALUE! | C14: =INDEX(Tabel3A[Afnameklanten op TRLS (∑)],1) -> #VALUE! | D14: ='Max Afname TRLS'!$Y$40/('Max Afname TRLS'!$N$40+'Max Afname TRLS'!$O$40) -> #VALUE! | E14: =$D14*$C14 -> #VALUE! | F14: =PROCENT_VERHOGING_NA_MAX-1 -> 0 | G14: =$F14*$C14 -> #VALUE! | H14: =SUM($C14,-$E14,$G14) -> #VALUE! | I14: =$H14/$C14 -> #VALUE! | J14: Max Afname TRLS
A15: Afnameklanten op LS met piekmeting | B15: =Tabel3A[[#Totals],[Afnameklanten op LS met piekmeting (∑)]] -> #DIV/0! | C15: =INDEX(Tabel3A[Afnameklanten op LS met piekmeting (∑)],1) -> #DIV/0! | D15: ='Max Afname LS'!$S$40/('Max Afname LS'!$K$40+'Max Afname LS'!$L$40) -> #DIV/0! | E15: =$D15*$C15 -> #DIV/0! | F15: =PROCENT_VERHOGING_NA_MAX-1 -> 0 | G15: =$F15*$C15 -> #DIV/0! | H15: =SUM($C15,-$E15,$G15) -> #DIV/0! | I15: =$H15/$C15 -> #DIV/0! | J15: Max Afname LS
A16: Doorvoer op LS met piekmeting | E16: =$D16*$C16 -> 0
A17: Afnameklanten op LS met klassieke meter | B17: =Tabel3A[[#Totals],[Afnameklanten met klassieke/terugdraaiende meter (∑)]] -> #DIV/0! | C17: =INDEX(Tabel3A[Afnameklanten met klassieke/terugdraaiende meter (∑)],1) -> #DIV/0! | F17: =PROCENT_VERHOGING_NA_MAX-1 -> 0 | G17: =$F17*$C17 -> #DIV/0! | H17: =SUM($C17,-$E17,$G17) -> #DIV/0! | I17: =$H17/$C17 -> #DIV/0!
A18: Doorvoer op LS zonder piekmeting
A19: Prosumenten met terugdraaiende teller op LS
A20: Totaal afnameklanten | B20: =SUM(B$9:B$19) -> #VALUE! | C20: =SUM(C$9:C$19) -> #VALUE! | E20: =SUM(E$9:E$19) -> #VALUE! | F20: =PROCENT_VERHOGING_NA_MAX-1 -> 0 | G20: =SUM(G$9:G$19) -> #VALUE! | H20: =SUM(H$9:H$19) -> #VALUE! | I20: =$H20/$C20 -> #VALUE!
A21: Injectieklanten op TRHS | B21: =Tabel3A[[#Totals],[Injectieklanten (∑)]] -> #VALUE! | C21: =INDEX(Tabel3A[Injectieklanten (∑)],1) -> #VALUE! | D21: ='Max Injectie'!$J$38/'Max Injectie'!$F$38 -> #VALUE! | E21: =$D21*$C21 -> #VALUE! | H21: =SUM($C21,-$E21) -> #VALUE! | I21: =$H21/$C21 -> #VALUE! | J21: Max Injectie
A22: Injectieklanten op >26-36kV
A23: Injectieklanten op 26-1kV
A24: Injectieklanten op TRLS
A25: Injectieklanten op LS
A26: Totaal injectieklanten | B26: =SUM(B$21:B$25) -> #VALUE! | C26: =SUM(C$21:C$25) -> #VALUE! | E26: =SUM(E$21:E$25) -> #VALUE! | H26: =SUM(H$21:H$25) -> #VALUE! | I26: =$H26/$C26 -> #VALUE!
A27: Totaal afname- en injectieklanten | B27: =SUM(B$20,B$26) -> #VALUE! | C27: =SUM(C$20,C$26) -> #VALUE! | E27: =SUM(E$20,E$26) -> #VALUE! | G27: =SUM(G$20,G$26) -> #VALUE! | H27: =SUM(H$20,H$26) -> #VALUE! | I27: =$H27/$C27 -> #VALUE!
F32: DOELZOEKEN
F34: Te wijzigen waarde: | G34: 1
F36: Doelzoeken op: | G36: =$I$27 -> #VALUE! | H36: = 100%

Sheet Max Afname TRHS
A1: Toepassing van maximumtarieven - Afname TRHS
B4: Distributienetbeheerder: | D4: =DNB -> Naam distributienetbeheerder
L7: Tarieven | M7: kVATV | N7: =INDEX(Tabel3B[Afnameklanten op TRHS (∑)],1) -> #VALUE! | P7: =$N$7*$P$16 -> #VALUE!
M8: kWMP | N8: =INDEX(Tabel3B[Afnameklanten op TRHS (∑)],2) -> #VALUE! | P8: =$N$8*$P$16 -> #VALUE!
M9: kWMP-TV | O9: =INDEX(Tabel3B[Afnameklanten op TRHS (∑)],3) -> #VALUE! | Q9: =$O$9*$P$16 -> #VALUE!
M10: kWhafn | R10: =INDEX(Tabel3B[Afnameklanten op TRHS (∑)],15) -> #VALUE! | S10: =INDEX(Tabel3B[Afnameklanten op TRHS (∑)],17) -> #VALUE! | T10: =INDEX(Tabel3B[Afnameklanten op TRHS (∑)],18) -> #DIV/0!
M11: kWhafn XN | R11: =INDEX(Tabel3B[Afnameklanten op TRHS (∑)],16) -> 0
M12: AMR | U12: =INDEX(Tabel3B[Afnameklanten op TRHS (∑)],9) -> #DIV/0!
M13: MMR | U13: =INDEX(Tabel3B[Afnameklanten op TRHS (∑)],10) -> #DIV/0!
M14: kVArh | V14: =INDEX(Tabel3B[Afnameklanten op TRHS (∑)],8) -> #VALUE!
M15: Maximum
M16: Tariefverhoging | P16: =PROCENT_VERHOGING_NA_MAX -> 1
N18: Vóór toepassing van het maximumtarief | P18: Na tariefverhoging | R18: Openbare dienstverplichtingen | S18: Toeslagen | T18: Overige transmissie | U18: Databeheer | V18: Reactieve energie | X18: Na toepassing van het maximumtarief
A19: EAN-code | B19: Klantengroep | C19: Noodvoeding? | D19: Metertype | E19: kVATV | F19: kWMP | G19: kWMP-TV | H19: kWhafn NU | I19: kWhafn SU | J19: kWhafn XN | K19: kVArhind | L19: kVArhcap | N19: Netgebruik (excl. OST) | O19: Netgebruik (OST) | P19: Netgebruik (excl. OST) | Q19: Netgebruik (OST) | X19: Maximum | Y19: Niet-geïnd
N20: =$N$7*$E20+$N$8*$F20 -> #VALUE! | O20: =$O$9*$G20 -> #VALUE! | P20: =$P$7*$E20+$P$8*$F20 -> #VALUE! | Q20: =$Q$9*$G20 -> #VALUE! | R20: =$R$10*($H20+$I20)+$R$11*$J20 -> #VALUE! | S20: =$S$10*($H20+$I20+$J20) -> #VALUE! | T20: =$T$10*($H20+$I20+$J20) -> #DIV/0! | U20: =INDEX($U$12:$U$13,MATCH($D20,$M$12:$M$13,0))/12 -> #N/A | V20: =$V$14*($K20+$L20) -> #VALUE! | X20: =$N$15*($H20+$I20+$J20) -> 0 | Y20: =IF($C20="x",0,MAX(SUM($P20,$R20:$T20)-$X20,0)) -> #VALUE!
N21: =$N$7*$E21+$N$8*$F21 -> #VALUE! | O21: =$O$9*$G21 -> #VALUE! | P21: =$P$7*$E21+$P$8*$F21 -> #VALUE! | Q21: =$Q$9*$G21 -> #VALUE! | R21: =$R$10*($H21+$I21)+$R$11*$J21 -> #VALUE! | S21: =$S$10*($H21+$I21+$J21) -> #VALUE! | T21: =$T$10*($H21+$I21+$J21) -> #DIV/0! | U21: =INDEX($U$12:$U$13,MATCH($D21,$M$12:$M$13,0))/12 -> #N/A | V21: =$V$14*($K21+$L21) -> #VALUE! | X21: =$N$15*($H21+$I21+$J21) -> 0 | Y21: =IF($C21="x",0,MAX(SUM($P21,$R21:$T21)-$X21,0)) -> #VALUE!
N22: =$N$7*$E22+$N$8*$F22 -> #VALUE! | O22: =$O$9*$G22 -> #VALUE! | P22: =$P$7*$E22+$P$8*$F22 -> #VALUE! | Q22: =$Q$9*$G22 -> #VALUE! | R22: =$R$10*($H22+$I22)+$R$11*$J22 -> #VALUE! | S22: =$S$10*($H22+$I22+$J22) -> #VALUE! | T22: =$T$10*($H22+$I22+$J22) -> #DIV/0! | U22: =INDEX($U$12:$U$13,MATCH($D22,$M$12:$M$13,0))/12 -> #N/A | V22: =$V$14*($K22+$L22) -> #VALUE! | X22: =$N$15*($H22+$I22+$J22) -> 0 | Y22: =IF($C22="x",0,MAX(SUM($P22,$R22:$T22)-$X22,0)) -> #VALUE!
N23: =$N$7*$E23+$N$8*$F23 -> #VALUE! | O23: =$O$9*$G23 -> #VALUE! | P23: =$P$7*$E23+$P$8*$F23 -> #VALUE! | Q23: =$Q$9*$G23 -> #VALUE! | R23: =$R$10*($H23+$I23)+$R$11*$J23 -> #VALUE! | S23: =$S$10*($H23+$I23+$J23) -> #VALUE! | T23: =$T$10*($H23+$I23+$J23) -> #DIV/0! | U23: =INDEX($U$12:$U$13,MATCH($D23,$M$12:$M$13,0))/12 -> #N/A | V23: =$V$14*($K23+$L23) -> #VALUE! | X23: =$N$15*($H23+$I23+$J23) -> 0 | Y23: =IF($C23="x",0,MAX(SUM($P23,$R23:$T23)-$X23,0)) -> #VALUE!
N24: =$N$7*$E24+$N$8*$F24 -> #VALUE! | O24: =$O$9*$G24 -> #VALUE! | P24: =$P$7*$E24+$P$8*$F24 -> #VALUE! | Q24: =$Q$9*$G24 -> #VALUE! | R24: =$R$10*($H24+$I24)+$R$11*$J24 -> #VALUE! | S24: =$S$10*($H24+$I24+$J24) -> #VALUE! | T24: =$T$10*($H24+$I24+$J24) -> #DIV/0! | U24: =INDEX($U$12:$U$13,MATCH($D24,$M$12:$M$13,0))/12 -> #N/A | V24: =$V$14*($K24+$L24) -> #VALUE! | X24: =$N$15*($H24+$I24+$J24) -> 0 | Y24: =IF($C24="x",0,MAX(SUM($P24,$R24:$T24)-$X24,0)) -> #VALUE!
N25: =$N$7*$E25+$N$8*$F25 -> #VALUE! | O25: =$O$9*$G25 -> #VALUE! | P25: =$P$7*$E25+$P$8*$F25 -> #VALUE! | Q25: =$Q$9*$G25 -> #VALUE! | R25: =$R$10*($H25+$I25)+$R$11*$J25 -> #VALUE! | S25: =$S$10*($H25+$I25+$J25) -> #VALUE! | T25: =$T$10*($H25+$I25+$J25) -> #DIV/0! | U25: =INDEX($U$12:$U$13,MATCH($D25,$M$12:$M$13,0))/12 -> #N/A | V25: =$V$14*($K25+$L25) -> #VALUE! | X25: =$N$15*($H25+$I25+$J25) -> 0 | Y25: =IF($C25="x",0,MAX(SUM($P25,$R25:$T25)-$X25,0)) -> #VALUE!
N26: =$N$7*$E26+$N$8*$F26 -> #VALUE! | O26: =$O$9*$G26 -> #VALUE! | P26: =$P$7*$E26+$P$8*$F26 -> #VALUE! | Q26: =$Q$9*$G26 -> #VALUE! | R26: =$R$10*($H26+$I26)+$R$11*$J26 -> #VALUE! | S26: =$S$10*($H26+$I26+$J26) -> #VALUE! | T26: =$T$10*($H26+$I26+$J26) -> #DIV/0! | U26: =INDEX($U$12:$U$13,MATCH($D26,$M$12:$M$13,0))/12 -> #N/A | V26: =$V$14*($K26+$L26) -> #VALUE! | X26: =$N$15*($H26+$I26+$J26) -> 0 | Y26: =IF($C26="x",0,MAX(SUM($P26,$R26:$T26)-$X26,0)) -> #VALUE!
N27: =$N$7*$E27+$N$8*$F27 -> #VALUE! | O27: =$O$9*$G27 -> #VALUE! | P27: =$P$7*$E27+$P$8*$F27 -> #VALUE! | Q27: =$Q$9*$G27 -> #VALUE! | R27: =$R$10*($H27+$I27)+$R$11*$J27 -> #VALUE! | S27: =$S$10*($H27+$I27+$J27) -> #VALUE! | T27: =$T$10*($H27+$I27+$J27) -> #DIV/0! | U27: =INDEX($U$12:$U$13,MATCH($D27,$M$12:$M$13,0))/12 -> #N/A | V27: =$V$14*($K27+$L27) -> #VALUE! | X27: =$N$15*($H27+$I27+$J27) -> 0 | Y27: =IF($C27="x",0,MAX(SUM($P27,$R27:$T27)-$X27,0)) -> #VALUE!
N28: =$N$7*$E28+$N$8*$F28 -> #VALUE! | O28: =$O$9*$G28 -> #VALUE! | P28: =$P$7*$E28+$P$8*$F28 -> #VALUE! | Q28: =$Q$9*$G28 -> #VALUE! | R28: =$R$10*($H28+$I28)+$R$11*$J28 -> #VALUE! | S28: =$S$10*($H28+$I28+$J28) -> #VALUE! | T28: =$T$10*($H28+$I28+$J28) -> #DIV/0! | U28: =INDEX($U$12:$U$13,MATCH($D28,$M$12:$M$13,0))/12 -> #N/A | V28: =$V$14*($K28+$L28) -> #VALUE! | X28: =$N$15*($H28+$I28+$J28) -> 0 | Y28: =IF($C28="x",0,MAX(SUM($P28,$R28:$T28)-$X28,0)) -> #VALUE!
N29: =$N$7*$E29+$N$8*$F29 -> #VALUE! | O29: =$O$9*$G29 -> #VALUE! | P29: =$P$7*$E29+$P$8*$F29 -> #VALUE! | Q29: =$Q$9*$G29 -> #VALUE! | R29: =$R$10*($H29+$I29)+$R$11*$J29 -> #VALUE! | S29: =$S$10*($H29+$I29+$J29) -> #VALUE! | T29: =$T$10*($H29+$I29+$J29) -> #DIV/0! | U29: =INDEX($U$12:$U$13,MATCH($D29,$M$12:$M$13,0))/12 -> #N/A | V29: =$V$14*($K29+$L29) -> #VALUE! | X29: =$N$15*($H29+$I29+$J29) -> 0 | Y29: =IF($C29="x",0,MAX(SUM($P29,$R29:$T29)-$X29,0)) -> #VALUE!
N30: =$N$7*$E30+$N$8*$F30 -> #VALUE! | O30: =$O$9*$G30 -> #VALUE! | P30: =$P$7*$E30+$P$8*$F30 -> #VALUE! | Q30: =$Q$9*$G30 -> #VALUE! | R30: =$R$10*($H30+$I30)+$R$11*$J30 -> #VALUE! | S30: =$S$10*($H30+$I30+$J30) -> #VALUE! | T30: =$T$10*($H30+$I30+$J30) -> #DIV/0! | U30: =INDEX($U$12:$U$13,MATCH($D30,$M$12:$M$13,0))/12 -> #N/A | V30: =$V$14*($K30+$L30) -> #VALUE! | X30: =$N$15*($H30+$I30+$J30) -> 0 | Y30: =IF($C30="x",0,MAX(SUM($P30,$R30:$T30)-$X30,0)) -> #VALUE!
N31: =$N$7*$E31+$N$8*$F31 -> #VALUE! | O31: =$O$9*$G31 -> #VALUE! | P31: =$P$7*$E31+$P$8*$F31 -> #VALUE! | Q31: =$Q$9*$G31 -> #VALUE! | R31: =$R$10*($H31+$I31)+$R$11*$J31 -> #VALUE! | S31: =$S$10*($H31+$I31+$J31) -> #VALUE! | T31: =$T$10*($H31+$I31+$J31) -> #DIV/0! | U31: =INDEX($U$12:$U$13,MATCH($D31,$M$12:$M$13,0))/12 -> #N/A | V31: =$V$14*($K31+$L31) -> #VALUE! | X31: =$N$15*($H31+$I31+$J31) -> 0 | Y31: =IF($C31="x",0,MAX(SUM($P31,$R31:$T31)-$X31,0)) -> #VALUE!
... N38: =$N$7*$E38+$N$8*$F38 -> #VALUE! | O38: =$O$9*$G38 -> #VALUE! | P38: =$P$7*$E38+$P$8*$F38 -> #VALUE! | Q38: =$Q$9*$G38 -> #VALUE! | R38: =$R$10*($H38+$I38)+$R$11*$J38 -> #VALUE! | S38: =$S$10*($H38+$I38+$J38) -> #VALUE! | T38: =$T$10*($H38+$I38+$J38) -> #DIV/0! | U38: =INDEX($U$12:$U$13,MATCH($D38,$M$12:$M$13,0))/12 -> #N/A | V38: =$V$14*($K38+$L38) -> #VALUE! | X38: =$N$15*($H38+$I38+$J38) -> 0 | Y38: =IF($C38="x",0,MAX(SUM($P38,$R38:$T38)-$X38,0)) -> #VALUE!
B39: Afnameklanten op TRHS | D39: =COUNTIFS($B$20:$B$38,$B39) -> 0 | E39: =SUMIFS(E$20:E$38,$B$20:$B$38,$B39) -> 0 | F39: =SUMIFS(F$20:F$38,$B$20:$B$38,$B39) -> 0 | G39: =SUMIFS(G$20:G$38,$B$20:$B$38,$B39) -> 0 | H39: =SUMIFS(H$20:H$38,$B$20:$B$38,$B39) -> 0 | I39: =SUMIFS(I$20:I$38,$B$20:$B$38,$B39) -> 0 | J39: =SUMIFS(J$20:J$38,$B$20:$B$38,$B39) -> 0 | K39: =SUMIFS(K$20:K$38,$B$20:$B$38,$B39) -> 0 | L39: =SUMIFS(L$20:L$38,$B$20:$B$38,$B39) -> 0 | N39: =SUMIFS(N$20:N$38,$B$20:$B$38,$B39) -> 0 | O39: =SUMIFS(O$20:O$38,$B$20:$B$38,$B39) -> 0 | P39: =SUMIFS(P$20:P$38,$B$20:$B$38,$B39) -> 0 | Q39: =SUMIFS(Q$20:Q$38,$B$20:$B$38,$B39) -> 0 | R39: =SUMIFS(R$20:R$38,$B$20:$B$38,$B39) -> 0 | S39: =SUMIFS(S$20:S$38,$B$20:$B$38,$B39) -> 0 | T39: =SUMIFS(T$20:T$38,$B$20:$B$38,$B39) -> 0 | U39: =SUMIFS(U$20:U$38,$B$20:$B$38,$B39) -> 0 | V39: =SUMIFS(V$20:V$38,$B$20:$B$38,$B39) -> 0 | Y39: =SUMIFS(Y$20:Y$38,$B$20:$B$38,$B39) -> 0
B40: Afnameklanten op >26-36 kV met AV < 5MVA | D40: =COUNTIFS($B$20:$B$38,$B40) -> 0 | E40: =SUMIFS(E$20:E$38,$B$20:$B$38,$B40) -> 0 | F40: =SUMIFS(F$20:F$38,$B$20:$B$38,$B40) -> 0 | G40: =SUMIFS(G$20:G$38,$B$20:$B$38,$B40) -> 0 | H40: =SUMIFS(H$20:H$38,$B$20:$B$38,$B40) -> 0 | I40: =SUMIFS(I$20:I$38,$B$20:$B$38,$B40) -> 0 | J40: =SUMIFS(J$20:J$38,$B$20:$B$38,$B40) -> 0 | K40: =SUMIFS(K$20:K$38,$B$20:$B$38,$B40) -> 0 | L40: =SUMIFS(L$20:L$38,$B$20:$B$38,$B40) -> 0 | N40: =SUMIFS(N$20:N$38,$B$20:$B$38,$B40) -> 0 | O40: =SUMIFS(O$20:O$38,$B$20:$B$38,$B40) -> 0 | P40: =SUMIFS(P$20:P$38,$B$20:$B$38,$B40) -> 0 | Q40: =SUMIFS(Q$20:Q$38,$B$20:$B$38,$B40) -> 0 | R40: =SUMIFS(R$20:R$38,$B$20:$B$38,$B40) -> 0 | S40: =SUMIFS(S$20:S$38,$B$20:$B$38,$B40) -> 0 | T40: =SUMIFS(T$20:T$38,$B$20:$B$38,$B40) -> 0 | U40: =SUMIFS(U$20:U$38,$B$20:$B$38,$B40) -> 0 | V40: =SUMIFS(V$20:V$38,$B$20:$B$38,$B40) -> 0 | Y40: =SUMIFS(Y$20:Y$38,$B$20:$B$38,$B40) -> 0
A41: Totaal | D41: =COUNT(D$20:D$38) -> 0 | E41: =SUM(E$20:E$38) -> 0 | F41: =SUM(F$20:F$38) -> 0 | G41: =SUM(G$20:G$38) -> 0 | H41: =SUM(H$20:H$38) -> 0 | I41: =SUM(I$20:I$38) -> 0 | J41: =SUM(J$20:J$38) -> 0 | K41: =SUM(K$20:K$38) -> 0 | L41: =SUM(L$20:L$38) -> 0 | N41: =SUBTOTAL(109,N$20:N$38) -> #VALUE! | O41: =SUBTOTAL(109,O$20:O$38) -> #VALUE! | P41: =SUBTOTAL(109,P$20:P$38) -> #VALUE! | Q41: =SUBTOTAL(109,Q$20:Q$38) -> #VALUE! | R41: =SUBTOTAL(109,R$20:R$38) -> #VALUE! | S41: =SUBTOTAL(109,S$20:S$38) -> #VALUE! | T41: =SUBTOTAL(109,T$20:T$38) -> #DIV/0! | U41: =SUBTOTAL(109,U$20:U$38) -> #N/A | V41: =SUBTOTAL(109,V$20:V$38) -> #VALUE! | Y41: =SUBTOTAL(109,Y$20:Y$38) -> #VALUE!

Sheet Max Afname MS
A1: Toepassing van maximumtarieven - Afname MS
B4: Distributienetbeheerder: | D4: =DNB -> Naam distributienetbeheerder
L7: Tarieven | M7: kVATV | N7: =INDEX(Tabel3B[Afnameklanten op MS (∑)],1) -> #VALUE! | P7: =$N$7*$P$16 -> #VALUE!
M8: kWMP | N8: =INDEX(Tabel3B[Afnameklanten op MS (∑)],2) -> #VALUE! | P8: =$N$8*$P$16 -> #VALUE!
M9: kWMP-TV | O9: =INDEX(Tabel3B[Afnameklanten op MS (∑)],3) -> #VALUE! | Q9: =$O$9*$P$16 -> #VALUE!
M10: kWhafn | R10: =INDEX(Tabel3B[Afnameklanten op MS (∑)],15) -> #VALUE! | S10: =INDEX(Tabel3B[Afnameklanten op MS (∑)],17) -> #VALUE! | T10: =INDEX(Tabel3B[Afnameklanten op MS (∑)],18) -> #DIV/0!
M11: kWhafn XN | R11: =INDEX(Tabel3B[Afnameklanten op MS (∑)],16) -> #VALUE!
M12: AMR | U12: =INDEX(Tabel3B[Afnameklanten op MS (∑)],9) -> #DIV/0!
M13: MMR | U13: =INDEX(Tabel3B[Afnameklanten op MS (∑)],10) -> #DIV/0!
M14: kVArh | V14: =INDEX(Tabel3B[Afnameklanten op MS (∑)],8) -> #VALUE!
M15: Maximum
M16: Tariefverhoging | P16: =PROCENT_VERHOGING_NA_MAX -> 1
N18: Vóór toepassing van het maximumtarief | P18: Na tariefverhoging | R18: Openbare dienstverplichtingen | S18: Toeslagen | T18: Overige transmissie | U18: Databeheer | V18: Reactieve energie | X18: Na toepassing van het maximumtarief
A19: EAN-code | B19: Klantengroep | C19: Noodvoeding? | D19: Metertype | E19: kVATV | F19: kWMP | G19: kWMP-TV | H19: kWhafn NU | I19: kWhafn SU | J19: kWhafn XN | K19: kVArhind | L19: kVArhcap | N19: Netgebruik (excl. OST) | O19: Netgebruik (OST) | P19: Netgebruik (excl. OST) | Q19: Netgebruik (OST) | X19: Maximum | Y19: Niet-geïnd
N20: =IF($B20="Doorvoer op 26-1kV",FACTOR_DOORVOER,1)*($N$7*$E20+$N$8*$F20) -> #VALUE! | O20: =IF($B20="Doorvoer op 26-1kV",FACTOR_DOORVOER,1)*($O$9*$G20) -> #VALUE! | P20: =IF($B20="Doorvoer op 26-1kV",FACTOR_DOORVOER,1)*($P$7*$E20+$P$8*$F20) -> #VALUE! | Q20: =IF($B20="Doorvoer op 26-1kV",FACTOR_DOORVOER,1)*($Q$9*$G20) -> #VALUE! | R20: =IF($B20="Doorvoer op 26-1kV",FACTOR_DOORVOER,1)*($R$10*($H20+$I20)+$R$11*$J20) -> #VALUE! | S20: =IF($B20="Doorvoer op 26-1kV",FACTOR_DOORVOER,1)*($S$10*($H20+$I20+$J20)) -> #VALUE! | T20: =IF($B20="Doorvoer op 26-1kV",FACTOR_DOORVOER,1)*$T$10*($H20+$I20+$J20) -> #DIV/0! | U20: =IF($B20="Doorvoer op 26-1kV",FACTOR_DOORVOER,1)*(INDEX($U$12:$U$13,MATCH($D20,$M$12:$M$13,0)))/12 -> #N/A | V20: =IF($B20="Doorvoer op 26-1kV",FACTOR_DOORVOER,1)*($V$14*($K20+$L20)) -> #VALUE! | X20: =IF($B20="Doorvoer op 26-1kV",FACTOR_DOORVOER,1)*$N$15*($H20+$I20+$J20) -> 0 | Y20: =IF($C20="x",0,MAX(SUM($P20,$R20:$T20)-$X20,0)) -> #VALUE!
N21: =IF($B21="Doorvoer op 26-1kV",FACTOR_DOORVOER,1)*($N$7*$E21+$N$8*$F21) -> #VALUE! | O21: =IF($B21="Doorvoer op 26-1kV",FACTOR_DOORVOER,1)*($O$9*$G21) -> #VALUE! | P21: =IF($B21="Doorvoer op 26-1kV",FACTOR_DOORVOER,1)*($P$7*$E21+$P$8*$F21) -> #VALUE! | Q21: =IF($B21="Doorvoer op 26-1kV",FACTOR_DOORVOER,1)*($Q$9*$G21) -> #VALUE! | R21: =IF($B21="Doorvoer op 26-1kV",FACTOR_DOORVOER,1)*($R$10*($H21+$I21)+$R$11*$J21) -> #VALUE! | S21: =IF($B21="Doorvoer op 26-1kV",FACTOR_DOORVOER,1)*($S$10*($H21+$I21+$J21)) -> #VALUE! | T21: =IF($B21="Doorvoer op 26-1kV",FACTOR_DOORVOER,1)*$T$10*($H21+$I21+$J21) -> #DIV/0! | U21: =IF($B21="Doorvoer op 26-1kV",FACTOR_DOORVOER,1)*(INDEX($U$12:$U$13,MATCH($D21,$M$12:$M$13,0)))/12 -> #N/A | V21: =IF($B21="Doorvoer op 26-1kV",FACTOR_DOORVOER,1)*($V$14*($K21+$L21)) -> #VALUE! | X21: =IF($B21="Doorvoer op 26-1kV",FACTOR_DOORVOER,1)*$N$15*($H21+$I21+$J21) -> 0 | Y21: =IF($C21="x",0,MAX(SUM($P21,$R21:$T21)-$X21,0)) -> #VALUE!
N22: =IF($B22="Doorvoer op 26-1kV",FACTOR_DOORVOER,1)*($N$7*$E22+$N$8*$F22) -> #VALUE! | O22: =IF($B22="Doorvoer op 26-1kV",FACTOR_DOORVOER,1)*($O$9*$G22) -> #VALUE! | P22: =IF($B22="Doorvoer op 26-1kV",FACTOR_DOORVOER,1)*($P$7*$E22+$P$8*$F22) -> #VALUE! | Q22: =IF($B22="Doorvoer op 26-1kV",FACTOR_DOORVOER,1)*($Q$9*$G22) -> #VALUE! | R22: =IF($B22="Doorvoer op 26-1kV",FACTOR_DOORVOER,1)*($R$10*($H22+$I22)+$R$11*$J22) -> #VALUE! | S22: =IF($B22="Doorvoer op 26-1kV",FACTOR_DOORVOER,1)*($S$10*($H22+$I22+$J22)) -> #VALUE! | T22: =IF($B22="Doorvoer op 26-1kV",FACTOR_DOORVOER,1)*$T$10*($H22+$I22+$J22) -> #DIV/0! | U22: =IF($B22="Doorvoer op 26-1kV",FACTOR_DOORVOER,1)*(INDEX($U$12:$U$13,MATCH($D22,$M$12:$M$13,0)))/12 -> #N/A | V22: =IF($B22="Doorvoer op 26-1kV",FACTOR_DOORVOER,1)*($V$14*($K22+$L22)) -> #VALUE! | X22: =IF($B22="Doorvoer op 26-1kV",FACTOR_DOORVOER,1)*$N$15*($H22+$I22+$J22) -> 0 | Y22: =IF($C22="x",0,MAX(SUM($P22,$R22:$T22)-$X22,0)) -> #VALUE!
N23: =IF($B23="Doorvoer op 26-1kV",FACTOR_DOORVOER,1)*($N$7*$E23+$N$8*$F23) -> #VALUE! | O23: =IF($B23="Doorvoer op 26-1kV",FACTOR_DOORVOER,1)*($O$9*$G23) -> #VALUE! | P23: =IF($B23="Doorvoer op 26-1kV",FACTOR_DOORVOER,1)*($P$7*$E23+$P$8*$F23) -> #VALUE! | Q23: =IF($B23="Doorvoer op 26-1kV",FACTOR_DOORVOER,1)*($Q$9*$G23) -> #VALUE! | R23: =IF($B23="Doorvoer op 26-1kV",FACTOR_DOORVOER,1)*($R$10*($H23+$I23)+$R$11*$J23) -> #VALUE! | S23: =IF($B23="Doorvoer op 26-1kV",FACTOR_DOORVOER,1)*($S$10*($H23+$I23+$J23)) -> #VALUE! | T23: =IF($B23="Doorvoer op 26-1kV",FACTOR_DOORVOER,1)*$T$10*($H23+$I23+$J23) -> #DIV/0! | U23: =IF($B23="Doorvoer op 26-1kV",FACTOR_DOORVOER,1)*(INDEX($U$12:$U$13,MATCH($D23,$M$12:$M$13,0)))/12 -> #N/A | V23: =IF($B23="Doorvoer op 26-1kV",FACTOR_DOORVOER,1)*($V$14*($K23+$L23)) -> #VALUE! | X23: =IF($B23="Doorvoer op 26-1kV",FACTOR_DOORVOER,1)*$N$15*($H23+$I23+$J23) -> 0 | Y23: =IF($C23="x",0,MAX(SUM($P23,$R23:$T23)-$X23,0)) -> #VALUE!
N24: =IF($B24="Doorvoer op 26-1kV",FACTOR_DOORVOER,1)*($N$7*$E24+$N$8*$F24) -> #VALUE! | O24: =IF($B24="Doorvoer op 26-1kV",FACTOR_DOORVOER,1)*($O$9*$G24) -> #VALUE! | P24: =IF($B24="Doorvoer op 26-1kV",FACTOR_DOORVOER,1)*($P$7*$E24+$P$8*$F24) -> #VALUE! | Q24: =IF($B24="Doorvoer op 26-1kV",FACTOR_DOORVOER,1)*($Q$9*$G24) -> #VALUE! | R24: =IF($B24="Doorvoer op 26-1kV",FACTOR_DOORVOER,1)*($R$10*($H24+$I24)+$R$11*$J24) -> #VALUE! | S24: =IF($B24="Doorvoer op 26-1kV",FACTOR_DOORVOER,1)*($S$10*($H24+$I24+$J24)) -> #VALUE! | T24: =IF($B24="Doorvoer op 26-1kV",FACTOR_DOORVOER,1)*$T$10*($H24+$I24+$J24) -> #DIV/0! | U24: =IF($B24="Doorvoer op 26-1kV",FACTOR_DOORVOER,1)*(INDEX($U$12:$U$13,MATCH($D24,$M$12:$M$13,0)))/12 -> #N/A | V24: =IF($B24="Doorvoer op 26-1kV",FACTOR_DOORVOER,1)*($V$14*($K24+$L24)) -> #VALUE! | X24: =IF($B24="Doorvoer op 26-1kV",FACTOR_DOORVOER,1)*$N$15*($H24+$I24+$J24) -> 0 | Y24: =IF($C24="x",0,MAX(SUM($P24,$R24:$T24)-$X24,0)) -> #VALUE!
N25: =IF($B25="Doorvoer op 26-1kV",FACTOR_DOORVOER,1)*($N$7*$E25+$N$8*$F25) -> #VALUE! | O25: =IF($B25="Doorvoer op 26-1kV",FACTOR_DOORVOER,1)*($O$9*$G25) -> #VALUE! | P25: =IF($B25="Doorvoer op 26-1kV",FACTOR_DOORVOER,1)*($P$7*$E25+$P$8*$F25) -> #VALUE! | Q25: =IF($B25="Doorvoer op 26-1kV",FACTOR_DOORVOER,1)*($Q$9*$G25) -> #VALUE! | R25: =IF($B25="Doorvoer op 26-1kV",FACTOR_DOORVOER,1)*($R$10*($H25+$I25)+$R$11*$J25) -> #VALUE! | S25: =IF($B25="Doorvoer op 26-1kV",FACTOR_DOORVOER,1)*($S$10*($H25+$I25+$J25)) -> #VALUE! | T25: =IF($B25="Doorvoer op 26-1kV",FACTOR_DOORVOER,1)*$T$10*($H25+$I25+$J25) -> #DIV/0! | U25: =IF($B25="Doorvoer op 26-1kV",FACTOR_DOORVOER,1)*(INDEX($U$12:$U$13,MATCH($D25,$M$12:$M$13,0)))/12 -> #N/A | V25: =IF($B25="Doorvoer op 26-1kV",FACTOR_DOORVOER,1)*($V$14*($K25+$L25)) -> #VALUE! | X25: =IF($B25="Doorvoer op 26-1kV",FACTOR_DOORVOER,1)*$N$15*($H25+$I25+$J25) -> 0 | Y25: =IF($C25="x",0,MAX(SUM($P25,$R25:$T25)-$X25,0)) -> #VALUE!
N26: =IF($B26="Doorvoer op 26-1kV",FACTOR_DOORVOER,1)*($N$7*$E26+$N$8*$F26) -> #VALUE! | O26: =IF($B26="Doorvoer op 26-1kV",FACTOR_DOORVOER,1)*($O$9*$G26) -> #VALUE! | P26: =IF($B26="Doorvoer op 26-1kV",FACTOR_DOORVOER,1)*($P$7*$E26+$P$8*$F26) -> #VALUE! | Q26: =IF($B26="Doorvoer op 26-1kV",FACTOR_DOORVOER,1)*($Q$9*$G26) -> #VALUE! | R26: =IF($B26="Doorvoer op 26-1kV",FACTOR_DOORVOER,1)*($R$10*($H26+$I26)+$R$11*$J26) -> #VALUE! | S26: =IF($B26="Doorvoer op 26-1kV",FACTOR_DOORVOER,1)*($S$10*($H26+$I26+$J26)) -> #VALUE! | T26: =IF($B26="Doorvoer op 26-1kV",FACTOR_DOORVOER,1)*$T$10*($H26+$I26+$J26) -> #DIV/0! | U26: =IF($B26="Doorvoer op 26-1kV",FACTOR_DOORVOER,1)*(INDEX($U$12:$U$13,MATCH($D26,$M$12:$M$13,0)))/12 -> #N/A | V26: =IF($B26="Doorvoer op 26-1kV",FACTOR_DOORVOER,1)*($V$14*($K26+$L26)) -> #VALUE! | X26: =IF($B26="Doorvoer op 26-1kV",FACTOR_DOORVOER,1)*$N$15*($H26+$I26+$J26) -> 0 | Y26: =IF($C26="x",0,MAX(SUM($P26,$R26:$T26)-$X26,0)) -> #VALUE!
N27: =IF($B27="Doorvoer op 26-1kV",FACTOR_DOORVOER,1)*($N$7*$E27+$N$8*$F27) -> #VALUE! | O27: =IF($B27="Doorvoer op 26-1kV",FACTOR_DOORVOER,1)*($O$9*$G27) -> #VALUE! | P27: =IF($B27="Doorvoer op 26-1kV",FACTOR_DOORVOER,1)*($P$7*$E27+$P$8*$F27) -> #VALUE! | Q27: =IF($B27="Doorvoer op 26-1kV",FACTOR_DOORVOER,1)*($Q$9*$G27) -> #VALUE! | R27: =IF($B27="Doorvoer op 26-1kV",FACTOR_DOORVOER,1)*($R$10*($H27+$I27)+$R$11*$J27) -> #VALUE! | S27: =IF($B27="Doorvoer op 26-1kV",FACTOR_DOORVOER,1)*($S$10*($H27+$I27+$J27)) -> #VALUE! | T27: =IF($B27="Doorvoer op 26-1kV",FACTOR_DOORVOER,1)*$T$10*($H27+$I27+$J27) -> #DIV/0! | U27: =IF($B27="Doorvoer op 26-1kV",FACTOR_DOORVOER,1)*(INDEX($U$12:$U$13,MATCH($D27,$M$12:$M$13,0)))/12 -> #N/A | V27: =IF($B27="Doorvoer op 26-1kV",FACTOR_DOORVOER,1)*($V$14*($K27+$L27)) -> #VALUE! | X27: =IF($B27="Doorvoer op 26-1kV",FACTOR_DOORVOER,1)*$N$15*($H27+$I27+$J27) -> 0 | Y27: =IF($C27="x",0,MAX(SUM($P27,$R27:$T27)-$X27,0)) -> #VALUE!
N28: =IF($B28="Doorvoer op 26-1kV",FACTOR_DOORVOER,1)*($N$7*$E28+$N$8*$F28) -> #VALUE! | O28: =IF($B28="Doorvoer op 26-1kV",FACTOR_DOORVOER,1)*($O$9*$G28) -> #VALUE! | P28: =IF($B28="Doorvoer op 26-1kV",FACTOR_DOORVOER,1)*($P$7*$E28+$P$8*$F28) -> #VALUE! | Q28: =IF($B28="Doorvoer op 26-1kV",FACTOR_DOORVOER,1)*($Q$9*$G28) -> #VALUE! | R28: =IF($B28="Doorvoer op 26-1kV",FACTOR_DOORVOER,1)*($R$10*($H28+$I28)+$R$11*$J28) -> #VALUE! | S28: =IF($B28="Doorvoer op 26-1kV",FACTOR_DOORVOER,1)*($S$10*($H28+$I28+$J28)) -> #VALUE! | T28: =IF($B28="Doorvoer op 26-1kV",FACTOR_DOORVOER,1)*$T$10*($H28+$I28+$J28) -> #DIV/0! | U28: =IF($B28="Doorvoer op 26-1kV",FACTOR_DOORVOER,1)*(INDEX($U$12:$U$13,MATCH($D28,$M$12:$M$13,0)))/12 -> #N/A | V28: =IF($B28="Doorvoer op 26-1kV",FACTOR_DOORVOER,1)*($V$14*($K28+$L28)) -> #VALUE! | X28: =IF($B28="Doorvoer op 26-1kV",FACTOR_DOORVOER,1)*$N$15*($H28+$I28+$J28) -> 0 | Y28: =IF($C28="x",0,MAX(SUM($P28,$R28:$T28)-$X28,0)) -> #VALUE!
N29: =IF($B29="Doorvoer op 26-1kV",FACTOR_DOORVOER,1)*($N$7*$E29+$N$8*$F29) -> #VALUE! | O29: =IF($B29="Doorvoer op 26-1kV",FACTOR_DOORVOER,1)*($O$9*$G29) -> #VALUE! | P29: =IF($B29="Doorvoer op 26-1kV",FACTOR_DOORVOER,1)*($P$7*$E29+$P$8*$F29) -> #VALUE! | Q29: =IF($B29="Doorvoer op 26-1kV",FACTOR_DOORVOER,1)*($Q$9*$G29) -> #VALUE! | R29: =IF($B29="Doorvoer op 26-1kV",FACTOR_DOORVOER,1)*($R$10*($H29+$I29)+$R$11*$J29) -> #VALUE! | S29: =IF($B29="Doorvoer op 26-1kV",FACTOR_DOORVOER,1)*($S$10*($H29+$I29+$J29)) -> #VALUE! | T29: =IF($B29="Doorvoer op 26-1kV",FACTOR_DOORVOER,1)*$T$10*($H29+$I29+$J29) -> #DIV/0! | U29: =IF($B29="Doorvoer op 26-1kV",FACTOR_DOORVOER,1)*(INDEX($U$12:$U$13,MATCH($D29,$M$12:$M$13,0)))/12 -> #N/A | V29: =IF($B29="Doorvoer op 26-1kV",FACTOR_DOORVOER,1)*($V$14*($K29+$L29)) -> #VALUE! | X29: =IF($B29="Doorvoer op 26-1kV",FACTOR_DOORVOER,1)*$N$15*($H29+$I29+$J29) -> 0 | Y29: =IF($C29="x",0,MAX(SUM($P29,$R29:$T29)-$X29,0)) -> #VALUE!
N30: =IF($B30="Doorvoer op 26-1kV",FACTOR_DOORVOER,1)*($N$7*$E30+$N$8*$F30) -> #VALUE! | O30: =IF($B30="Doorvoer op 26-1kV",FACTOR_DOORVOER,1)*($O$9*$G30) -> #VALUE! | P30: =IF($B30="Doorvoer op 26-1kV",FACTOR_DOORVOER,1)*($P$7*$E30+$P$8*$F30) -> #VALUE! | Q30: =IF($B30="Doorvoer op 26-1kV",FACTOR_DOORVOER,1)*($Q$9*$G30) -> #VALUE! | R30: =IF($B30="Doorvoer op 26-1kV",FACTOR_DOORVOER,1)*($R$10*($H30+$I30)+$R$11*$J30) -> #VALUE! | S30: =IF($B30="Doorvoer op 26-1kV",FACTOR_DOORVOER,1)*($S$10*($H30+$I30+$J30)) -> #VALUE! | T30: =IF($B30="Doorvoer op 26-1kV",FACTOR_DOORVOER,1)*$T$10*($H30+$I30+$J30) -> #DIV/0! | U30: =IF($B30="Doorvoer op 26-1kV",FACTOR_DOORVOER,1)*(INDEX($U$12:$U$13,MATCH($D30,$M$12:$M$13,0)))/12 -> #N/A | V30: =IF($B30="Doorvoer op 26-1kV",FACTOR_DOORVOER,1)*($V$14*($K30+$L30)) -> #VALUE! | X30: =IF($B30="Doorvoer op 26-1kV",FACTOR_DOORVOER,1)*$N$15*($H30+$I30+$J30) -> 0 | Y30: =IF($C30="x",0,MAX(SUM($P30,$R30:$T30)-$X30,0)) -> #VALUE!
N31: =IF($B31="Doorvoer op 26-1kV",FACTOR_DOORVOER,1)*($N$7*$E31+$N$8*$F31) -> #VALUE! | O31: =IF($B31="Doorvoer op 26-1kV",FACTOR_DOORVOER,1)*($O$9*$G31) -> #VALUE! | P31: =IF($B31="Doorvoer op 26-1kV",FACTOR_DOORVOER,1)*($P$7*$E31+$P$8*$F31) -> #VALUE! | Q31: =IF($B31="Doorvoer op 26-1kV",FACTOR_DOORVOER,1)*($Q$9*$G31) -> #VALUE! | R31: =IF($B31="Doorvoer op 26-1kV",FACTOR_DOORVOER,1)*($R$10*($H31+$I31)+$R$11*$J31) -> #VALUE! | S31: =IF($B31="Doorvoer op 26-1kV",FACTOR_DOORVOER,1)*($S$10*($H31+$I31+$J31)) -> #VALUE! | T31: =IF($B31="Doorvoer op 26-1kV",FACTOR_DOORVOER,1)*$T$10*($H31+$I31+$J31) -> #DIV/0! | U31: =IF($B31="Doorvoer op 26-1kV",FACTOR_DOORVOER,1)*(INDEX($U$12:$U$13,MATCH($D31,$M$12:$M$13,0)))/12 -> #N/A | V31: =IF($B31="Doorvoer op 26-1kV",FACTOR_DOORVOER,1)*($V$14*($K31+$L31)) -> #VALUE! | X31: =IF($B31="Doorvoer op 26-1kV",FACTOR_DOORVOER,1)*$N$15*($H31+$I31+$J31) -> 0 | Y31: =IF($C31="x",0,MAX(SUM($P31,$R31:$T31)-$X31,0)) -> #VALUE!
... N38: =IF($B38="Doorvoer op 26-1kV",FACTOR_DOORVOER,1)*($N$7*$E38+$N$8*$F38) -> #VALUE! | O38: =IF($B38="Doorvoer op 26-1kV",FACTOR_DOORVOER,1)*($O$9*$G38) -> #VALUE! | P38: =IF($B38="Doorvoer op 26-1kV",FACTOR_DOORVOER,1)*($P$7*$E38+$P$8*$F38) -> #VALUE! | Q38: =IF($B38="Doorvoer op 26-1kV",FACTOR_DOORVOER,1)*($Q$9*$G38) -> #VALUE! | R38: =IF($B38="Doorvoer op 26-1kV",FACTOR_DOORVOER,1)*($R$10*($H38+$I38)+$R$11*$J38) -> #VALUE! | S38: =IF($B38="Doorvoer op 26-1kV",FACTOR_DOORVOER,1)*($S$10*($H38+$I38+$J38)) -> #VALUE! | T38: =IF($B38="Doorvoer op 26-1kV",FACTOR_DOORVOER,1)*$T$10*($H38+$I38+$J38) -> #DIV/0! | U38: =IF($B38="Doorvoer op 26-1kV",FACTOR_DOORVOER,1)*(INDEX($U$12:$U$13,MATCH($D38,$M$12:$M$13,0)))/12 -> #N/A | V38: =IF($B38="Doorvoer op 26-1kV",FACTOR_DOORVOER,1)*($V$14*($K38+$L38)) -> #VALUE! | X38: =IF($B38="Doorvoer op 26-1kV",FACTOR_DOORVOER,1)*$N$15*($H38+$I38+$J38) -> 0 | Y38: =IF($C38="x",0,MAX(SUM($P38,$R38:$T38)-$X38,0)) -> #VALUE!
B39: Afnameklanten op >26-36 kV met AV < 5MVA | D39: =COUNTIFS($B$20:$B$38,$B39) -> 0 | E39: =SUMIFS(E$20:E$38,$B$20:$B$38,$B39) -> 0 | F39: =SUMIFS(F$20:F$38,$B$20:$B$38,$B39) -> 0 | G39: =SUMIFS(G$20:G$38,$B$20:$B$38,$B39) -> 0 | H39: =SUMIFS(H$20:H$38,$B$20:$B$38,$B39) -> 0 | I39: =SUMIFS(I$20:I$38,$B$20:$B$38,$B39) -> 0 | J39: =SUMIFS(J$20:J$38,$B$20:$B$38,$B39) -> 0 | K39: =SUMIFS(K$20:K$38,$B$20:$B$38,$B39) -> 0 | L39: =SUMIFS(L$20:L$38,$B$20:$B$38,$B39) -> 0 | N39: =SUMIFS(N$20:N$38,$B$20:$B$38,$B39) -> 0 | O39: =SUMIFS(O$20:O$38,$B$20:$B$38,$B39) -> 0 | P39: =SUMIFS(P$20:P$38,$B$20:$B$38,$B39) -> 0 | Q39: =SUMIFS(Q$20:Q$38,$B$20:$B$38,$B39) -> 0 | R39: =SUMIFS(R$20:R$38,$B$20:$B$38,$B39) -> 0 | S39: =SUMIFS(S$20:S$38,$B$20:$B$38,$B39) -> 0 | T39: =SUMIFS(T$20:T$38,$B$20:$B$38,$B39) -> 0 | U39: =SUMIFS(U$20:U$38,$B$20:$B$38,$B39) -> 0 | V39: =SUMIFS(V$20:V$38,$B$20:$B$38,$B39) -> 0 | Y39: =SUMIFS(Y$20:Y$38,$B$20:$B$38,$B39) -> 0
B40: Afnameklanten op 26-1kV | D40: =COUNTIFS($B$20:$B$38,$B40) -> 0 | E40: =SUMIFS(E$20:E$38,$B$20:$B$38,$B40) -> 0 | F40: =SUMIFS(F$20:F$38,$B$20:$B$38,$B40) -> 0 | G40: =SUMIFS(G$20:G$38,$B$20:$B$38,$B40) -> 0 | H40: =SUMIFS(H$20:H$38,$B$20:$B$38,$B40) -> 0 | I40: =SUMIFS(I$20:I$38,$B$20:$B$38,$B40) -> 0 | J40: =SUMIFS(J$20:J$38,$B$20:$B$38,$B40) -> 0 | K40: =SUMIFS(K$20:K$38,$B$20:$B$38,$B40) -> 0 | L40: =SUMIFS(L$20:L$38,$B$20:$B$38,$B40) -> 0 | N40: =SUMIFS(N$20:N$38,$B$20:$B$38,$B40) -> 0 | O40: =SUMIFS(O$20:O$38,$B$20:$B$38,$B40) -> 0 | P40: =SUMIFS(P$20:P$38,$B$20:$B$38,$B40) -> 0 | Q40: =SUMIFS(Q$20:Q$38,$B$20:$B$38,$B40) -> 0 | R40: =SUMIFS(R$20:R$38,$B$20:$B$38,$B40) -> 0 | S40: =SUMIFS(S$20:S$38,$B$20:$B$38,$B40) -> 0 | T40: =SUMIFS(T$20:T$38,$B$20:$B$38,$B40) -> 0 | U40: =SUMIFS(U$20:U$38,$B$20:$B$38,$B40) -> 0 | V40: =SUMIFS(V$20:V$38,$B$20:$B$38,$B40) -> 0 | Y40: =SUMIFS(Y$20:Y$38,$B$20:$B$38,$B40) -> 0
B41: Doorvoer op 26-1kV | D41: =COUNTIFS($B$20:$B$38,$B41) -> 0 | E41: =SUMIFS(E$20:E$38,$B$20:$B$38,$B41) -> 0 | F41: =SUMIFS(F$20:F$38,$B$20:$B$38,$B41) -> 0 | G41: =SUMIFS(G$20:G$38,$B$20:$B$38,$B41) -> 0 | H41: =SUMIFS(H$20:H$38,$B$20:$B$38,$B41) -> 0 | I41: =SUMIFS(I$20:I$38,$B$20:$B$38,$B41) -> 0 | J41: =SUMIFS(J$20:J$38,$B$20:$B$38,$B41) -> 0 | K41: =SUMIFS(K$20:K$38,$B$20:$B$38,$B41) -> 0 | L41: =SUMIFS(L$20:L$38,$B$20:$B$38,$B41) -> 0 | N41: =SUMIFS(N$20:N$38,$B$20:$B$38,$B41) -> 0 | O41: =SUMIFS(O$20:O$38,$B$20:$B$38,$B41) -> 0 | P41: =SUMIFS(P$20:P$38,$B$20:$B$38,$B41) -> 0 | Q41: =SUMIFS(Q$20:Q$38,$B$20:$B$38,$B41) -> 0 | R41: =SUMIFS(R$20:R$38,$B$20:$B$38,$B41) -> 0 | S41: =SUMIFS(S$20:S$38,$B$20:$B$38,$B41) -> 0 | T41: =SUMIFS(T$20:T$38,$B$20:$B$38,$B41) -> 0 | U41: =SUMIFS(U$20:U$38,$B$20:$B$38,$B41) -> 0 | V41: =SUMIFS(V$20:V$38,$B$20:$B$38,$B41) -> 0 | Y41: =SUMIFS(Y$20:Y$38,$B$20:$B$38,$B41) -> 0
A42: Totaal | D42: =COUNT(D$20:D$38) -> 0 | E42: =SUM(E$20:E$38) -> 0 | F42: =SUM(F$20:F$38) -> 0 | G42: =SUM(G$20:G$38) -> 0 | H42: =SUM(H$20:H$38) -> 0 | I42: =SUM(I$20:I$38) -> 0 | J42: =SUM(J$20:J$38) -> 0 | K42: =SUM(K$20:K$38) -> 0 | L42: =SUM(L$20:L$38) -> 0 | N42: =SUBTOTAL(109,N$20:N$38) -> #VALUE! | O42: =SUBTOTAL(109,O$20:O$38) -> #VALUE! | P42: =SUBTOTAL(109,P$20:P$38) -> #VALUE! | Q42: =SUBTOTAL(109,Q$20:Q$38) -> #VALUE! | R42: =SUBTOTAL(109,R$20:R$38) -> #VALUE! | S42: =SUBTOTAL(109,S$20:S$38) -> #VALUE! | T42: =SUBTOTAL(109,T$20:T$38) -> #DIV/0! | U42: =SUBTOTAL(109,U$20:U$38) -> #N/A | V42: =SUBTOTAL(109,V$20:V$38) -> #VALUE! | Y42: =SUBTOTAL(109,Y$20:Y$38) -> #VALUE!

Sheet Max Afname TRLS
A1: Toepassing van maximumtarieven - Afname TRLS
B4: Distributienetbeheerder: | D4: =DNB -> Naam distributienetbeheerder
L7: Tarieven | M7: kVATV | N7: =INDEX(Tabel3B[Afnameklanten op TRLS (∑)],1) -> #VALUE! | P7: =$N$7*$P$16 -> #VALUE!
M8: kWMP | N8: =INDEX(Tabel3B[Afnameklanten op TRLS (∑)],2) -> #VALUE! | P8: =$N$8*$P$16 -> #VALUE!
M9: kWMP-TV | O9: =INDEX(Tabel3B[Afnameklanten op TRLS (∑)],3) -> #VALUE! | Q9: =$O$9*$P$16 -> #VALUE!
M10: kWhafn | R10: =INDEX(Tabel3B[Afnameklanten op TRLS (∑)],15) -> #VALUE! | S10: =INDEX(Tabel3B[Afnameklanten op TRLS (∑)],17) -> #VALUE! | T10: =INDEX(Tabel3B[Afnameklanten op TRLS (∑)],18) -> #DIV/0!
M11: kWhafn XN | R11: =INDEX(Tabel3B[Afnameklanten op TRLS (∑)],16) -> #VALUE!
M12: AMR | U12: =INDEX(Tabel3B[Afnameklanten op TRLS (∑)],9) -> #DIV/0!
M13: MMR | U13: =INDEX(Tabel3B[Afnameklanten op TRLS (∑)],10) -> #DIV/0!
M14: kVArh | V14: =INDEX(Tabel3B[Afnameklanten op TRLS (∑)],8) -> #VALUE!
M15: Maximum
M16: Tariefverhoging | P16: =PROCENT_VERHOGING_NA_MAX -> 1
N18: Vóór toepassing van het maximumtarief | P18: Na tariefverhoging | R18: Openbare dienstverplichtingen | S18: Toeslagen | T18: Overige transmissie | U18: Databeheer | V18: Reactieve energie | X18: Na toepassing van het maximumtarief
A19: EAN-code | B19: Klantengroep | C19: Noodvoeding? | D19: Metertype | E19: kVATV | F19: kWMP | G19: kWMP-TV | H19: kWhafn NU | I19: kWhafn SU | J19: kWhafn XN | K19: kVArhind | L19: kVArhcap | N19: Netgebruik (excl. OST) | O19: Netgebruik (OST) | P19: Netgebruik (excl. OST) | Q19: Netgebruik (OST) | X19: Maximum | Y19: Niet-geïnd
N20: =$N$7*$E20+$N$8*$F20 -> #VALUE! | O20: =$O$9*$G20 -> #VALUE! | P20: =$P$7*$E20+$P$8*$F20 -> #VALUE! | Q20: =$Q$9*$G20 -> #VALUE! | R20: =$R$10*($H20+$I20)+$R$11*$J20 -> #VALUE! | S20: =$S$10*($H20+$I20+$J20) -> #VALUE! | T20: =$T$10*($H20+$I20+$J20) -> #DIV/0! | U20: =INDEX($U$12:$U$13,MATCH($D20,$M$12:$M$13,0))/12 -> #N/A | V20: =$V$14*($K20+$L20) -> #VALUE! | X20: =$N$15*($H20+$I20+$J20) -> 0 | Y20: =IF($C20="x",0,MAX(SUM($P20,$R20:$T20)-$X20,0)) -> #VALUE!
N21: =$N$7*$E21+$N$8*$F21 -> #VALUE! | O21: =$O$9*$G21 -> #VALUE! | P21: =$P$7*$E21+$P$8*$F21 -> #VALUE! | Q21: =$Q$9*$G21 -> #VALUE! | R21: =$R$10*($H21+$I21)+$R$11*$J21 -> #VALUE! | S21: =$S$10*($H21+$I21+$J21) -> #VALUE! | T21: =$T$10*($H21+$I21+$J21) -> #DIV/0! | U21: =INDEX($U$12:$U$13,MATCH($D21,$M$12:$M$13,0))/12 -> #N/A | V21: =$V$14*($K21+$L21) -> #VALUE! | X21: =$N$15*($H21+$I21+$J21) -> 0 | Y21: =IF($C21="x",0,MAX(SUM($P21,$R21:$T21)-$X21,0)) -> #VALUE!
N22: =$N$7*$E22+$N$8*$F22 -> #VALUE! | O22: =$O$9*$G22 -> #VALUE! | P22: =$P$7*$E22+$P$8*$F22 -> #VALUE! | Q22: =$Q$9*$G22 -> #VALUE! | R22: =$R$10*($H22+$I22)+$R$11*$J22 -> #VALUE! | S22: =$S$10*($H22+$I22+$J22) -> #VALUE! | T22: =$T$10*($H22+$I22+$J22) -> #DIV/0! | U22: =INDEX($U$12:$U$13,MATCH($D22,$M$12:$M$13,0))/12 -> #N/A | V22: =$V$14*($K22+$L22) -> #VALUE! | X22: =$N$15*($H22+$I22+$J22) -> 0 | Y22: =IF($C22="x",0,MAX(SUM($P22,$R22:$T22)-$X22,0)) -> #VALUE!
N23: =$N$7*$E23+$N$8*$F23 -> #VALUE! | O23: =$O$9*$G23 -> #VALUE! | P23: =$P$7*$E23+$P$8*$F23 -> #VALUE! | Q23: =$Q$9*$G23 -> #VALUE! | R23: =$R$10*($H23+$I23)+$R$11*$J23 -> #VALUE! | S23: =$S$10*($H23+$I23+$J23) -> #VALUE! | T23: =$T$10*($H23+$I23+$J23) -> #DIV/0! | U23: =INDEX($U$12:$U$13,MATCH($D23,$M$12:$M$13,0))/12 -> #N/A | V23: =$V$14*($K23+$L23) -> #VALUE! | X23: =$N$15*($H23+$I23+$J23) -> 0 | Y23: =IF($C23="x",0,MAX(SUM($P23,$R23:$T23)-$X23,0)) -> #VALUE!
N24: =$N$7*$E24+$N$8*$F24 -> #VALUE! | O24: =$O$9*$G24 -> #VALUE! | P24: =$P$7*$E24+$P$8*$F24 -> #VALUE! | Q24: =$Q$9*$G24 -> #VALUE! | R24: =$R$10*($H24+$I24)+$R$11*$J24 -> #VALUE! | S24: =$S$10*($H24+$I24+$J24) -> #VALUE! | T24: =$T$10*($H24+$I24+$J24) -> #DIV/0! | U24: =INDEX($U$12:$U$13,MATCH($D24,$M$12:$M$13,0))/12 -> #N/A | V24: =$V$14*($K24+$L24) -> #VALUE! | X24: =$N$15*($H24+$I24+$J24) -> 0 | Y24: =IF($C24="x",0,MAX(SUM($P24,$R24:$T24)-$X24,0)) -> #VALUE!
N25: =$N$7*$E25+$N$8*$F25 -> #VALUE! | O25: =$O$9*$G25 -> #VALUE! | P25: =$P$7*$E25+$P$8*$F25 -> #VALUE! | Q25: =$Q$9*$G25 -> #VALUE! | R25: =$R$10*($H25+$I25)+$R$11*$J25 -> #VALUE! | S25: =$S$10*($H25+$I25+$J25) -> #VALUE! | T25: =$T$10*($H25+$I25+$J25) -> #DIV/0! | U25: =INDEX($U$12:$U$13,MATCH($D25,$M$12:$M$13,0))/12 -> #N/A | V25: =$V$14*($K25+$L25) -> #VALUE! | X25: =$N$15*($H25+$I25+$J25) -> 0 | Y25: =IF($C25="x",0,MAX(SUM($P25,$R25:$T25)-$X25,0)) -> #VALUE!
N26: =$N$7*$E26+$N$8*$F26 -> #VALUE! | O26: =$O$9*$G26 -> #VALUE! | P26: =$P$7*$E26+$P$8*$F26 -> #VALUE! | Q26: =$Q$9*$G26 -> #VALUE! | R26: =$R$10*($H26+$I26)+$R$11*$J26 -> #VALUE! | S26: =$S$10*($H26+$I26+$J26) -> #VALUE! | T26: =$T$10*($H26+$I26+$J26) -> #DIV/0! | U26: =INDEX($U$12:$U$13,MATCH($D26,$M$12:$M$13,0))/12 -> #N/A | V26: =$V$14*($K26+$L26) -> #VALUE! | X26: =$N$15*($H26+$I26+$J26) -> 0 | Y26: =IF($C26="x",0,MAX(SUM($P26,$R26:$T26)-$X26,0)) -> #VALUE!
N27: =$N$7*$E27+$N$8*$F27 -> #VALUE! | O27: =$O$9*$G27 -> #VALUE! | P27: =$P$7*$E27+$P$8*$F27 -> #VALUE! | Q27: =$Q$9*$G27 -> #VALUE! | R27: =$R$10*($H27+$I27)+$R$11*$J27 -> #VALUE! | S27: =$S$10*($H27+$I27+$J27) -> #VALUE! | T27: =$T$10*($H27+$I27+$J27) -> #DIV/0! | U27: =INDEX($U$12:$U$13,MATCH($D27,$M$12:$M$13,0))/12 -> #N/A | V27: =$V$14*($K27+$L27) -> #VALUE! | X27: =$N$15*($H27+$I27+$J27) -> 0 | Y27: =IF($C27="x",0,MAX(SUM($P27,$R27:$T27)-$X27,0)) -> #VALUE!
N28: =$N$7*$E28+$N$8*$F28 -> #VALUE! | O28: =$O$9*$G28 -> #VALUE! | P28: =$P$7*$E28+$P$8*$F28 -> #VALUE! | Q28: =$Q$9*$G28 -> #VALUE! | R28: =$R$10*($H28+$I28)+$R$11*$J28 -> #VALUE! | S28: =$S$10*($H28+$I28+$J28) -> #VALUE! | T28: =$T$10*($H28+$I28+$J28) -> #DIV/0! | U28: =INDEX($U$12:$U$13,MATCH($D28,$M$12:$M$13,0))/12 -> #N/A | V28: =$V$14*($K28+$L28) -> #VALUE! | X28: =$N$15*($H28+$I28+$J28) -> 0 | Y28: =IF($C28="x",0,MAX(SUM($P28,$R28:$T28)-$X28,0)) -> #VALUE!
N29: =$N$7*$E29+$N$8*$F29 -> #VALUE! | O29: =$O$9*$G29 -> #VALUE! | P29: =$P$7*$E29+$P$8*$F29 -> #VALUE! | Q29: =$Q$9*$G29 -> #VALUE! | R29: =$R$10*($H29+$I29)+$R$11*$J29 -> #VALUE! | S29: =$S$10*($H29+$I29+$J29) -> #VALUE! | T29: =$T$10*($H29+$I29+$J29) -> #DIV/0! | U29: =INDEX($U$12:$U$13,MATCH($D29,$M$12:$M$13,0))/12 -> #N/A | V29: =$V$14*($K29+$L29) -> #VALUE! | X29: =$N$15*($H29+$I29+$J29) -> 0 | Y29: =IF($C29="x",0,MAX(SUM($P29,$R29:$T29)-$X29,0)) -> #VALUE!
N30: =$N$7*$E30+$N$8*$F30 -> #VALUE! | O30: =$O$9*$G30 -> #VALUE! | P30: =$P$7*$E30+$P$8*$F30 -> #VALUE! | Q30: =$Q$9*$G30 -> #VALUE! | R30: =$R$10*($H30+$I30)+$R$11*$J30 -> #VALUE! | S30: =$S$10*($H30+$I30+$J30) -> #VALUE! | T30: =$T$10*($H30+$I30+$J30) -> #DIV/0! | U30: =INDEX($U$12:$U$13,MATCH($D30,$M$12:$M$13,0))/12 -> #N/A | V30: =$V$14*($K30+$L30) -> #VALUE! | X30: =$N$15*($H30+$I30+$J30) -> 0 | Y30: =IF($C30="x",0,MAX(SUM($P30,$R30:$T30)-$X30,0)) -> #VALUE!
N31: =$N$7*$E31+$N$8*$F31 -> #VALUE! | O31: =$O$9*$G31 -> #VALUE! | P31: =$P$7*$E31+$P$8*$F31 -> #VALUE! | Q31: =$Q$9*$G31 -> #VALUE! | R31: =$R$10*($H31+$I31)+$R$11*$J31 -> #VALUE! | S31: =$S$10*($H31+$I31+$J31) -> #VALUE! | T31: =$T$10*($H31+$I31+$J31) -> #DIV/0! | U31: =INDEX($U$12:$U$13,MATCH($D31,$M$12:$M$13,0))/12 -> #N/A | V31: =$V$14*($K31+$L31) -> #VALUE! | X31: =$N$15*($H31+$I31+$J31) -> 0 | Y31: =IF($C31="x",0,MAX(SUM($P31,$R31:$T31)-$X31,0)) -> #VALUE!
... N38: =$N$7*$E38+$N$8*$F38 -> #VALUE! | O38: =$O$9*$G38 -> #VALUE! | P38: =$P$7*$E38+$P$8*$F38 -> #VALUE! | Q38: =$Q$9*$G38 -> #VALUE! | R38: =$R$10*($H38+$I38)+$R$11*$J38 -> #VALUE! | S38: =$S$10*($H38+$I38+$J38) -> #VALUE! | T38: =$T$10*($H38+$I38+$J38) -> #DIV/0! | U38: =INDEX($U$12:$U$13,MATCH($D38,$M$12:$M$13,0))/12 -> #N/A | V38: =$V$14*($K38+$L38) -> #VALUE! | X38: =$N$15*($H38+$I38+$J38) -> 0 | Y38: =IF($C38="x",0,MAX(SUM($P38,$R38:$T38)-$X38,0)) -> #VALUE!
B39: Afnameklanten op TRLS | D39: =COUNTIFS($B$20:$B$38,$B39) -> 0 | E39: =SUMIFS(E$20:E$38,$B$20:$B$38,$B39) -> 0 | F39: =SUMIFS(F$20:F$38,$B$20:$B$38,$B39) -> 0 | G39: =SUMIFS(G$20:G$38,$B$20:$B$38,$B39) -> 0 | H39: =SUMIFS(H$20:H$38,$B$20:$B$38,$B39) -> 0 | I39: =SUMIFS(I$20:I$38,$B$20:$B$38,$B39) -> 0 | J39: =SUMIFS(J$20:J$38,$B$20:$B$38,$B39) -> 0 | K39: =SUMIFS(K$20:K$38,$B$20:$B$38,$B39) -> 0 | L39: =SUMIFS(L$20:L$38,$B$20:$B$38,$B39) -> 0 | N39: =SUMIFS(N$20:N$38,$B$20:$B$38,$B39) -> 0 | O39: =SUMIFS(O$20:O$38,$B$20:$B$38,$B39) -> 0 | P39: =SUMIFS(P$20:P$38,$B$20:$B$38,$B39) -> 0 | Q39: =SUMIFS(Q$20:Q$38,$B$20:$B$38,$B39) -> 0 | R39: =SUMIFS(R$20:R$38,$B$20:$B$38,$B39) -> 0 | S39: =SUMIFS(S$20:S$38,$B$20:$B$38,$B39) -> 0 | U39: =SUMIFS(U$20:U$38,$B$20:$B$38,$B39) -> 0 | V39: =SUMIFS(V$20:V$38,$B$20:$B$38,$B39) -> 0 | Y39: =SUMIFS(Y$20:Y$38,$B$20:$B$38,$B39) -> 0
A40: Totaal | D40: =COUNT(D$20:D$38) -> 0 | E40: =SUM(E$20:E$38) -> 0 | F40: =SUM(F$20:F$38) -> 0 | G40: =SUM(G$20:G$38) -> 0 | H40: =SUM(H$20:H$38) -> 0 | I40: =SUM(I$20:I$38) -> 0 | J40: =SUM(J$20:J$38) -> 0 | K40: =SUM(K$20:K$38) -> 0 | L40: =SUM(L$20:L$38) -> 0 | N40: =SUBTOTAL(109,N$20:N$38) -> #VALUE! | O40: =SUBTOTAL(109,O$20:O$38) -> #VALUE! | P40: =SUBTOTAL(109,P$20:P$38) -> #VALUE! | Q40: =SUBTOTAL(109,Q$20:Q$38) -> #VALUE! | R40: =SUBTOTAL(109,R$20:R$38) -> #VALUE! | S40: =SUBTOTAL(109,S$20:S$38) -> #VALUE! | U40: =SUBTOTAL(109,U$20:U$38) -> #N/A | V40: =SUBTOTAL(109,V$20:V$38) -> #VALUE! | Y40: =SUBTOTAL(109,Y$20:Y$38) -> #VALUE!

Sheet Max Afname LS
A1: Toepassing van maximumtarieven - Afname LS
B4: Distributienetbeheerder: | D4: =DNB -> Naam distributienetbeheerder
I7: Tarieven | J7: kWgemMP | K7: =INDEX(Tabel3B[Afnameklanten op LS met piekmeting],4) -> #DIV/0! | L7: =$K$7*$L$15 -> #DIV/0!
J8: kWhafn | K8: =INDEX(Tabel3B[Afnameklanten op LS met piekmeting],6) -> #DIV/0! | L8: =$K$8*$L$15 -> #DIV/0! | M8: =INDEX(Tabel3B[Afnameklanten op LS met piekmeting],15) -> #VALUE! | N8: =INDEX(Tabel3B[Afnameklanten op LS met piekmeting],17) -> #VALUE! | O8: =INDEX(Tabel3B[Afnameklanten op LS met piekmeting],18) -> #DIV/0!
J9: kWhafn XN | K9: =INDEX(Tabel3B[Afnameklanten op LS met piekmeting],6) -> #DIV/0! | L9: =$K$9*$L$15 -> #DIV/0! | M9: =INDEX(Tabel3B[Afnameklanten op LS met piekmeting],16) -> #VALUE!
J10: AMR | P10: =INDEX(Tabel3B[Afnameklanten op LS met piekmeting],9) -> #DIV/0!
J11: MMR | P11: =INDEX(Tabel3B[Afnameklanten op LS met piekmeting],10) -> #DIV/0!
J12: DM - MR1 | P12: =INDEX(Tabel3B[Afnameklanten op LS met piekmeting],11) -> #DIV/0!
J13: DM - MR3 | P13: =INDEX(Tabel3B[Afnameklanten op LS met piekmeting],12) -> #DIV/0!
J14: Maximum
J15: Tariefverhoging | L15: =PROCENT_VERHOGING_NA_MAX -> 1
K17: Vóór toepassing van het maximumtarief | L17: Na tariefverhoging | M17: Openbare dienstverplichtingen | N17: Toeslagen | O17: Overige transmissie | P17: Databeheer | R17: Na toepassing van het maximumtarief
A18: EAN-code | B18: Klantengroep | C18: Noodvoeding? | D18: Facturatie | E18: Metertype | F18: kWgemMP | G18: kWhafn NU | H18: kWhafn SU | I18: kWhafn XN | K18: Netgebruik | L18: Netgebruik | R18: Maximum | S18: Niet-geïnd
K19: =IF($B19="Doorvoer op LS met piekmeting",FACTOR_DOORVOER,1)*($K$7*$F19+$K$8*($G19+$H19)+$K$9*$I19) -> #DIV/0! | L19: =IF($B19="Doorvoer op LS met piekmeting",FACTOR_DOORVOER,1)*($L$7*$F19+$L$8*($G19+$H19)+$L$9*$I19) -> #DIV/0! | M19: =IF($B19="Doorvoer op LS met piekmeting",FACTOR_DOORVOER,1)*$M$8*($G19+$H19)+$M$9*$I19 -> #VALUE! | N19: =IF($B19="Doorvoer op LS met piekmeting",FACTOR_DOORVOER,1)*$N$8*($G19+$H19+$I19) -> #VALUE! | O19: =IF($B19="Doorvoer op LS met piekmeting",FACTOR_DOORVOER,1)*$O$8*($G19+$H19+$I19) -> #DIV/0! | P19: =IF($B19="Doorvoer op LS met piekmeting",FACTOR_DOORVOER,1)*INDEX($P$10:$P$13,MATCH($E19,$J$10:$J$13,0))/IF($D19="Op maandbasis",12,1) -> #N/A | R19: =IF($B19="Doorvoer op LS met piekmeting",FACTOR_DOORVOER,1)*MAX(FACTOR_VAST*$L$7,$K$14*($G19+$H19+$I19)) -> #DIV/0! | S19: =IF($C19="x",0,MAX(SUM($L19,$M19:$O19)-$R19,0)) -> #DIV/0!
K20: =IF($B20="Doorvoer op LS met piekmeting",FACTOR_DOORVOER,1)*($K$7*$F20+$K$8*($G20+$H20)+$K$9*$I20) -> #DIV/0! | L20: =IF($B20="Doorvoer op LS met piekmeting",FACTOR_DOORVOER,1)*($L$7*$F20+$L$8*($G20+$H20)+$L$9*$I20) -> #DIV/0! | M20: =IF($B20="Doorvoer op LS met piekmeting",FACTOR_DOORVOER,1)*$M$8*($G20+$H20)+$M$9*$I20 -> #VALUE! | N20: =IF($B20="Doorvoer op LS met piekmeting",FACTOR_DOORVOER,1)*$N$8*($G20+$H20+$I20) -> #VALUE! | O20: =IF($B20="Doorvoer op LS met piekmeting",FACTOR_DOORVOER,1)*$O$8*($G20+$H20+$I20) -> #DIV/0! | P20: =IF($B20="Doorvoer op LS met piekmeting",FACTOR_DOORVOER,1)*INDEX($P$10:$P$13,MATCH($E20,$J$10:$J$13,0))/IF($D20="Op maandbasis",12,1) -> #N/A | R20: =IF($B20="Doorvoer op LS met piekmeting",FACTOR_DOORVOER,1)*MAX(FACTOR_VAST*$L$7,$K$14*($G20+$H20+$I20)) -> #DIV/0! | S20: =IF($C20="x",0,MAX(SUM($L20,$M20:$O20)-$R20,0)) -> #DIV/0!
K21: =IF($B21="Doorvoer op LS met piekmeting",FACTOR_DOORVOER,1)*($K$7*$F21+$K$8*($G21+$H21)+$K$9*$I21) -> #DIV/0! | L21: =IF($B21="Doorvoer op LS met piekmeting",FACTOR_DOORVOER,1)*($L$7*$F21+$L$8*($G21+$H21)+$L$9*$I21) -> #DIV/0! | M21: =IF($B21="Doorvoer op LS met piekmeting",FACTOR_DOORVOER,1)*$M$8*($G21+$H21)+$M$9*$I21 -> #VALUE! | N21: =IF($B21="Doorvoer op LS met piekmeting",FACTOR_DOORVOER,1)*$N$8*($G21+$H21+$I21) -> #VALUE! | O21: =IF($B21="Doorvoer op LS met piekmeting",FACTOR_DOORVOER,1)*$O$8*($G21+$H21+$I21) -> #DIV/0! | P21: =IF($B21="Doorvoer op LS met piekmeting",FACTOR_DOORVOER,1)*INDEX($P$10:$P$13,MATCH($E21,$J$10:$J$13,0))/IF($D21="Op maandbasis",12,1) -> #N/A | R21: =IF($B21="Doorvoer op LS met piekmeting",FACTOR_DOORVOER,1)*MAX(FACTOR_VAST*$L$7,$K$14*($G21+$H21+$I21)) -> #DIV/0! | S21: =IF($C21="x",0,MAX(SUM($L21,$M21:$O21)-$R21,0)) -> #DIV/0!
K22: =IF($B22="Doorvoer op LS met piekmeting",FACTOR_DOORVOER,1)*($K$7*$F22+$K$8*($G22+$H22)+$K$9*$I22) -> #DIV/0! | L22: =IF($B22="Doorvoer op LS met piekmeting",FACTOR_DOORVOER,1)*($L$7*$F22+$L$8*($G22+$H22)+$L$9*$I22) -> #DIV/0! | M22: =IF($B22="Doorvoer op LS met piekmeting",FACTOR_DOORVOER,1)*$M$8*($G22+$H22)+$M$9*$I22 -> #VALUE! | N22: =IF($B22="Doorvoer op LS met piekmeting",FACTOR_DOORVOER,1)*$N$8*($G22+$H22+$I22) -> #VALUE! | O22: =IF($B22="Doorvoer op LS met piekmeting",FACTOR_DOORVOER,1)*$O$8*($G22+$H22+$I22) -> #DIV/0! | P22: =IF($B22="Doorvoer op LS met piekmeting",FACTOR_DOORVOER,1)*INDEX($P$10:$P$13,MATCH($E22,$J$10:$J$13,0))/IF($D22="Op maandbasis",12,1) -> #N/A | R22: =IF($B22="Doorvoer op LS met piekmeting",FACTOR_DOORVOER,1)*MAX(FACTOR_VAST*$L$7,$K$14*($G22+$H22+$I22)) -> #DIV/0! | S22: =IF($C22="x",0,MAX(SUM($L22,$M22:$O22)-$R22,0)) -> #DIV/0!
K23: =IF($B23="Doorvoer op LS met piekmeting",FACTOR_DOORVOER,1)*($K$7*$F23+$K$8*($G23+$H23)+$K$9*$I23) -> #DIV/0! | L23: =IF($B23="Doorvoer op LS met piekmeting",FACTOR_DOORVOER,1)*($L$7*$F23+$L$8*($G23+$H23)+$L$9*$I23) -> #DIV/0! | M23: =IF($B23="Doorvoer op LS met piekmeting",FACTOR_DOORVOER,1)*$M$8*($G23+$H23)+$M$9*$I23 -> #VALUE! | N23: =IF($B23="Doorvoer op LS met piekmeting",FACTOR_DOORVOER,1)*$N$8*($G23+$H23+$I23) -> #VALUE! | O23: =IF($B23="Doorvoer op LS met piekmeting",FACTOR_DOORVOER,1)*$O$8*($G23+$H23+$I23) -> #DIV/0! | P23: =IF($B23="Doorvoer op LS met piekmeting",FACTOR_DOORVOER,1)*INDEX($P$10:$P$13,MATCH($E23,$J$10:$J$13,0))/IF($D23="Op maandbasis",12,1) -> #N/A | R23: =IF($B23="Doorvoer op LS met piekmeting",FACTOR_DOORVOER,1)*MAX(FACTOR_VAST*$L$7,$K$14*($G23+$H23+$I23)) -> #DIV/0! | S23: =IF($C23="x",0,MAX(SUM($L23,$M23:$O23)-$R23,0)) -> #DIV/0!
K24: =IF($B24="Doorvoer op LS met piekmeting",FACTOR_DOORVOER,1)*($K$7*$F24+$K$8*($G24+$H24)+$K$9*$I24) -> #DIV/0! | L24: =IF($B24="Doorvoer op LS met piekmeting",FACTOR_DOORVOER,1)*($L$7*$F24+$L$8*($G24+$H24)+$L$9*$I24) -> #DIV/0! | M24: =IF($B24="Doorvoer op LS met piekmeting",FACTOR_DOORVOER,1)*$M$8*($G24+$H24)+$M$9*$I24 -> #VALUE! | N24: =IF($B24="Doorvoer op LS met piekmeting",FACTOR_DOORVOER,1)*$N$8*($G24+$H24+$I24) -> #VALUE! | O24: =IF($B24="Doorvoer op LS met piekmeting",FACTOR_DOORVOER,1)*$O$8*($G24+$H24+$I24) -> #DIV/0! | P24: =IF($B24="Doorvoer op LS met piekmeting",FACTOR_DOORVOER,1)*INDEX($P$10:$P$13,MATCH($E24,$J$10:$J$13,0))/IF($D24="Op maandbasis",12,1) -> #N/A | R24: =IF($B24="Doorvoer op LS met piekmeting",FACTOR_DOORVOER,1)*MAX(FACTOR_VAST*$L$7,$K$14*($G24+$H24+$I24)) -> #DIV/0! | S24: =IF($C24="x",0,MAX(SUM($L24,$M24:$O24)-$R24,0)) -> #DIV/0!
K25: =IF($B25="Doorvoer op LS met piekmeting",FACTOR_DOORVOER,1)*($K$7*$F25+$K$8*($G25+$H25)+$K$9*$I25) -> #DIV/0! | L25: =IF($B25="Doorvoer op LS met piekmeting",FACTOR_DOORVOER,1)*($L$7*$F25+$L$8*($G25+$H25)+$L$9*$I25) -> #DIV/0! | M25: =IF($B25="Doorvoer op LS met piekmeting",FACTOR_DOORVOER,1)*$M$8*($G25+$H25)+$M$9*$I25 -> #VALUE! | N25: =IF($B25="Doorvoer op LS met piekmeting",FACTOR_DOORVOER,1)*$N$8*($G25+$H25+$I25) -> #VALUE! | O25: =IF($B25="Doorvoer op LS met piekmeting",FACTOR_DOORVOER,1)*$O$8*($G25+$H25+$I25) -> #DIV/0! | P25: =IF($B25="Doorvoer op LS met piekmeting",FACTOR_DOORVOER,1)*INDEX($P$10:$P$13,MATCH($E25,$J$10:$J$13,0))/IF($D25="Op maandbasis",12,1) -> #N/A | R25: =IF($B25="Doorvoer op LS met piekmeting",FACTOR_DOORVOER,1)*MAX(FACTOR_VAST*$L$7,$K$14*($G25+$H25+$I25)) -> #DIV/0! | S25: =IF($C25="x",0,MAX(SUM($L25,$M25:$O25)-$R25,0)) -> #DIV/0!
K26: =IF($B26="Doorvoer op LS met piekmeting",FACTOR_DOORVOER,1)*($K$7*$F26+$K$8*($G26+$H26)+$K$9*$I26) -> #DIV/0! | L26: =IF($B26="Doorvoer op LS met piekmeting",FACTOR_DOORVOER,1)*($L$7*$F26+$L$8*($G26+$H26)+$L$9*$I26) -> #DIV/0! | M26: =IF($B26="Doorvoer op LS met piekmeting",FACTOR_DOORVOER,1)*$M$8*($G26+$H26)+$M$9*$I26 -> #VALUE! | N26: =IF($B26="Doorvoer op LS met piekmeting",FACTOR_DOORVOER,1)*$N$8*($G26+$H26+$I26) -> #VALUE! | O26: =IF($B26="Doorvoer op LS met piekmeting",FACTOR_DOORVOER,1)*$O$8*($G26+$H26+$I26) -> #DIV/0! | P26: =IF($B26="Doorvoer op LS met piekmeting",FACTOR_DOORVOER,1)*INDEX($P$10:$P$13,MATCH($E26,$J$10:$J$13,0))/IF($D26="Op maandbasis",12,1) -> #N/A | R26: =IF($B26="Doorvoer op LS met piekmeting",FACTOR_DOORVOER,1)*MAX(FACTOR_VAST*$L$7,$K$14*($G26+$H26+$I26)) -> #DIV/0! | S26: =IF($C26="x",0,MAX(SUM($L26,$M26:$O26)-$R26,0)) -> #DIV/0!
K27: =IF($B27="Doorvoer op LS met piekmeting",FACTOR_DOORVOER,1)*($K$7*$F27+$K$8*($G27+$H27)+$K$9*$I27) -> #DIV/0! | L27: =IF($B27="Doorvoer op LS met piekmeting",FACTOR_DOORVOER,1)*($L$7*$F27+$L$8*($G27+$H27)+$L$9*$I27) -> #DIV/0! | M27: =IF($B27="Doorvoer op LS met piekmeting",FACTOR_DOORVOER,1)*$M$8*($G27+$H27)+$M$9*$I27 -> #VALUE! | N27: =IF($B27="Doorvoer op LS met piekmeting",FACTOR_DOORVOER,1)*$N$8*($G27+$H27+$I27) -> #VALUE! | O27: =IF($B27="Doorvoer op LS met piekmeting",FACTOR_DOORVOER,1)*$O$8*($G27+$H27+$I27) -> #DIV/0! | P27: =IF($B27="Doorvoer op LS met piekmeting",FACTOR_DOORVOER,1)*INDEX($P$10:$P$13,MATCH($E27,$J$10:$J$13,0))/IF($D27="Op maandbasis",12,1) -> #N/A | R27: =IF($B27="Doorvoer op LS met piekmeting",FACTOR_DOORVOER,1)*MAX(FACTOR_VAST*$L$7,$K$14*($G27+$H27+$I27)) -> #DIV/0! | S27: =IF($C27="x",0,MAX(SUM($L27,$M27:$O27)-$R27,0)) -> #DIV/0!
K28: =IF($B28="Doorvoer op LS met piekmeting",FACTOR_DOORVOER,1)*($K$7*$F28+$K$8*($G28+$H28)+$K$9*$I28) -> #DIV/0! | L28: =IF($B28="Doorvoer op LS met piekmeting",FACTOR_DOORVOER,1)*($L$7*$F28+$L$8*($G28+$H28)+$L$9*$I28) -> #DIV/0! | M28: =IF($B28="Doorvoer op LS met piekmeting",FACTOR_DOORVOER,1)*$M$8*($G28+$H28)+$M$9*$I28 -> #VALUE! | N28: =IF($B28="Doorvoer op LS met piekmeting",FACTOR_DOORVOER,1)*$N$8*($G28+$H28+$I28) -> #VALUE! | O28: =IF($B28="Doorvoer op LS met piekmeting",FACTOR_DOORVOER,1)*$O$8*($G28+$H28+$I28) -> #DIV/0! | P28: =IF($B28="Doorvoer op LS met piekmeting",FACTOR_DOORVOER,1)*INDEX($P$10:$P$13,MATCH($E28,$J$10:$J$13,0))/IF($D28="Op maandbasis",12,1) -> #N/A | R28: =IF($B28="Doorvoer op LS met piekmeting",FACTOR_DOORVOER,1)*MAX(FACTOR_VAST*$L$7,$K$14*($G28+$H28+$I28)) -> #DIV/0! | S28: =IF($C28="x",0,MAX(SUM($L28,$M28:$O28)-$R28,0)) -> #DIV/0!
K29: =IF($B29="Doorvoer op LS met piekmeting",FACTOR_DOORVOER,1)*($K$7*$F29+$K$8*($G29+$H29)+$K$9*$I29) -> #DIV/0! | L29: =IF($B29="Doorvoer op LS met piekmeting",FACTOR_DOORVOER,1)*($L$7*$F29+$L$8*($G29+$H29)+$L$9*$I29) -> #DIV/0! | M29: =IF($B29="Doorvoer op LS met piekmeting",FACTOR_DOORVOER,1)*$M$8*($G29+$H29)+$M$9*$I29 -> #VALUE! | N29: =IF($B29="Doorvoer op LS met piekmeting",FACTOR_DOORVOER,1)*$N$8*($G29+$H29+$I29) -> #VALUE! | O29: =IF($B29="Doorvoer op LS met piekmeting",FACTOR_DOORVOER,1)*$O$8*($G29+$H29+$I29) -> #DIV/0! | P29: =IF($B29="Doorvoer op LS met piekmeting",FACTOR_DOORVOER,1)*INDEX($P$10:$P$13,MATCH($E29,$J$10:$J$13,0))/IF($D29="Op maandbasis",12,1) -> #N/A | R29: =IF($B29="Doorvoer op LS met piekmeting",FACTOR_DOORVOER,1)*MAX(FACTOR_VAST*$L$7,$K$14*($G29+$H29+$I29)) -> #DIV/0! | S29: =IF($C29="x",0,MAX(SUM($L29,$M29:$O29)-$R29,0)) -> #DIV/0!
K30: =IF($B30="Doorvoer op LS met piekmeting",FACTOR_DOORVOER,1)*($K$7*$F30+$K$8*($G30+$H30)+$K$9*$I30) -> #DIV/0! | L30: =IF($B30="Doorvoer op LS met piekmeting",FACTOR_DOORVOER,1)*($L$7*$F30+$L$8*($G30+$H30)+$L$9*$I30) -> #DIV/0! | M30: =IF($B30="Doorvoer op LS met piekmeting",FACTOR_DOORVOER,1)*$M$8*($G30+$H30)+$M$9*$I30 -> #VALUE! | N30: =IF($B30="Doorvoer op LS met piekmeting",FACTOR_DOORVOER,1)*$N$8*($G30+$H30+$I30) -> #VALUE! | O30: =IF($B30="Doorvoer op LS met piekmeting",FACTOR_DOORVOER,1)*$O$8*($G30+$H30+$I30) -> #DIV/0! | P30: =IF($B30="Doorvoer op LS met piekmeting",FACTOR_DOORVOER,1)*INDEX($P$10:$P$13,MATCH($E30,$J$10:$J$13,0))/IF($D30="Op maandbasis",12,1) -> #N/A | R30: =IF($B30="Doorvoer op LS met piekmeting",FACTOR_DOORVOER,1)*MAX(FACTOR_VAST*$L$7,$K$14*($G30+$H30+$I30)) -> #DIV/0! | S30: =IF($C30="x",0,MAX(SUM($L30,$M30:$O30)-$R30,0)) -> #DIV/0!
... K37: =IF($B37="Doorvoer op LS met piekmeting",FACTOR_DOORVOER,1)*($K$7*$F37+$K$8*($G37+$H37)+$K$9*$I37) -> #DIV/0! | L37: =IF($B37="Doorvoer op LS met piekmeting",FACTOR_DOORVOER,1)*($L$7*$F37+$L$8*($G37+$H37)+$L$9*$I37) -> #DIV/0! | M37: =IF($B37="Doorvoer op LS met piekmeting",FACTOR_DOORVOER,1)*$M$8*($G37+$H37)+$M$9*$I37 -> #VALUE! | N37: =IF($B37="Doorvoer op LS met piekmeting",FACTOR_DOORVOER,1)*$N$8*($G37+$H37+$I37) -> #VALUE! | O37: =IF($B37="Doorvoer op LS met piekmeting",FACTOR_DOORVOER,1)*$O$8*($G37+$H37+$I37) -> #DIV/0! | P37: =IF($B37="Doorvoer op LS met piekmeting",FACTOR_DOORVOER,1)*INDEX($P$10:$P$13,MATCH($E37,$J$10:$J$13,0))/IF($D37="Op maandbasis",12,1) -> #N/A | R37: =IF($B37="Doorvoer op LS met piekmeting",FACTOR_DOORVOER,1)*MAX(FACTOR_VAST*$L$7,$K$14*($G37+$H37+$I37)) -> #DIV/0! | S37: =IF($C37="x",0,MAX(SUM($L37,$M37:$O37)-$R37,0)) -> #DIV/0!
B38: Afnameklanten op LS met piekmeting | E38: =COUNTIFS($B$19:$B$37,$B38) -> 0 | F38: =SUMIFS(F$19:F$37,$B$19:$B$37,$B38) -> 0 | G38: =SUMIFS(G$19:G$37,$B$19:$B$37,$B38) -> 0 | H38: =SUMIFS(H$19:H$37,$B$19:$B$37,$B38) -> 0 | I38: =SUMIFS(I$19:I$37,$B$19:$B$37,$B38) -> 0 | K38: =SUMIFS(K$19:K$37,$B$19:$B$37,$B38) -> 0 | L38: =SUMIFS(L$19:L$37,$B$19:$B$37,$B38) -> 0 | M38: =SUMIFS(M$19:M$37,$B$19:$B$37,$B38) -> 0 | N38: =SUMIFS(N$19:N$37,$B$19:$B$37,$B38) -> 0 | P38: =SUMIFS(P$19:P$37,$B$19:$B$37,$B38) -> 0 | S38: =SUMIFS(S$19:S$37,$B$19:$B$37,$B38) -> 0
B39: Doorvoer op LS met piekmeting | E39: =COUNTIFS($B$19:$B$37,$B39) -> 0 | F39: =SUMIFS(F$19:F$37,$B$19:$B$37,$B39) -> 0 | G39: =SUMIFS(G$19:G$37,$B$19:$B$37,$B39) -> 0 | H39: =SUMIFS(H$19:H$37,$B$19:$B$37,$B39) -> 0 | I39: =SUMIFS(I$19:I$37,$B$19:$B$37,$B39) -> 0 | K39: =SUMIFS(K$19:K$37,$B$19:$B$37,$B39) -> 0 | L39: =SUMIFS(L$19:L$37,$B$19:$B$37,$B39) -> 0 | M39: =SUMIFS(M$19:M$37,$B$19:$B$37,$B39) -> 0 | N39: =SUMIFS(N$19:N$37,$B$19:$B$37,$B39) -> 0 | P39: =SUMIFS(P$19:P$37,$B$19:$B$37,$B39) -> 0 | S39: =SUMIFS(S$19:S$37,$B$19:$B$37,$B39) -> 0
B40: Totaal | E40: =COUNT(E$19:E$37) -> 0 | F40: =SUM(F$19:F$37) -> 0 | G40: =SUM(G$19:G$37) -> 0 | H40: =SUM(H$19:H$37) -> 0 | I40: =SUM(I$19:I$37) -> 0 | K40: =SUBTOTAL(109,K$19:K$37) -> #DIV/0! | L40: =SUBTOTAL(109,L$19:L$37) -> #DIV/0! | M40: =SUBTOTAL(109,M$19:M$37) -> #VALUE! | N40: =SUBTOTAL(109,N$19:N$37) -> #VALUE! | P40: =SUBTOTAL(109,P$19:P$37) -> #N/A | S40: =SUBTOTAL(109,S$19:S$37) -> #DIV/0!

Sheet Max Injectie
A1: Toepassing van maximumtarieven - Afname LS
B4: Distributienetbeheerder: | D4: =DNB -> Naam distributienetbeheerder
D7: Tarieven | E7: kWhinj | F7: =INDEX(Tabel3B[Injectieklanten (∑)],7) -> #VALUE!
E8: PROD | G8: =INDEX(Tabel3B[Injectieklanten (∑)],14) -> #DIV/0!
E9: Maximum
E10: Tariefverhoging
F12: Netgebruik | G12: Databeheer | I12: Na toepassing van het maximumtarief
A13: EAN-code | B13: Klantengroep | C13: Metertype | D13: kWhinj | I13: Maximum | J13: Niet-geïnd
F14: =$D14*$F$7 -> #VALUE! | G14: =INDEX($G$8:$G$8,MATCH($C14,$E$8:$E$8,0)) -> #N/A | I14: =$F$9*$D14 -> 0 | J14: =MAX($F14-$I14,0) -> #VALUE!
F15: =$D15*$F$7 -> #VALUE! | G15: =INDEX($G$8:$G$8,MATCH($C15,$E$8:$E$8,0)) -> #N/A | I15: =$F$9*$D15 -> 0 | J15: =MAX($F15-$I15,0) -> #VALUE!
F16: =$D16*$F$7 -> #VALUE! | G16: =INDEX($G$8:$G$8,MATCH($C16,$E$8:$E$8,0)) -> #N/A | I16: =$F$9*$D16 -> 0 | J16: =MAX($F16-$I16,0) -> #VALUE!
F17: =$D17*$F$7 -> #VALUE! | G17: =INDEX($G$8:$G$8,MATCH($C17,$E$8:$E$8,0)) -> #N/A | I17: =$F$9*$D17 -> 0 | J17: =MAX($F17-$I17,0) -> #VALUE!
F18: =$D18*$F$7 -> #VALUE! | G18: =INDEX($G$8:$G$8,MATCH($C18,$E$8:$E$8,0)) -> #N/A | I18: =$F$9*$D18 -> 0 | J18: =MAX($F18-$I18,0) -> #VALUE!
F19: =$D19*$F$7 -> #VALUE! | G19: =INDEX($G$8:$G$8,MATCH($C19,$E$8:$E$8,0)) -> #N/A | I19: =$F$9*$D19 -> 0 | J19: =MAX($F19-$I19,0) -> #VALUE!
F20: =$D20*$F$7 -> #VALUE! | G20: =INDEX($G$8:$G$8,MATCH($C20,$E$8:$E$8,0)) -> #N/A | I20: =$F$9*$D20 -> 0 | J20: =MAX($F20-$I20,0) -> #VALUE!
F21: =$D21*$F$7 -> #VALUE! | G21: =INDEX($G$8:$G$8,MATCH($C21,$E$8:$E$8,0)) -> #N/A | I21: =$F$9*$D21 -> 0 | J21: =MAX($F21-$I21,0) -> #VALUE!
F22: =$D22*$F$7 -> #VALUE! | G22: =INDEX($G$8:$G$8,MATCH($C22,$E$8:$E$8,0)) -> #N/A | I22: =$F$9*$D22 -> 0 | J22: =MAX($F22-$I22,0) -> #VALUE!
F23: =$D23*$F$7 -> #VALUE! | G23: =INDEX($G$8:$G$8,MATCH($C23,$E$8:$E$8,0)) -> #N/A | I23: =$F$9*$D23 -> 0 | J23: =MAX($F23-$I23,0) -> #VALUE!
F24: =$D24*$F$7 -> #VALUE! | G24: =INDEX($G$8:$G$8,MATCH($C24,$E$8:$E$8,0)) -> #N/A | I24: =$F$9*$D24 -> 0 | J24: =MAX($F24-$I24,0) -> #VALUE!
F25: =$D25*$F$7 -> #VALUE! | G25: =INDEX($G$8:$G$8,MATCH($C25,$E$8:$E$8,0)) -> #N/A | I25: =$F$9*$D25 -> 0 | J25: =MAX($F25-$I25,0) -> #VALUE!
... F32: =$D32*$F$7 -> #VALUE! | G32: =INDEX($G$8:$G$8,MATCH($C32,$E$8:$E$8,0)) -> #N/A | I32: =$F$9*$D32 -> 0 | J32: =MAX($F32-$I32,0) -> #VALUE!
B33: Injectieklanten op TRHS | C33: =COUNTIFS($B$14:$B$32,$B33) -> 0 | D33: =SUMIFS(D$14:D$32,$B$14:$B$32,$B33) -> 0 | F33: =SUMIFS(F$14:F$32,$B$14:$B$32,$B33) -> 0 | G33: =SUMIFS(G$14:G$32,$B$14:$B$32,$B33) -> 0 | J33: =SUMIFS(J$14:J$32,$B$14:$B$32,$B33) -> 0
B34: Injectieklanten op >26-36kV | C34: =COUNTIFS($B$14:$B$32,$B34) -> 0 | D34: =SUMIFS(D$14:D$32,$B$14:$B$32,$B34) -> 0 | F34: =SUMIFS(F$14:F$32,$B$14:$B$32,$B34) -> 0 | G34: =SUMIFS(G$14:G$32,$B$14:$B$32,$B34) -> 0 | J34: =SUMIFS(J$14:J$32,$B$14:$B$32,$B34) -> 0
B35: Injectieklanten op 26-1kV | C35: =COUNTIFS($B$14:$B$32,$B35) -> 0 | D35: =SUMIFS(D$14:D$32,$B$14:$B$32,$B35) -> 0 | F35: =SUMIFS(F$14:F$32,$B$14:$B$32,$B35) -> 0 | G35: =SUMIFS(G$14:G$32,$B$14:$B$32,$B35) -> 0 | J35: =SUMIFS(J$14:J$32,$B$14:$B$32,$B35) -> 0
B36: Injectieklanten op TRLS | C36: =COUNTIFS($B$14:$B$32,$B36) -> 0 | D36: =SUMIFS(D$14:D$32,$B$14:$B$32,$B36) -> 0 | F36: =SUMIFS(F$14:F$32,$B$14:$B$32,$B36) -> 0 | G36: =SUMIFS(G$14:G$32,$B$14:$B$32,$B36) -> 0 | J36: =SUMIFS(J$14:J$32,$B$14:$B$32,$B36) -> 0
B37: Injectieklanten op LS | C37: =COUNTIFS($B$14:$B$32,$B37) -> 0 | D37: =SUMIFS(D$14:D$32,$B$14:$B$32,$B37) -> 0 | F37: =SUMIFS(F$14:F$32,$B$14:$B$32,$B37) -> 0 | G37: =SUMIFS(G$14:G$32,$B$14:$B$32,$B37) -> 0 | J37: =SUMIFS(J$14:J$32,$B$14:$B$32,$B37) -> 0
A38: Totaal | C38: =COUNT(C$14:C$32) -> 0 | D38: =SUM(D$14:D$32) -> 0 | F38: =SUBTOTAL(109,F$14:F$32) -> #VALUE! | G38: =SUBTOTAL(109,G$14:G$32) -> #N/A | J38: =SUBTOTAL(109,J$14:J$32) -> #VALUE!

Sheet T1
A1: ="TABEL 1: Budget per tariefcomponent voor gereguleerde activiteit 'elektriciteit'" -> TABEL 1: Budget per tariefcomponent voor gereguleerde activiteit 'elektriciteit'
B4: Distributienetbeheerder: | E4: =DNB -> Naam distributienetbeheerder
A7: Tariefcomponten | D7: Afname | H7: Injectie | L7: Totaal budget
D8: Budget voor exogene kosten | F8: Budget voor endogene kosten | H8: Budget voor exogene kosten | J8: Budget voor endogene kosten
D9: € | E9: % | J9: € | K9: % | L9: €
A10: Netgebruik | D10: =SUMIFS(Tabel2[Afnameklanten (∑)],Tabel2[Tariefcomponent],$A10,Tabel2[Kostenindeling 1],"Exogeen") -> 0 | E10: =IF(ISNUMBER($D10/($D10+$F10)),ROUND($D10/($D10+$F10),2),"") | F10: =SUMIFS(Tabel2[Afnameklanten (∑)],Tabel2[Tariefcomponent],$A10,Tabel2[Kostenindeling 1],"Endogeen") -> #VALUE! | G10: =IF(ISNUMBER($F10/($D10+$F10)),ROUND($F10/($D10+$F10),2),"") | H10: =SUMIFS(Tabel2[Injectieklanten (∑)],Tabel2[Tariefcomponent],$A10,Tabel2[Kostenindeling 1],"Exogeen") -> 0 | I10: =IF(ISNUMBER($H10/($H10+$J10)),ROUND($H10/($H10+$J10),2),"") | J10: =SUMIFS(Tabel2[Injectieklanten (∑)],Tabel2[Tariefcomponent],$A10,Tabel2[Kostenindeling 1],"Endogeen") -> #VALUE! | K10: =IF(ISNUMBER($J10/($H10+$J10)),ROUND($J10/($H10+$J10),2),"") | L10: =SUMIFS(Tabel2[Totale budget],Tabel2[Tariefcomponent],$A10) -> 0
A11: Reactieve energie | D11: =SUMIFS(Tabel2[Afnameklanten (∑)],Tabel2[Tariefcomponent],$A11,Tabel2[Kostenindeling 1],"Exogeen") -> 0 | E11: =IF(ISNUMBER($D11/($D11+$F11)),ROUND($D11/($D11+$F11),2),"") | F11: =SUMIFS(Tabel2[Afnameklanten (∑)],Tabel2[Tariefcomponent],$A11,Tabel2[Kostenindeling 1],"Endogeen") -> 0 | G11: =IF(ISNUMBER($F11/($D11+$F11)),ROUND($F11/($D11+$F11),2),"") | H11: =SUMIFS(Tabel2[Injectieklanten (∑)],Tabel2[Tariefcomponent],$A11,Tabel2[Kostenindeling 1],"Exogeen") -> 0 | I11: =IF(ISNUMBER($H11/($H11+$J11)),ROUND($H11/($H11+$J11),2),"") | J11: =SUMIFS(Tabel2[Injectieklanten (∑)],Tabel2[Tariefcomponent],$A11,Tabel2[Kostenindeling 1],"Endogeen") -> 0 | K11: =IF(ISNUMBER($J11/($H11+$J11)),ROUND($J11/($H11+$J11),2),"") | L11: =SUMIFS(Tabel2[Totale budget],Tabel2[Tariefcomponent],$A11) -> 0
A12: Databeheer | D12: =SUMIFS(Tabel2[Afnameklanten (∑)],Tabel2[Tariefcomponent],$A12,Tabel2[Kostenindeling 1],"Exogeen") -> 0 | E12: =IF(ISNUMBER($D12/($D12+$F12)),ROUND($D12/($D12+$F12),2),"") | F12: =SUMIFS(Tabel2[Afnameklanten (∑)],Tabel2[Tariefcomponent],$A12,Tabel2[Kostenindeling 1],"Endogeen") -> #VALUE! | G12: =IF(ISNUMBER($F12/($D12+$F12)),ROUND($F12/($D12+$F12),2),"") | H12: =SUMIFS(Tabel2[Injectieklanten (∑)],Tabel2[Tariefcomponent],$A12,Tabel2[Kostenindeling 1],"Exogeen") -> 0 | I12: =IF(ISNUMBER($H12/($H12+$J12)),ROUND($H12/($H12+$J12),2),"") | J12: =SUMIFS(Tabel2[Injectieklanten (∑)],Tabel2[Tariefcomponent],$A12,Tabel2[Kostenindeling 1],"Endogeen") -> #VALUE! | K12: =IF(ISNUMBER($J12/($H12+$J12)),ROUND($J12/($H12+$J12),2),"") | L12: =SUMIFS(Tabel2[Totale budget],Tabel2[Tariefcomponent],$A12) -> 0
A13: Openbare dienstverplichtingen | D13: =SUMIFS(Tabel2[Afnameklanten (∑)],Tabel2[Tariefcomponent],$A13,Tabel2[Kostenindeling 1],"Exogeen") -> 0 | E13: =IF(ISNUMBER($D13/($D13+$F13)),ROUND($D13/($D13+$F13),2),"") | F13: =SUMIFS(Tabel2[Afnameklanten (∑)],Tabel2[Tariefcomponent],$A13,Tabel2[Kostenindeling 1],"Endogeen") -> 0 | G13: =IF(ISNUMBER($F13/($D13+$F13)),ROUND($F13/($D13+$F13),2),"") | H13: =SUMIFS(Tabel2[Injectieklanten (∑)],Tabel2[Tariefcomponent],$A13,Tabel2[Kostenindeling 1],"Exogeen") -> 0 | I13: =IF(ISNUMBER($H13/($H13+$J13)),ROUND($H13/($H13+$J13),2),"") | J13: =SUMIFS(Tabel2[Injectieklanten (∑)],Tabel2[Tariefcomponent],$A13,Tabel2[Kostenindeling 1],"Endogeen") -> 0 | K13: =IF(ISNUMBER($J13/($H13+$J13)),ROUND($J13/($H13+$J13),2),"") | L13: =SUMIFS(Tabel2[Totale budget],Tabel2[Tariefcomponent],$A13) -> 0
A14: Toeslagen | D14: =SUMIFS(Tabel2[Afnameklanten (∑)],Tabel2[Tariefcomponent],$A14,Tabel2[Kostenindeling 1],"Exogeen") -> 0 | E14: =IF(ISNUMBER($D14/($D14+$F14)),ROUND($D14/($D14+$F14),2),"") | F14: =SUMIFS(Tabel2[Afnameklanten (∑)],Tabel2[Tariefcomponent],$A14,Tabel2[Kostenindeling 1],"Endogeen") -> 0 | G14: =IF(ISNUMBER($F14/($D14+$F14)),ROUND($F14/($D14+$F14),2),"") | H14: =SUMIFS(Tabel2[Injectieklanten (∑)],Tabel2[Tariefcomponent],$A14,Tabel2[Kostenindeling 1],"Exogeen") -> 0 | I14: =IF(ISNUMBER($H14/($H14+$J14)),ROUND($H14/($H14+$J14),2),"") | J14: =SUMIFS(Tabel2[Injectieklanten (∑)],Tabel2[Tariefcomponent],$A14,Tabel2[Kostenindeling 1],"Endogeen") -> 0 | K14: =IF(ISNUMBER($J14/($H14+$J14)),ROUND($J14/($H14+$J14),2),"") | L14: =SUMIFS(Tabel2[Totale budget],Tabel2[Tariefcomponent],$A14) -> 0
A15: Overige transmissie | D15: =SUMIFS(Tabel2[Afnameklanten (∑)],Tabel2[Tariefcomponent],$A15,Tabel2[Kostenindeling 1],"Exogeen") -> 0 | E15: =IF(ISNUMBER($D15/($D15+$F15)),ROUND($D15/($D15+$F15),2),"") | F15: =SUMIFS(Tabel2[Afnameklanten (∑)],Tabel2[Tariefcomponent],$A15,Tabel2[Kostenindeling 1],"Endogeen") -> 0 | G15: =IF(ISNUMBER($F15/($D15+$F15)),ROUND($F15/($D15+$F15),2),"") | H15: =SUMIFS(Tabel2[Injectieklanten (∑)],Tabel2[Tariefcomponent],$A15,Tabel2[Kostenindeling 1],"Exogeen") -> 0 | I15: =IF(ISNUMBER($H15/($H15+$J15)),ROUND($H15/($H15+$J15),2),"") | J15: =SUMIFS(Tabel2[Injectieklanten (∑)],Tabel2[Tariefcomponent],$A15,Tabel2[Kostenindeling 1],"Endogeen") -> 0 | K15: =IF(ISNUMBER($J15/($H15+$J15)),ROUND($J15/($H15+$J15),2),"") | L15: =SUMIFS(Tabel2[Totale budget],Tabel2[Tariefcomponent],$A15) -> 0
A16: Totaal | D16: =SUM(D$10:D$15) -> 0 | E16: =IF(ISNUMBER($D16/($D16+$F16)),ROUND($D16/($D16+$F16),2),"") | F16: =SUM(F$10:F$15) -> #VALUE! | G16: =IF(ISNUMBER($F16/($D16+$F16)),ROUND($F16/($D16+$F16),2),"") | H16: =SUM(H$10:H$15) -> 0 | I16: =IF(ISNUMBER($H16/($H16+$J16)),ROUND($H16/($H16+$J16),2),"") | J16: =SUM(J$10:J$15) -> #VALUE! | K16: =IF(ISNUMBER($J16/($H16+$J16)),ROUND($J16/($H16+$J16),2),"") | L16: =SUM(L$10:L$15) -> 0

Sheet T2
A1: TABEL 2: Budget per energierichting, spanningsniveau en klantengroep voor gereguleerde activiteit 'elektriciteit'
B4: Distributienetbeheerder: | E4: =DNB -> Naam distributienetbeheerder
A7: Subactiviteit | B7: Tariefcomponent | C7: Kostenindeling 1 | D7: Kostenindeling 2 | E7: Kostenindeling 3 | F7: Kostenindeling 4 | G7: Kostenrubriek | H7: Verdeelsleutel energierichtingen | I7: Verdeelsleutel spanningsniveaus voor afname | J7: Verdeelsleutel klantengroepen voor afname op LS | K7: Totale budget | L7: Afnameklanten (∑) | M7: Afnameklanten op TRHS (∑) | N7: Afnameklanten op MS (∑) | O7: Afnameklanten op TRLS (∑) | P7: Afnameklanten op LS (∑) | Q7: Afnameklanten op LS met piekmeting (∑) | R7: Afnameklanten met klassieke/terugdraaiende meter (∑) | S7: Injectieklanten (∑)
A8: Distributie | B8: Netgebruik | C8: Endogeen | D8: Afschrijvingen | E8: Direct | F8: Capaciteitsgerelateerd | G8: Afschrijvingen >26-36kV-aansluitingen en -meters | H8: CAPEX | I8: Direct_MS | J8: kWgemMP | L8: =IF(ISTEXT($H8),INDEX(VDSL1[Afname (%)],MATCH($H8,VDSL1[Verdeelsleutel],0))*$K8,"") -> #VALUE! | M8: =IF(ISTEXT($I8),INDEX(VDSL2[TRHS (%)],MATCH($I8,VDSL2[Verdeelsleutel],0))*$L8,"") -> #VALUE! | N8: =IF(ISTEXT($I8),INDEX(VDSL2[MS (%)],MATCH($I8,VDSL2[Verdeelsleutel],0))*$L8,"") -> #VALUE! | O8: =IF(ISTEXT($I8),INDEX(VDSL2[TRLS (%)],MATCH($I8,VDSL2[Verdeelsleutel],0))*$L8,"") -> #VALUE! | P8: =IF(ISTEXT($I8),INDEX(VDSL2[LS (%)],MATCH($I8,VDSL2[Verdeelsleutel],0))*$L8,"") -> #VALUE! | Q8: =IF(ISTEXT($J8),INDEX(VDSL3[Afnameklanten op LS met piekmeting (%)],MATCH($J8,VDSL3[Verdeelsleutel],0))*$P8,"") -> #DIV/0! | R8: =IF(ISTEXT($J8),INDEX(VDSL3[Afnameklanten met KM/TT (%)],MATCH($J8,VDSL3[Verdeelsleutel],0))*$P8,"") -> #DIV/0! | S8: =IF(ISTEXT($H8),INDEX(VDSL1[Injectie (%)],MATCH($H8,VDSL1[Verdeelsleutel],0))*$K8,"") -> #VALUE!
A9: Distributie | B9: Netgebruik | C9: Endogeen | D9: Afschrijvingen | E9: Direct | F9: Capaciteitsgerelateerd | G9: Afschrijvingen >26-36kV-net | H9: CAPEX | I9: SynchronePiek_MS | J9: kWgemMP | L9: =IF(ISTEXT($H9),INDEX(VDSL1[Afname (%)],MATCH($H9,VDSL1[Verdeelsleutel],0))*$K9,"") -> #VALUE! | M9: =IF(ISTEXT($I9),INDEX(VDSL2[TRHS (%)],MATCH($I9,VDSL2[Verdeelsleutel],0))*$L9,"") -> #DIV/0! | N9: =IF(ISTEXT($I9),INDEX(VDSL2[MS (%)],MATCH($I9,VDSL2[Verdeelsleutel],0))*$L9,"") -> #VALUE! | O9: =IF(ISTEXT($I9),INDEX(VDSL2[TRLS (%)],MATCH($I9,VDSL2[Verdeelsleutel],0))*$L9,"") -> #VALUE! | P9: =IF(ISTEXT($I9),INDEX(VDSL2[LS (%)],MATCH($I9,VDSL2[Verdeelsleutel],0))*$L9,"") -> #VALUE! | Q9: =IF(ISTEXT($J9),INDEX(VDSL3[Afnameklanten op LS met piekmeting (%)],MATCH($J9,VDSL3[Verdeelsleutel],0))*$P9,"") -> #DIV/0! | R9: =IF(ISTEXT($J9),INDEX(VDSL3[Afnameklanten met KM/TT (%)],MATCH($J9,VDSL3[Verdeelsleutel],0))*$P9,"") -> #DIV/0! | S9: =IF(ISTEXT($H9),INDEX(VDSL1[Injectie (%)],MATCH($H9,VDSL1[Verdeelsleutel],0))*$K9,"") -> #VALUE!
A10: Distributie | B10: Netgebruik | C10: Endogeen | D10: Afschrijvingen | E10: Direct | F10: Capaciteitsgerelateerd | G10: Afschrijvingen LS-aansluitingen en -meters | H10: CAPEX | I10: Direct_LS | J10: kWgemMP | L10: =IF(ISTEXT($H10),INDEX(VDSL1[Afname (%)],MATCH($H10,VDSL1[Verdeelsleutel],0))*$K10,"") -> #VALUE! | M10: =IF(ISTEXT($I10),INDEX(VDSL2[TRHS (%)],MATCH($I10,VDSL2[Verdeelsleutel],0))*$L10,"") -> #VALUE! | N10: =IF(ISTEXT($I10),INDEX(VDSL2[MS (%)],MATCH($I10,VDSL2[Verdeelsleutel],0))*$L10,"") -> #VALUE! | O10: =IF(ISTEXT($I10),INDEX(VDSL2[TRLS (%)],MATCH($I10,VDSL2[Verdeelsleutel],0))*$L10,"") -> #VALUE! | P10: =IF(ISTEXT($I10),INDEX(VDSL2[LS (%)],MATCH($I10,VDSL2[Verdeelsleutel],0))*$L10,"") -> #VALUE! | Q10: =IF(ISTEXT($J10),INDEX(VDSL3[Afnameklanten op LS met piekmeting (%)],MATCH($J10,VDSL3[Verdeelsleutel],0))*$P10,"") -> #DIV/0! | R10: =IF(ISTEXT($J10),INDEX(VDSL3[Afnameklanten met KM/TT (%)],MATCH($J10,VDSL3[Verdeelsleutel],0))*$P10,"") -> #DIV/0! | S10: =IF(ISTEXT($H10),INDEX(VDSL1[Injectie (%)],MATCH($H10,VDSL1[Verdeelsleutel],0))*$K10,"") -> #VALUE!
A11: Distributie | B11: Netgebruik | C11: Endogeen | D11: Afschrijvingen | E11: Direct | F11: Capaciteitsgerelateerd | G11: Afschrijvingen LS-net | H11: CAPEX | I11: SynchronePiek_LS | J11: kWgemMP | L11: =IF(ISTEXT($H11),INDEX(VDSL1[Afname (%)],MATCH($H11,VDSL1[Verdeelsleutel],0))*$K11,"") -> #VALUE! | M11: =IF(ISTEXT($I11),INDEX(VDSL2[TRHS (%)],MATCH($I11,VDSL2[Verdeelsleutel],0))*$L11,"") -> #DIV/0! | N11: =IF(ISTEXT($I11),INDEX(VDSL2[MS (%)],MATCH($I11,VDSL2[Verdeelsleutel],0))*$L11,"") -> #DIV/0! | O11: =IF(ISTEXT($I11),INDEX(VDSL2[TRLS (%)],MATCH($I11,VDSL2[Verdeelsleutel],0))*$L11,"") -> #DIV/0! | P11: =IF(ISTEXT($I11),INDEX(VDSL2[LS (%)],MATCH($I11,VDSL2[Verdeelsleutel],0))*$L11,"") -> #VALUE! | Q11: =IF(ISTEXT($J11),INDEX(VDSL3[Afnameklanten op LS met piekmeting (%)],MATCH($J11,VDSL3[Verdeelsleutel],0))*$P11,"") -> #DIV/0! | R11: =IF(ISTEXT($J11),INDEX(VDSL3[Afnameklanten met KM/TT (%)],MATCH($J11,VDSL3[Verdeelsleutel],0))*$P11,"") -> #DIV/0! | S11: =IF(ISTEXT($H11),INDEX(VDSL1[Injectie (%)],MATCH($H11,VDSL1[Verdeelsleutel],0))*$K11,"") -> #VALUE!
A12: Distributie | B12: Netgebruik | C12: Endogeen | D12: Afschrijvingen | E12: Direct | F12: Capaciteitsgerelateerd | G12: Afschrijvingen MS-aansluitingen en -meters | H12: CAPEX | I12: Direct_MS | J12: kWgemMP | L12: =IF(ISTEXT($H12),INDEX(VDSL1[Afname (%)],MATCH($H12,VDSL1[Verdeelsleutel],0))*$K12,"") -> #VALUE! | M12: =IF(ISTEXT($I12),INDEX(VDSL2[TRHS (%)],MATCH($I12,VDSL2[Verdeelsleutel],0))*$L12,"") -> #VALUE! | N12: =IF(ISTEXT($I12),INDEX(VDSL2[MS (%)],MATCH($I12,VDSL2[Verdeelsleutel],0))*$L12,"") -> #VALUE! | O12: =IF(ISTEXT($I12),INDEX(VDSL2[TRLS (%)],MATCH($I12,VDSL2[Verdeelsleutel],0))*$L12,"") -> #VALUE! | P12: =IF(ISTEXT($I12),INDEX(VDSL2[LS (%)],MATCH($I12,VDSL2[Verdeelsleutel],0))*$L12,"") -> #VALUE! | Q12: =IF(ISTEXT($J12),INDEX(VDSL3[Afnameklanten op LS met piekmeting (%)],MATCH($J12,VDSL3[Verdeelsleutel],0))*$P12,"") -> #DIV/0! | R12: =IF(ISTEXT($J12),INDEX(VDSL3[Afnameklanten met KM/TT (%)],MATCH($J12,VDSL3[Verdeelsleutel],0))*$P12,"") -> #DIV/0! | S12: =IF(ISTEXT($H12),INDEX(VDSL1[Injectie (%)],MATCH($H12,VDSL1[Verdeelsleutel],0))*$K12,"") -> #VALUE!
A13: Distributie | B13: Netgebruik | C13: Endogeen | D13: Afschrijvingen | E13: Direct | F13: Capaciteitsgerelateerd | G13: Afschrijvingen MS-net | H13: CAPEX | I13: SynchronePiek_MS | J13: kWgemMP | L13: =IF(ISTEXT($H13),INDEX(VDSL1[Afname (%)],MATCH($H13,VDSL1[Verdeelsleutel],0))*$K13,"") -> #VALUE! | M13: =IF(ISTEXT($I13),INDEX(VDSL2[TRHS (%)],MATCH($I13,VDSL2[Verdeelsleutel],0))*$L13,"") -> #DIV/0! | N13: =IF(ISTEXT($I13),INDEX(VDSL2[MS (%)],MATCH($I13,VDSL2[Verdeelsleutel],0))*$L13,"") -> #VALUE! | O13: =IF(ISTEXT($I13),INDEX(VDSL2[TRLS (%)],MATCH($I13,VDSL2[Verdeelsleutel],0))*$L13,"") -> #VALUE! | P13: =IF(ISTEXT($I13),INDEX(VDSL2[LS (%)],MATCH($I13,VDSL2[Verdeelsleutel],0))*$L13,"") -> #VALUE! | Q13: =IF(ISTEXT($J13),INDEX(VDSL3[Afnameklanten op LS met piekmeting (%)],MATCH($J13,VDSL3[Verdeelsleutel],0))*$P13,"") -> #DIV/0! | R13: =IF(ISTEXT($J13),INDEX(VDSL3[Afnameklanten met KM/TT (%)],MATCH($J13,VDSL3[Verdeelsleutel],0))*$P13,"") -> #DIV/0! | S13: =IF(ISTEXT($H13),INDEX(VDSL1[Injectie (%)],MATCH($H13,VDSL1[Verdeelsleutel],0))*$K13,"") -> #VALUE!
A14: Distributie | B14: Netgebruik | C14: Endogeen | D14: Afschrijvingen | E14: Direct | F14: Capaciteitsgerelateerd | G14: Afschrijvingen TRHS-aansluitingen en -meters | H14: CAPEX | I14: Direct_TRHS | J14: kWgemMP | L14: =IF(ISTEXT($H14),INDEX(VDSL1[Afname (%)],MATCH($H14,VDSL1[Verdeelsleutel],0))*$K14,"") -> #VALUE! | M14: =IF(ISTEXT($I14),INDEX(VDSL2[TRHS (%)],MATCH($I14,VDSL2[Verdeelsleutel],0))*$L14,"") -> #VALUE! | N14: =IF(ISTEXT($I14),INDEX(VDSL2[MS (%)],MATCH($I14,VDSL2[Verdeelsleutel],0))*$L14,"") -> #VALUE! | O14: =IF(ISTEXT($I14),INDEX(VDSL2[TRLS (%)],MATCH($I14,VDSL2[Verdeelsleutel],0))*$L14,"") -> #VALUE! | P14: =IF(ISTEXT($I14),INDEX(VDSL2[LS (%)],MATCH($I14,VDSL2[Verdeelsleutel],0))*$L14,"") -> #VALUE! | Q14: =IF(ISTEXT($J14),INDEX(VDSL3[Afnameklanten op LS met piekmeting (%)],MATCH($J14,VDSL3[Verdeelsleutel],0))*$P14,"") -> #DIV/0! | R14: =IF(ISTEXT($J14),INDEX(VDSL3[Afnameklanten met KM/TT (%)],MATCH($J14,VDSL3[Verdeelsleutel],0))*$P14,"") -> #DIV/0! | S14: =IF(ISTEXT($H14),INDEX(VDSL1[Injectie (%)],MATCH($H14,VDSL1[Verdeelsleutel],0))*$K14,"") -> #VALUE!
A15: Distributie | B15: Netgebruik | C15: Endogeen | D15: Afschrijvingen | E15: Direct | F15: Capaciteitsgerelateerd | G15: Afschrijvingen TRHS-net | H15: CAPEX | I15: SynchronePiek_TRHS | J15: kWgemMP | L15: =IF(ISTEXT($H15),INDEX(VDSL1[Afname (%)],MATCH($H15,VDSL1[Verdeelsleutel],0))*$K15,"") -> #VALUE! | M15: =IF(ISTEXT($I15),INDEX(VDSL2[TRHS (%)],MATCH($I15,VDSL2[Verdeelsleutel],0))*$L15,"") -> #VALUE! | N15: =IF(ISTEXT($I15),INDEX(VDSL2[MS (%)],MATCH($I15,VDSL2[Verdeelsleutel],0))*$L15,"") -> #VALUE! | O15: =IF(ISTEXT($I15),INDEX(VDSL2[TRLS (%)],MATCH($I15,VDSL2[Verdeelsleutel],0))*$L15,"") -> #VALUE! | P15: =IF(ISTEXT($I15),INDEX(VDSL2[LS (%)],MATCH($I15,VDSL2[Verdeelsleutel],0))*$L15,"") -> #VALUE! | Q15: =IF(ISTEXT($J15),INDEX(VDSL3[Afnameklanten op LS met piekmeting (%)],MATCH($J15,VDSL3[Verdeelsleutel],0))*$P15,"") -> #DIV/0! | R15: =IF(ISTEXT($J15),INDEX(VDSL3[Afnameklanten met KM/TT (%)],MATCH($J15,VDSL3[Verdeelsleutel],0))*$P15,"") -> #DIV/0! | S15: =IF(ISTEXT($H15),INDEX(VDSL1[Injectie (%)],MATCH($H15,VDSL1[Verdeelsleutel],0))*$K15,"") -> #VALUE!
A16: Distributie | B16: Netgebruik | C16: Endogeen | D16: Afschrijvingen | E16: Direct | F16: Capaciteitsgerelateerd | G16: Afschrijvingen TRLS-aansluitingen en -meters | H16: CAPEX | I16: Direct_TRLS | J16: kWgemMP | L16: =IF(ISTEXT($H16),INDEX(VDSL1[Afname (%)],MATCH($H16,VDSL1[Verdeelsleutel],0))*$K16,"") -> #VALUE! | M16: =IF(ISTEXT($I16),INDEX(VDSL2[TRHS (%)],MATCH($I16,VDSL2[Verdeelsleutel],0))*$L16,"") -> #VALUE! | N16: =IF(ISTEXT($I16),INDEX(VDSL2[MS (%)],MATCH($I16,VDSL2[Verdeelsleutel],0))*$L16,"") -> #VALUE! | O16: =IF(ISTEXT($I16),INDEX(VDSL2[TRLS (%)],MATCH($I16,VDSL2[Verdeelsleutel],0))*$L16,"") -> #VALUE! | P16: =IF(ISTEXT($I16),INDEX(VDSL2[LS (%)],MATCH($I16,VDSL2[Verdeelsleutel],0))*$L16,"") -> #VALUE! | Q16: =IF(ISTEXT($J16),INDEX(VDSL3[Afnameklanten op LS met piekmeting (%)],MATCH($J16,VDSL3[Verdeelsleutel],0))*$P16,"") -> #DIV/0! | R16: =IF(ISTEXT($J16),INDEX(VDSL3[Afnameklanten met KM/TT (%)],MATCH($J16,VDSL3[Verdeelsleutel],0))*$P16,"") -> #DIV/0! | S16: =IF(ISTEXT($H16),INDEX(VDSL1[Injectie (%)],MATCH($H16,VDSL1[Verdeelsleutel],0))*$K16,"") -> #VALUE!
A17: Distributie | B17: Netgebruik | C17: Endogeen | D17: Afschrijvingen | E17: Direct | F17: Capaciteitsgerelateerd | G17: Afschrijvingen TRLS-net | H17: CAPEX | I17: SynchronePiek_TRLS | J17: kWgemMP | L17: =IF(ISTEXT($H17),INDEX(VDSL1[Afname (%)],MATCH($H17,VDSL1[Verdeelsleutel],0))*$K17,"") -> #VALUE! | M17: =IF(ISTEXT($I17),INDEX(VDSL2[TRHS (%)],MATCH($I17,VDSL2[Verdeelsleutel],0))*$L17,"") -> #DIV/0! | N17: =IF(ISTEXT($I17),INDEX(VDSL2[MS (%)],MATCH($I17,VDSL2[Verdeelsleutel],0))*$L17,"") -> #DIV/0! | O17: =IF(ISTEXT($I17),INDEX(VDSL2[TRLS (%)],MATCH($I17,VDSL2[Verdeelsleutel],0))*$L17,"") -> #VALUE! | P17: =IF(ISTEXT($I17),INDEX(VDSL2[LS (%)],MATCH($I17,VDSL2[Verdeelsleutel],0))*$L17,"") -> #VALUE! | Q17: =IF(ISTEXT($J17),INDEX(VDSL3[Afnameklanten op LS met piekmeting (%)],MATCH($J17,VDSL3[Verdeelsleutel],0))*$P17,"") -> #DIV/0! | R17: =IF(ISTEXT($J17),INDEX(VDSL3[Afnameklanten met KM/TT (%)],MATCH($J17,VDSL3[Verdeelsleutel],0))*$P17,"") -> #DIV/0! | S17: =IF(ISTEXT($H17),INDEX(VDSL1[Injectie (%)],MATCH($H17,VDSL1[Verdeelsleutel],0))*$K17,"") -> #VALUE!
A18: Distributie | B18: Netgebruik | C18: Endogeen | D18: Afschrijvingen | E18: Indirect | F18: Niet-capaciteitsgerelateerd | G18: Afschrijvingen administratieve gebouwen | H18: Enkel_Afname | I18: kWh_zonder TRHS | J18: kWh | L18: =IF(ISTEXT($H18),INDEX(VDSL1[Afname (%)],MATCH($H18,VDSL1[Verdeelsleutel],0))*$K18,"") -> 0 | M18: =IF(ISTEXT($I18),INDEX(VDSL2[TRHS (%)],MATCH($I18,VDSL2[Verdeelsleutel],0))*$L18,"") -> #DIV/0! | N18: =IF(ISTEXT($I18),INDEX(VDSL2[MS (%)],MATCH($I18,VDSL2[Verdeelsleutel],0))*$L18,"") -> #DIV/0! | O18: =IF(ISTEXT($I18),INDEX(VDSL2[TRLS (%)],MATCH($I18,VDSL2[Verdeelsleutel],0))*$L18,"") -> #DIV/0! | P18: =IF(ISTEXT($I18),INDEX(VDSL2[LS (%)],MATCH($I18,VDSL2[Verdeelsleutel],0))*$L18,"") -> #DIV/0! | Q18: =IF(ISTEXT($J18),INDEX(VDSL3[Afnameklanten op LS met piekmeting (%)],MATCH($J18,VDSL3[Verdeelsleutel],0))*$P18,"") -> #DIV/0! | R18: =IF(ISTEXT($J18),INDEX(VDSL3[Afnameklanten met KM/TT (%)],MATCH($J18,VDSL3[Verdeelsleutel],0))*$P18,"") -> #DIV/0! | S18: =IF(ISTEXT($H18),INDEX(VDSL1[Injectie (%)],MATCH($H18,VDSL1[Verdeelsleutel],0))*$K18,"") -> 0
A19: Distributie | B19: Netgebruik | C19: Endogeen | D19: Afschrijvingen | E19: Indirect | F19: Niet-capaciteitsgerelateerd | G19: Afschrijvingen immateriële activa | H19: Enkel_Afname | I19: kWh_zonder TRHS | J19: kWh | L19: =IF(ISTEXT($H19),INDEX(VDSL1[Afname (%)],MATCH($H19,VDSL1[Verdeelsleutel],0))*$K19,"") -> 0 | M19: =IF(ISTEXT($I19),INDEX(VDSL2[TRHS (%)],MATCH($I19,VDSL2[Verdeelsleutel],0))*$L19,"") -> #DIV/0! | N19: =IF(ISTEXT($I19),INDEX(VDSL2[MS (%)],MATCH($I19,VDSL2[Verdeelsleutel],0))*$L19,"") -> #DIV/0! | O19: =IF(ISTEXT($I19),INDEX(VDSL2[TRLS (%)],MATCH($I19,VDSL2[Verdeelsleutel],0))*$L19,"") -> #DIV/0! | P19: =IF(ISTEXT($I19),INDEX(VDSL2[LS (%)],MATCH($I19,VDSL2[Verdeelsleutel],0))*$L19,"") -> #DIV/0! | Q19: =IF(ISTEXT($J19),INDEX(VDSL3[Afnameklanten op LS met piekmeting (%)],MATCH($J19,VDSL3[Verdeelsleutel],0))*$P19,"") -> #DIV/0! | R19: =IF(ISTEXT($J19),INDEX(VDSL3[Afnameklanten met KM/TT (%)],MATCH($J19,VDSL3[Verdeelsleutel],0))*$P19,"") -> #DIV/0! | S19: =IF(ISTEXT($H19),INDEX(VDSL1[Injectie (%)],MATCH($H19,VDSL1[Verdeelsleutel],0))*$K19,"") -> 0
... A53: Distributie | B53: Netgebruik | C53: Endogeen | D53: Marge | E53: Indirect | F53: Niet-capaciteitsgerelateerd | G53: Marge | H53: Enkel_Afname | I53: Netgebruik | J53: Netgebruik | L53: =IF(ISTEXT($H53),INDEX(VDSL1[Afname (%)],MATCH($H53,VDSL1[Verdeelsleutel],0))*$K53,"") -> 0 | M53: =IF(ISTEXT($I53),INDEX(VDSL2[TRHS (%)],MATCH($I53,VDSL2[Verdeelsleutel],0))*$L53,"") -> #VALUE! | N53: =IF(ISTEXT($I53),INDEX(VDSL2[MS (%)],MATCH($I53,VDSL2[Verdeelsleutel],0))*$L53,"") -> #VALUE! | O53: =IF(ISTEXT($I53),INDEX(VDSL2[TRLS (%)],MATCH($I53,VDSL2[Verdeelsleutel],0))*$L53,"") -> #VALUE! | P53: =IF(ISTEXT($I53),INDEX(VDSL2[LS (%)],MATCH($I53,VDSL2[Verdeelsleutel],0))*$L53,"") -> #VALUE! | Q53: =IF(ISTEXT($J53),INDEX(VDSL3[Afnameklanten op LS met piekmeting (%)],MATCH($J53,VDSL3[Verdeelsleutel],0))*$P53,"") -> #VALUE! | R53: =IF(ISTEXT($J53),INDEX(VDSL3[Afnameklanten met KM/TT (%)],MATCH($J53,VDSL3[Verdeelsleutel],0))*$P53,"") -> #VALUE! | S53: =IF(ISTEXT($H53),INDEX(VDSL1[Injectie (%)],MATCH($H53,VDSL1[Verdeelsleutel],0))*$K53,"") -> 0
A54: Distributie | B54: Reactieve energie | C54: Endogeen | D54: Netto-operationele kosten | E54: Indirect | F54: Niet-capaciteitsgerelateerd | G54: Exploitatie reactieve energie | H54: Enkel_Afname | I54: ReactieveEnergie | L54: =IF(ISTEXT($H54),INDEX(VDSL1[Afname (%)],MATCH($H54,VDSL1[Verdeelsleutel],0))*$K54,"") -> 0 | M54: =IF(ISTEXT($I54),INDEX(VDSL2[TRHS (%)],MATCH($I54,VDSL2[Verdeelsleutel],0))*$L54,"") -> #VALUE! | N54: =IF(ISTEXT($I54),INDEX(VDSL2[MS (%)],MATCH($I54,VDSL2[Verdeelsleutel],0))*$L54,"") -> #VALUE! | O54: =IF(ISTEXT($I54),INDEX(VDSL2[TRLS (%)],MATCH($I54,VDSL2[Verdeelsleutel],0))*$L54,"") -> #VALUE! | P54: =IF(ISTEXT($I54),INDEX(VDSL2[LS (%)],MATCH($I54,VDSL2[Verdeelsleutel],0))*$L54,"") -> #DIV/0! | Q54: =IF(ISTEXT($J54),INDEX(VDSL3[Afnameklanten op LS met piekmeting (%)],MATCH($J54,VDSL3[Verdeelsleutel],0))*$P54,"") | R54: =IF(ISTEXT($J54),INDEX(VDSL3[Afnameklanten met KM/TT (%)],MATCH($J54,VDSL3[Verdeelsleutel],0))*$P54,"") | S54: =IF(ISTEXT($H54),INDEX(VDSL1[Injectie (%)],MATCH($H54,VDSL1[Verdeelsleutel],0))*$K54,"") -> 0
A55: Distributie | B55: Reactieve energie | C55: Endogeen | D55: Netto-operationele kosten | E55: Indirect | F55: Niet-capaciteitsgerelateerd | G55: Overige kosten | H55: Enkel_Afname | I55: ReactieveEnergie | L55: =IF(ISTEXT($H55),INDEX(VDSL1[Afname (%)],MATCH($H55,VDSL1[Verdeelsleutel],0))*$K55,"") -> 0 | M55: =IF(ISTEXT($I55),INDEX(VDSL2[TRHS (%)],MATCH($I55,VDSL2[Verdeelsleutel],0))*$L55,"") -> #VALUE! | N55: =IF(ISTEXT($I55),INDEX(VDSL2[MS (%)],MATCH($I55,VDSL2[Verdeelsleutel],0))*$L55,"") -> #VALUE! | O55: =IF(ISTEXT($I55),INDEX(VDSL2[TRLS (%)],MATCH($I55,VDSL2[Verdeelsleutel],0))*$L55,"") -> #VALUE! | P55: =IF(ISTEXT($I55),INDEX(VDSL2[LS (%)],MATCH($I55,VDSL2[Verdeelsleutel],0))*$L55,"") -> #DIV/0! | Q55: =IF(ISTEXT($J55),INDEX(VDSL3[Afnameklanten op LS met piekmeting (%)],MATCH($J55,VDSL3[Verdeelsleutel],0))*$P55,"") | R55: =IF(ISTEXT($J55),INDEX(VDSL3[Afnameklanten met KM/TT (%)],MATCH($J55,VDSL3[Verdeelsleutel],0))*$P55,"") | S55: =IF(ISTEXT($H55),INDEX(VDSL1[Injectie (%)],MATCH($H55,VDSL1[Verdeelsleutel],0))*$K55,"") -> 0
A56: Transmissie | B56: Reactieve energie | C56: Exogeen | D56: Netto-operationele kosten | E56: Indirect | F56: Niet-capaciteitsgerelateerd | G56: Kosten (en opbrengsten) inzake doorvoer - Aanvullende afname of injectie van reactieve energie | H56: Enkel_Afname | I56: ReactieveEnergie | L56: =IF(ISTEXT($H56),INDEX(VDSL1[Afname (%)],MATCH($H56,VDSL1[Verdeelsleutel],0))*$K56,"") -> 0 | M56: =IF(ISTEXT($I56),INDEX(VDSL2[TRHS (%)],MATCH($I56,VDSL2[Verdeelsleutel],0))*$L56,"") -> #VALUE! | N56: =IF(ISTEXT($I56),INDEX(VDSL2[MS (%)],MATCH($I56,VDSL2[Verdeelsleutel],0))*$L56,"") -> #VALUE! | O56: =IF(ISTEXT($I56),INDEX(VDSL2[TRLS (%)],MATCH($I56,VDSL2[Verdeelsleutel],0))*$L56,"") -> #VALUE! | P56: =IF(ISTEXT($I56),INDEX(VDSL2[LS (%)],MATCH($I56,VDSL2[Verdeelsleutel],0))*$L56,"") -> #DIV/0! | Q56: =IF(ISTEXT($J56),INDEX(VDSL3[Afnameklanten op LS met piekmeting (%)],MATCH($J56,VDSL3[Verdeelsleutel],0))*$P56,"") | R56: =IF(ISTEXT($J56),INDEX(VDSL3[Afnameklanten met KM/TT (%)],MATCH($J56,VDSL3[Verdeelsleutel],0))*$P56,"") | S56: =IF(ISTEXT($H56),INDEX(VDSL1[Injectie (%)],MATCH($H56,VDSL1[Verdeelsleutel],0))*$K56,"") -> 0
A57: Transmissie | B57: Reactieve energie | C57: Exogeen | D57: Netto-operationele kosten | E57: Indirect | F57: Niet-capaciteitsgerelateerd | G57: Tarief voor de aanvullende afname of injectie van reactieve energie | H57: Enkel_Afname | I57: ReactieveEnergie | L57: =IF(ISTEXT($H57),INDEX(VDSL1[Afname (%)],MATCH($H57,VDSL1[Verdeelsleutel],0))*$K57,"") -> 0 | M57: =IF(ISTEXT($I57),INDEX(VDSL2[TRHS (%)],MATCH($I57,VDSL2[Verdeelsleutel],0))*$L57,"") -> #VALUE! | N57: =IF(ISTEXT($I57),INDEX(VDSL2[MS (%)],MATCH($I57,VDSL2[Verdeelsleutel],0))*$L57,"") -> #VALUE! | O57: =IF(ISTEXT($I57),INDEX(VDSL2[TRLS (%)],MATCH($I57,VDSL2[Verdeelsleutel],0))*$L57,"") -> #VALUE! | P57: =IF(ISTEXT($I57),INDEX(VDSL2[LS (%)],MATCH($I57,VDSL2[Verdeelsleutel],0))*$L57,"") -> #DIV/0! | Q57: =IF(ISTEXT($J57),INDEX(VDSL3[Afnameklanten op LS met piekmeting (%)],MATCH($J57,VDSL3[Verdeelsleutel],0))*$P57,"") | R57: =IF(ISTEXT($J57),INDEX(VDSL3[Afnameklanten met KM/TT (%)],MATCH($J57,VDSL3[Verdeelsleutel],0))*$P57,"") | S57: =IF(ISTEXT($H57),INDEX(VDSL1[Injectie (%)],MATCH($H57,VDSL1[Verdeelsleutel],0))*$K57,"") -> 0
A58: Distributie | B58: Databeheer | C58: Endogeen | D58: Afschrijvingen | E58: Indirect | F58: Niet-capaciteitsgerelateerd | G58: Afschrijvingen databeheer | H58: Databeheer | I58: Databeheer | J58: Databeheer | L58: =IF(ISTEXT($H58),INDEX(VDSL1[Afname (%)],MATCH($H58,VDSL1[Verdeelsleutel],0))*$K58,"") -> #VALUE! | M58: =IF(ISTEXT($I58),INDEX(VDSL2[TRHS (%)],MATCH($I58,VDSL2[Verdeelsleutel],0))*$L58,"") -> #VALUE! | N58: =IF(ISTEXT($I58),INDEX(VDSL2[MS (%)],MATCH($I58,VDSL2[Verdeelsleutel],0))*$L58,"") -> #VALUE! | O58: =IF(ISTEXT($I58),INDEX(VDSL2[TRLS (%)],MATCH($I58,VDSL2[Verdeelsleutel],0))*$L58,"") -> #VALUE! | P58: =IF(ISTEXT($I58),INDEX(VDSL2[LS (%)],MATCH($I58,VDSL2[Verdeelsleutel],0))*$L58,"") -> #VALUE! | Q58: =IF(ISTEXT($J58),INDEX(VDSL3[Afnameklanten op LS met piekmeting (%)],MATCH($J58,VDSL3[Verdeelsleutel],0))*$P58,"") -> #VALUE! | R58: =IF(ISTEXT($J58),INDEX(VDSL3[Afnameklanten met KM/TT (%)],MATCH($J58,VDSL3[Verdeelsleutel],0))*$P58,"") -> #VALUE! | S58: =IF(ISTEXT($H58),INDEX(VDSL1[Injectie (%)],MATCH($H58,VDSL1[Verdeelsleutel],0))*$K58,"") -> #VALUE!
A59: Distributie | B59: Databeheer | C59: Endogeen | D59: Netto-operationele kosten | E59: Indirect | F59: Niet-capaciteitsgerelateerd | G59: Exploitatie databeheer | H59: Databeheer | I59: Databeheer | J59: Databeheer | L59: =IF(ISTEXT($H59),INDEX(VDSL1[Afname (%)],MATCH($H59,VDSL1[Verdeelsleutel],0))*$K59,"") -> #VALUE! | M59: =IF(ISTEXT($I59),INDEX(VDSL2[TRHS (%)],MATCH($I59,VDSL2[Verdeelsleutel],0))*$L59,"") -> #VALUE! | N59: =IF(ISTEXT($I59),INDEX(VDSL2[MS (%)],MATCH($I59,VDSL2[Verdeelsleutel],0))*$L59,"") -> #VALUE! | O59: =IF(ISTEXT($I59),INDEX(VDSL2[TRLS (%)],MATCH($I59,VDSL2[Verdeelsleutel],0))*$L59,"") -> #VALUE! | P59: =IF(ISTEXT($I59),INDEX(VDSL2[LS (%)],MATCH($I59,VDSL2[Verdeelsleutel],0))*$L59,"") -> #VALUE! | Q59: =IF(ISTEXT($J59),INDEX(VDSL3[Afnameklanten op LS met piekmeting (%)],MATCH($J59,VDSL3[Verdeelsleutel],0))*$P59,"") -> #VALUE! | R59: =IF(ISTEXT($J59),INDEX(VDSL3[Afnameklanten met KM/TT (%)],MATCH($J59,VDSL3[Verdeelsleutel],0))*$P59,"") -> #VALUE! | S59: =IF(ISTEXT($H59),INDEX(VDSL1[Injectie (%)],MATCH($H59,VDSL1[Verdeelsleutel],0))*$K59,"") -> #VALUE!
A60: Distributie | B60: Databeheer | C60: Endogeen | D60: Netto-operationele kosten | E60: Indirect | F60: Niet-capaciteitsgerelateerd | G60: Overige kosten | H60: Databeheer | I60: Databeheer | J60: Databeheer | L60: =IF(ISTEXT($H60),INDEX(VDSL1[Afname (%)],MATCH($H60,VDSL1[Verdeelsleutel],0))*$K60,"") -> #VALUE! | M60: =IF(ISTEXT($I60),INDEX(VDSL2[TRHS (%)],MATCH($I60,VDSL2[Verdeelsleutel],0))*$L60,"") -> #VALUE! | N60: =IF(ISTEXT($I60),INDEX(VDSL2[MS (%)],MATCH($I60,VDSL2[Verdeelsleutel],0))*$L60,"") -> #VALUE! | O60: =IF(ISTEXT($I60),INDEX(VDSL2[TRLS (%)],MATCH($I60,VDSL2[Verdeelsleutel],0))*$L60,"") -> #VALUE! | P60: =IF(ISTEXT($I60),INDEX(VDSL2[LS (%)],MATCH($I60,VDSL2[Verdeelsleutel],0))*$L60,"") -> #VALUE! | Q60: =IF(ISTEXT($J60),INDEX(VDSL3[Afnameklanten op LS met piekmeting (%)],MATCH($J60,VDSL3[Verdeelsleutel],0))*$P60,"") -> #VALUE! | R60: =IF(ISTEXT($J60),INDEX(VDSL3[Afnameklanten met KM/TT (%)],MATCH($J60,VDSL3[Verdeelsleutel],0))*$P60,"") -> #VALUE! | S60: =IF(ISTEXT($H60),INDEX(VDSL1[Injectie (%)],MATCH($H60,VDSL1[Verdeelsleutel],0))*$K60,"") -> #VALUE!
A61: Distributie | B61: Openbare dienstverplichtingen | C61: Endogeen | D61: Netto-operationele kosten | E61: Indirect | F61: Niet-capaciteitsgerelateerd | G61: Kosten inzake beschermde, gedropte klanten | H61: Enkel_Afname | I61: Direct_LS | J61: kWh | L61: =IF(ISTEXT($H61),INDEX(VDSL1[Afname (%)],MATCH($H61,VDSL1[Verdeelsleutel],0))*$K61,"") -> 0 | M61: =IF(ISTEXT($I61),INDEX(VDSL2[TRHS (%)],MATCH($I61,VDSL2[Verdeelsleutel],0))*$L61,"") -> 0 | N61: =IF(ISTEXT($I61),INDEX(VDSL2[MS (%)],MATCH($I61,VDSL2[Verdeelsleutel],0))*$L61,"") -> 0 | O61: =IF(ISTEXT($I61),INDEX(VDSL2[TRLS (%)],MATCH($I61,VDSL2[Verdeelsleutel],0))*$L61,"") -> 0 | P61: =IF(ISTEXT($I61),INDEX(VDSL2[LS (%)],MATCH($I61,VDSL2[Verdeelsleutel],0))*$L61,"") -> 0 | Q61: =IF(ISTEXT($J61),INDEX(VDSL3[Afnameklanten op LS met piekmeting (%)],MATCH($J61,VDSL3[Verdeelsleutel],0))*$P61,"") -> #DIV/0! | R61: =IF(ISTEXT($J61),INDEX(VDSL3[Afnameklanten met KM/TT (%)],MATCH($J61,VDSL3[Verdeelsleutel],0))*$P61,"") -> #DIV/0! | S61: =IF(ISTEXT($H61),INDEX(VDSL1[Injectie (%)],MATCH($H61,VDSL1[Verdeelsleutel],0))*$K61,"") -> 0
A62: Distributie | B62: Openbare dienstverplichtingen | C62: Endogeen | D62: Netto-operationele kosten | E62: Indirect | F62: Niet-capaciteitsgerelateerd | G62: Kosten inzake niet-beschermde, gedropte klanten | H62: Enkel_Afname | I62: Direct_LS | J62: kWh | L62: =IF(ISTEXT($H62),INDEX(VDSL1[Afname (%)],MATCH($H62,VDSL1[Verdeelsleutel],0))*$K62,"") -> 0 | M62: =IF(ISTEXT($I62),INDEX(VDSL2[TRHS (%)],MATCH($I62,VDSL2[Verdeelsleutel],0))*$L62,"") -> 0 | N62: =IF(ISTEXT($I62),INDEX(VDSL2[MS (%)],MATCH($I62,VDSL2[Verdeelsleutel],0))*$L62,"") -> 0 | O62: =IF(ISTEXT($I62),INDEX(VDSL2[TRLS (%)],MATCH($I62,VDSL2[Verdeelsleutel],0))*$L62,"") -> 0 | P62: =IF(ISTEXT($I62),INDEX(VDSL2[LS (%)],MATCH($I62,VDSL2[Verdeelsleutel],0))*$L62,"") -> 0 | Q62: =IF(ISTEXT($J62),INDEX(VDSL3[Afnameklanten op LS met piekmeting (%)],MATCH($J62,VDSL3[Verdeelsleutel],0))*$P62,"") -> #DIV/0! | R62: =IF(ISTEXT($J62),INDEX(VDSL3[Afnameklanten met KM/TT (%)],MATCH($J62,VDSL3[Verdeelsleutel],0))*$P62,"") -> #DIV/0! | S62: =IF(ISTEXT($H62),INDEX(VDSL1[Injectie (%)],MATCH($H62,VDSL1[Verdeelsleutel],0))*$K62,"") -> 0
A63: Distributie | B63: Openbare dienstverplichtingen | C63: Endogeen | D63: Netto-operationele kosten | E63: Indirect | F63: Niet-capaciteitsgerelateerd | G63: Kosten inzake REG-acties | H63: Enkel_Afname | I63: 75%EAN+25%kWh_ODV | J63: kWh | L63: =IF(ISTEXT($H63),INDEX(VDSL1[Afname (%)],MATCH($H63,VDSL1[Verdeelsleutel],0))*$K63,"") -> 0 | M63: =IF(ISTEXT($I63),INDEX(VDSL2[TRHS (%)],MATCH($I63,VDSL2[Verdeelsleutel],0))*$L63,"") -> #VALUE! | N63: =IF(ISTEXT($I63),INDEX(VDSL2[MS (%)],MATCH($I63,VDSL2[Verdeelsleutel],0))*$L63,"") -> #VALUE! | O63: =IF(ISTEXT($I63),INDEX(VDSL2[TRLS (%)],MATCH($I63,VDSL2[Verdeelsleutel],0))*$L63,"") -> #VALUE! | P63: =IF(ISTEXT($I63),INDEX(VDSL2[LS (%)],MATCH($I63,VDSL2[Verdeelsleutel],0))*$L63,"") -> #VALUE! | Q63: =IF(ISTEXT($J63),INDEX(VDSL3[Afnameklanten op LS met piekmeting (%)],MATCH($J63,VDSL3[Verdeelsleutel],0))*$P63,"") -> #DIV/0! | R63: =IF(ISTEXT($J63),INDEX(VDSL3[Afnameklanten met KM/TT (%)],MATCH($J63,VDSL3[Verdeelsleutel],0))*$P63,"") -> #DIV/0! | S63: =IF(ISTEXT($H63),INDEX(VDSL1[Injectie (%)],MATCH($H63,VDSL1[Verdeelsleutel],0))*$K63,"") -> 0
A64: Distributie | B64: Openbare dienstverplichtingen | C64: Exogeen | D64: Netto-operationele kosten | E64: Indirect | F64: Niet-capaciteitsgerelateerd | G64: Kosten inzake REG-acties | H64: Enkel_Afname | I64: 75%EAN+25%kWh_ODV | J64: kWh | L64: =IF(ISTEXT($H64),INDEX(VDSL1[Afname (%)],MATCH($H64,VDSL1[Verdeelsleutel],0))*$K64,"") -> 0 | M64: =IF(ISTEXT($I64),INDEX(VDSL2[TRHS (%)],MATCH($I64,VDSL2[Verdeelsleutel],0))*$L64,"") -> #VALUE! | N64: =IF(ISTEXT($I64),INDEX(VDSL2[MS (%)],MATCH($I64,VDSL2[Verdeelsleutel],0))*$L64,"") -> #VALUE! | O64: =IF(ISTEXT($I64),INDEX(VDSL2[TRLS (%)],MATCH($I64,VDSL2[Verdeelsleutel],0))*$L64,"") -> #VALUE! | P64: =IF(ISTEXT($I64),INDEX(VDSL2[LS (%)],MATCH($I64,VDSL2[Verdeelsleutel],0))*$L64,"") -> #VALUE! | Q64: =IF(ISTEXT($J64),INDEX(VDSL3[Afnameklanten op LS met piekmeting (%)],MATCH($J64,VDSL3[Verdeelsleutel],0))*$P64,"") -> #DIV/0! | R64: =IF(ISTEXT($J64),INDEX(VDSL3[Afnameklanten met KM/TT (%)],MATCH($J64,VDSL3[Verdeelsleutel],0))*$P64,"") -> #DIV/0! | S64: =IF(ISTEXT($H64),INDEX(VDSL1[Injectie (%)],MATCH($H64,VDSL1[Verdeelsleutel],0))*$K64,"") -> 0
A65: Distributie | B65: Openbare dienstverplichtingen | C65: Endogeen | D65: Netto-operationele kosten | E65: Indirect | F65: Niet-capaciteitsgerelateerd | G65: Kosten inzake steuncertificaten | H65: Enkel_Afname | I65: 75%EAN+25%kWh_ODV | J65: kWh | L65: =IF(ISTEXT($H65),INDEX(VDSL1[Afname (%)],MATCH($H65,VDSL1[Verdeelsleutel],0))*$K65,"") -> 0 | M65: =IF(ISTEXT($I65),INDEX(VDSL2[TRHS (%)],MATCH($I65,VDSL2[Verdeelsleutel],0))*$L65,"") -> #VALUE! | N65: =IF(ISTEXT($I65),INDEX(VDSL2[MS (%)],MATCH($I65,VDSL2[Verdeelsleutel],0))*$L65,"") -> #VALUE! | O65: =IF(ISTEXT($I65),INDEX(VDSL2[TRLS (%)],MATCH($I65,VDSL2[Verdeelsleutel],0))*$L65,"") -> #VALUE! | P65: =IF(ISTEXT($I65),INDEX(VDSL2[LS (%)],MATCH($I65,VDSL2[Verdeelsleutel],0))*$L65,"") -> #VALUE! | Q65: =IF(ISTEXT($J65),INDEX(VDSL3[Afnameklanten op LS met piekmeting (%)],MATCH($J65,VDSL3[Verdeelsleutel],0))*$P65,"") -> #DIV/0! | R65: =IF(ISTEXT($J65),INDEX(VDSL3[Afnameklanten met KM/TT (%)],MATCH($J65,VDSL3[Verdeelsleutel],0))*$P65,"") -> #DIV/0! | S65: =IF(ISTEXT($H65),INDEX(VDSL1[Injectie (%)],MATCH($H65,VDSL1[Verdeelsleutel],0))*$K65,"") -> 0
A66: Distributie | B66: Openbare dienstverplichtingen | C66: Exogeen | D66: Netto-operationele kosten | E66: Indirect | F66: Niet-capaciteitsgerelateerd | G66: Kosten inzake steuncertificaten | H66: Enkel_Afname | I66: 75%EAN+25%kWh_ODV | J66: kWh | L66: =IF(ISTEXT($H66),INDEX(VDSL1[Afname (%)],MATCH($H66,VDSL1[Verdeelsleutel],0))*$K66,"") -> 0 | M66: =IF(ISTEXT($I66),INDEX(VDSL2[TRHS (%)],MATCH($I66,VDSL2[Verdeelsleutel],0))*$L66,"") -> #VALUE! | N66: =IF(ISTEXT($I66),INDEX(VDSL2[MS (%)],MATCH($I66,VDSL2[Verdeelsleutel],0))*$L66,"") -> #VALUE! | O66: =IF(ISTEXT($I66),INDEX(VDSL2[TRLS (%)],MATCH($I66,VDSL2[Verdeelsleutel],0))*$L66,"") -> #VALUE! | P66: =IF(ISTEXT($I66),INDEX(VDSL2[LS (%)],MATCH($I66,VDSL2[Verdeelsleutel],0))*$L66,"") -> #VALUE! | Q66: =IF(ISTEXT($J66),INDEX(VDSL3[Afnameklanten op LS met piekmeting (%)],MATCH($J66,VDSL3[Verdeelsleutel],0))*$P66,"") -> #DIV/0! | R66: =IF(ISTEXT($J66),INDEX(VDSL3[Afnameklanten met KM/TT (%)],MATCH($J66,VDSL3[Verdeelsleutel],0))*$P66,"") -> #DIV/0! | S66: =IF(ISTEXT($H66),INDEX(VDSL1[Injectie (%)],MATCH($H66,VDSL1[Verdeelsleutel],0))*$K66,"") -> 0
A67: Distributie | B67: Openbare dienstverplichtingen | C67: Endogeen | D67: Netto-operationele kosten | E67: Indirect | F67: Niet-capaciteitsgerelateerd | G67: Kosten inzake warmtekrachtkoppeling | H67: Enkel_Afname | I67: 75%EAN+25%kWh_ODV | J67: kWh | L67: =IF(ISTEXT($H67),INDEX(VDSL1[Afname (%)],MATCH($H67,VDSL1[Verdeelsleutel],0))*$K67,"") -> 0 | M67: =IF(ISTEXT($I67),INDEX(VDSL2[TRHS (%)],MATCH($I67,VDSL2[Verdeelsleutel],0))*$L67,"") -> #VALUE! | N67: =IF(ISTEXT($I67),INDEX(VDSL2[MS (%)],MATCH($I67,VDSL2[Verdeelsleutel],0))*$L67,"") -> #VALUE! | O67: =IF(ISTEXT($I67),INDEX(VDSL2[TRLS (%)],MATCH($I67,VDSL2[Verdeelsleutel],0))*$L67,"") -> #VALUE! | P67: =IF(ISTEXT($I67),INDEX(VDSL2[LS (%)],MATCH($I67,VDSL2[Verdeelsleutel],0))*$L67,"") -> #VALUE! | Q67: =IF(ISTEXT($J67),INDEX(VDSL3[Afnameklanten op LS met piekmeting (%)],MATCH($J67,VDSL3[Verdeelsleutel],0))*$P67,"") -> #DIV/0! | R67: =IF(ISTEXT($J67),INDEX(VDSL3[Afnameklanten met KM/TT (%)],MATCH($J67,VDSL3[Verdeelsleutel],0))*$P67,"") -> #DIV/0! | S67: =IF(ISTEXT($H67),INDEX(VDSL1[Injectie (%)],MATCH($H67,VDSL1[Verdeelsleutel],0))*$K67,"") -> 0
A68: Distributie | B68: Openbare dienstverplichtingen | C68: Exogeen | D68: Afbouw van regulatoire saldi | E68: Indirect | F68: Niet-capaciteitsgerelateerd | G68: Afbouw van regulatoire saldi binnen de tariefcomponent 'Openbare dienstverplichtingen' | H68: Enkel_Afname | I68: ODV | J68: kWh | L68: =IF(ISTEXT($H68),INDEX(VDSL1[Afname (%)],MATCH($H68,VDSL1[Verdeelsleutel],0))*$K68,"") -> 0 | M68: =IF(ISTEXT($I68),INDEX(VDSL2[TRHS (%)],MATCH($I68,VDSL2[Verdeelsleutel],0))*$L68,"") -> #VALUE! | N68: =IF(ISTEXT($I68),INDEX(VDSL2[MS (%)],MATCH($I68,VDSL2[Verdeelsleutel],0))*$L68,"") -> #VALUE! | O68: =IF(ISTEXT($I68),INDEX(VDSL2[TRLS (%)],MATCH($I68,VDSL2[Verdeelsleutel],0))*$L68,"") -> #VALUE! | P68: =IF(ISTEXT($I68),INDEX(VDSL2[LS (%)],MATCH($I68,VDSL2[Verdeelsleutel],0))*$L68,"") -> #VALUE! | Q68: =IF(ISTEXT($J68),INDEX(VDSL3[Afnameklanten op LS met piekmeting (%)],MATCH($J68,VDSL3[Verdeelsleutel],0))*$P68,"") -> #DIV/0! | R68: =IF(ISTEXT($J68),INDEX(VDSL3[Afnameklanten met KM/TT (%)],MATCH($J68,VDSL3[Verdeelsleutel],0))*$P68,"") -> #DIV/0! | S68: =IF(ISTEXT($H68),INDEX(VDSL1[Injectie (%)],MATCH($H68,VDSL1[Verdeelsleutel],0))*$K68,"") -> 0
A69: Distributie | B69: Toeslagen | C69: Exogeen | D69: Netto-operationele kosten | E69: Indirect | F69: Niet-capaciteitsgerelateerd | G69: Gemeentelijke retributies | H69: Enkel_Afname | I69: 75%EAN+25%kWh_TOE | J69: kWh | L69: =IF(ISTEXT($H69),INDEX(VDSL1[Afname (%)],MATCH($H69,VDSL1[Verdeelsleutel],0))*$K69,"") -> 0 | M69: =IF(ISTEXT($I69),INDEX(VDSL2[TRHS (%)],MATCH($I69,VDSL2[Verdeelsleutel],0))*$L69,"") -> #VALUE! | N69: =IF(ISTEXT($I69),INDEX(VDSL2[MS (%)],MATCH($I69,VDSL2[Verdeelsleutel],0))*$L69,"") -> #VALUE! | O69: =IF(ISTEXT($I69),INDEX(VDSL2[TRLS (%)],MATCH($I69,VDSL2[Verdeelsleutel],0))*$L69,"") -> #VALUE! | P69: =IF(ISTEXT($I69),INDEX(VDSL2[LS (%)],MATCH($I69,VDSL2[Verdeelsleutel],0))*$L69,"") -> #VALUE! | Q69: =IF(ISTEXT($J69),INDEX(VDSL3[Afnameklanten op LS met piekmeting (%)],MATCH($J69,VDSL3[Verdeelsleutel],0))*$P69,"") -> #DIV/0! | R69: =IF(ISTEXT($J69),INDEX(VDSL3[Afnameklanten met KM/TT (%)],MATCH($J69,VDSL3[Verdeelsleutel],0))*$P69,"") -> #DIV/0! | S69: =IF(ISTEXT($H69),INDEX(VDSL1[Injectie (%)],MATCH($H69,VDSL1[Verdeelsleutel],0))*$K69,"") -> 0
... A82: Transmissie | B82: Overige transmissie | C82: Exogeen | D82: Afbouw van regulatoire saldi | E82: Indirect | F82: Niet-capaciteitsgerelateerd | G82: Afbouw van regulatoire saldi binnen de tariefcomponent 'Overige transmissie' | H82: Enkel_Afname | I82: kWh | J82: kWh | L82: =IF(ISTEXT($H82),INDEX(VDSL1[Afname (%)],MATCH($H82,VDSL1[Verdeelsleutel],0))*$K82,"") -> 0 | M82: =IF(ISTEXT($I82),INDEX(VDSL2[TRHS (%)],MATCH($I82,VDSL2[Verdeelsleutel],0))*$L82,"") -> #DIV/0! | N82: =IF(ISTEXT($I82),INDEX(VDSL2[MS (%)],MATCH($I82,VDSL2[Verdeelsleutel],0))*$L82,"") -> #DIV/0! | O82: =IF(ISTEXT($I82),INDEX(VDSL2[TRLS (%)],MATCH($I82,VDSL2[Verdeelsleutel],0))*$L82,"") -> #DIV/0! | P82: =IF(ISTEXT($I82),INDEX(VDSL2[LS (%)],MATCH($I82,VDSL2[Verdeelsleutel],0))*$L82,"") -> #DIV/0! | Q82: =IF(ISTEXT($J82),INDEX(VDSL3[Afnameklanten op LS met piekmeting (%)],MATCH($J82,VDSL3[Verdeelsleutel],0))*$P82,"") -> #DIV/0! | R82: =IF(ISTEXT($J82),INDEX(VDSL3[Afnameklanten met KM/TT (%)],MATCH($J82,VDSL3[Verdeelsleutel],0))*$P82,"") -> #DIV/0! | S82: =IF(ISTEXT($H82),INDEX(VDSL1[Injectie (%)],MATCH($H82,VDSL1[Verdeelsleutel],0))*$K82,"") -> 0
L83: =IF(ISTEXT($H83),INDEX(VDSL1[Afname (%)],MATCH($H83,VDSL1[Verdeelsleutel],0))*$K83,"") | M83: =IF(ISTEXT($I83),INDEX(VDSL2[TRHS (%)],MATCH($I83,VDSL2[Verdeelsleutel],0))*$L83,"") | N83: =IF(ISTEXT($I83),INDEX(VDSL2[MS (%)],MATCH($I83,VDSL2[Verdeelsleutel],0))*$L83,"") | O83: =IF(ISTEXT($I83),INDEX(VDSL2[TRLS (%)],MATCH($I83,VDSL2[Verdeelsleutel],0))*$L83,"") | P83: =IF(ISTEXT($I83),INDEX(VDSL2[LS (%)],MATCH($I83,VDSL2[Verdeelsleutel],0))*$L83,"") | Q83: =IF(ISTEXT($J83),INDEX(VDSL3[Afnameklanten op LS met piekmeting (%)],MATCH($J83,VDSL3[Verdeelsleutel],0))*$P83,"") | R83: =IF(ISTEXT($J83),INDEX(VDSL3[Afnameklanten met KM/TT (%)],MATCH($J83,VDSL3[Verdeelsleutel],0))*$P83,"") | S83: =IF(ISTEXT($H83),INDEX(VDSL1[Injectie (%)],MATCH($H83,VDSL1[Verdeelsleutel],0))*$K83,"")
L84: =IF(ISTEXT($H84),INDEX(VDSL1[Afname (%)],MATCH($H84,VDSL1[Verdeelsleutel],0))*$K84,"") | M84: =IF(ISTEXT($I84),INDEX(VDSL2[TRHS (%)],MATCH($I84,VDSL2[Verdeelsleutel],0))*$L84,"") | N84: =IF(ISTEXT($I84),INDEX(VDSL2[MS (%)],MATCH($I84,VDSL2[Verdeelsleutel],0))*$L84,"") | O84: =IF(ISTEXT($I84),INDEX(VDSL2[TRLS (%)],MATCH($I84,VDSL2[Verdeelsleutel],0))*$L84,"") | P84: =IF(ISTEXT($I84),INDEX(VDSL2[LS (%)],MATCH($I84,VDSL2[Verdeelsleutel],0))*$L84,"") | Q84: =IF(ISTEXT($J84),INDEX(VDSL3[Afnameklanten op LS met piekmeting (%)],MATCH($J84,VDSL3[Verdeelsleutel],0))*$P84,"") | R84: =IF(ISTEXT($J84),INDEX(VDSL3[Afnameklanten met KM/TT (%)],MATCH($J84,VDSL3[Verdeelsleutel],0))*$P84,"") | S84: =IF(ISTEXT($H84),INDEX(VDSL1[Injectie (%)],MATCH($H84,VDSL1[Verdeelsleutel],0))*$K84,"")
L85: =IF(ISTEXT($H85),INDEX(VDSL1[Afname (%)],MATCH($H85,VDSL1[Verdeelsleutel],0))*$K85,"") | M85: =IF(ISTEXT($I85),INDEX(VDSL2[TRHS (%)],MATCH($I85,VDSL2[Verdeelsleutel],0))*$L85,"") | N85: =IF(ISTEXT($I85),INDEX(VDSL2[MS (%)],MATCH($I85,VDSL2[Verdeelsleutel],0))*$L85,"") | O85: =IF(ISTEXT($I85),INDEX(VDSL2[TRLS (%)],MATCH($I85,VDSL2[Verdeelsleutel],0))*$L85,"") | P85: =IF(ISTEXT($I85),INDEX(VDSL2[LS (%)],MATCH($I85,VDSL2[Verdeelsleutel],0))*$L85,"") | Q85: =IF(ISTEXT($J85),INDEX(VDSL3[Afnameklanten op LS met piekmeting (%)],MATCH($J85,VDSL3[Verdeelsleutel],0))*$P85,"") | R85: =IF(ISTEXT($J85),INDEX(VDSL3[Afnameklanten met KM/TT (%)],MATCH($J85,VDSL3[Verdeelsleutel],0))*$P85,"") | S85: =IF(ISTEXT($H85),INDEX(VDSL1[Injectie (%)],MATCH($H85,VDSL1[Verdeelsleutel],0))*$K85,"")
L86: =IF(ISTEXT($H86),INDEX(VDSL1[Afname (%)],MATCH($H86,VDSL1[Verdeelsleutel],0))*$K86,"") | M86: =IF(ISTEXT($I86),INDEX(VDSL2[TRHS (%)],MATCH($I86,VDSL2[Verdeelsleutel],0))*$L86,"") | N86: =IF(ISTEXT($I86),INDEX(VDSL2[MS (%)],MATCH($I86,VDSL2[Verdeelsleutel],0))*$L86,"") | O86: =IF(ISTEXT($I86),INDEX(VDSL2[TRLS (%)],MATCH($I86,VDSL2[Verdeelsleutel],0))*$L86,"") | P86: =IF(ISTEXT($I86),INDEX(VDSL2[LS (%)],MATCH($I86,VDSL2[Verdeelsleutel],0))*$L86,"") | Q86: =IF(ISTEXT($J86),INDEX(VDSL3[Afnameklanten op LS met piekmeting (%)],MATCH($J86,VDSL3[Verdeelsleutel],0))*$P86,"") | R86: =IF(ISTEXT($J86),INDEX(VDSL3[Afnameklanten met KM/TT (%)],MATCH($J86,VDSL3[Verdeelsleutel],0))*$P86,"") | S86: =IF(ISTEXT($H86),INDEX(VDSL1[Injectie (%)],MATCH($H86,VDSL1[Verdeelsleutel],0))*$K86,"")
L87: =IF(ISTEXT($H87),INDEX(VDSL1[Afname (%)],MATCH($H87,VDSL1[Verdeelsleutel],0))*$K87,"") | M87: =IF(ISTEXT($I87),INDEX(VDSL2[TRHS (%)],MATCH($I87,VDSL2[Verdeelsleutel],0))*$L87,"") | N87: =IF(ISTEXT($I87),INDEX(VDSL2[MS (%)],MATCH($I87,VDSL2[Verdeelsleutel],0))*$L87,"") | O87: =IF(ISTEXT($I87),INDEX(VDSL2[TRLS (%)],MATCH($I87,VDSL2[Verdeelsleutel],0))*$L87,"") | P87: =IF(ISTEXT($I87),INDEX(VDSL2[LS (%)],MATCH($I87,VDSL2[Verdeelsleutel],0))*$L87,"") | Q87: =IF(ISTEXT($J87),INDEX(VDSL3[Afnameklanten op LS met piekmeting (%)],MATCH($J87,VDSL3[Verdeelsleutel],0))*$P87,"") | R87: =IF(ISTEXT($J87),INDEX(VDSL3[Afnameklanten met KM/TT (%)],MATCH($J87,VDSL3[Verdeelsleutel],0))*$P87,"") | S87: =IF(ISTEXT($H87),INDEX(VDSL1[Injectie (%)],MATCH($H87,VDSL1[Verdeelsleutel],0))*$K87,"")
G88: Totaal | K88: =SUBTOTAL(9,K$8:K$87) -> 0 | L88: =SUBTOTAL(9,L$8:L$87) -> #VALUE! | M88: =SUBTOTAL(9,M$8:M$87) -> #VALUE! | N88: =SUBTOTAL(9,N$8:N$87) -> #VALUE! | O88: =SUBTOTAL(9,O$8:O$87) -> #VALUE! | P88: =SUBTOTAL(9,P$8:P$87) -> #VALUE! | Q88: =SUBTOTAL(9,Q$8:Q$87) -> #DIV/0! | R88: =SUBTOTAL(9,R$8:R$87) -> #DIV/0! | S88: =SUBTOTAL(9,S$8:S$87) -> #VALUE!
F90: Afschrijvingen | K90: =SUMIFS(Tabel2[Totale budget],Tabel2[Kostenindeling 2],"Afschrijvingen") -> 0 | L90: =SUMIFS(Tabel2[Afnameklanten (∑)],Tabel2[Kostenindeling 2],"Afschrijvingen") -> #VALUE! | M90: =SUMIFS(Tabel2[Afnameklanten op TRHS (∑)],Tabel2[Kostenindeling 2],"Afschrijvingen") -> #VALUE! | N90: =SUMIFS(Tabel2[Afnameklanten op MS (∑)],Tabel2[Kostenindeling 2],"Afschrijvingen") -> #VALUE! | O90: =SUMIFS(Tabel2[Afnameklanten op TRLS (∑)],Tabel2[Kostenindeling 2],"Afschrijvingen") -> #VALUE! | P90: =SUMIFS(Tabel2[Afnameklanten op LS (∑)],Tabel2[Kostenindeling 2],"Afschrijvingen") -> #VALUE! | Q90: =SUMIFS(Tabel2[Afnameklanten op LS met piekmeting (∑)],Tabel2[Kostenindeling 2],"Afschrijvingen") -> #DIV/0! | R90: =SUMIFS(Tabel2[Afnameklanten met klassieke/terugdraaiende meter (∑)],Tabel2[Kostenindeling 2],"Afschrijvingen") -> #DIV/0! | S90: =SUMIFS(Tabel2[Injectieklanten (∑)],Tabel2[Kostenindeling 2],"Afschrijvingen") -> #VALUE!
F91: Kosten 'Netgebruik' excl. afbouw van regulatoire saldi, kapitaalkostenvergoeding (voor gegarandeerde activa) en marge | K91: =SUMIFS(Tabel2[Totale budget],Tabel2[Tariefcomponent],"Netgebruik",Tabel2[Kostenrubriek],"<>Marge",Tabel2[Kostenrubriek],"<>Budgettair verschil - geïndexeerde tarieven voor het databeheer",Tabel2[Kostenrubriek],"<>Budgettair verschil - vaste tarieven voor de reactieve energie",Tabel2[Kostenrubriek],"<>Kapitaalkostenvergoeding voor regulatoire saldi",Tabel2[Kostenrubriek],"<>Kapitaalkostenvergoeding voor steuncertificatenvoorraad",Tabel2[Kostenrubriek],"<>Afbouw van regulatoire saldi binnen de tariefcomponent 'Netgebruik'") -> 0 | L91: =SUMIFS(Tabel2[Afnameklanten (∑)],Tabel2[Tariefcomponent],"Netgebruik",Tabel2[Kostenrubriek],"<>Marge",Tabel2[Kostenrubriek],"<>Budgettair verschil - geïndexeerde tarieven voor het databeheer",Tabel2[Kostenrubriek],"<>Budgettair verschil - vaste tarieven voor de reactieve energie",Tabel2[Kostenrubriek],"<>Kapitaalkostenvergoeding voor regulatoire saldi",Tabel2[Kostenrubriek],"<>Kapitaalkostenvergoeding voor steuncertificatenvoorraad",Tabel2[Kostenrubriek],"<>Afbouw van regulatoire saldi binnen de tariefcomponent 'Netgebruik'") -> #VALUE! | M91: =SUMIFS(Tabel2[Afnameklanten op TRHS (∑)],Tabel2[Tariefcomponent],"Netgebruik",Tabel2[Kostenrubriek],"<>Marge",Tabel2[Kostenrubriek],"<>Budgettair verschil - geïndexeerde tarieven voor het databeheer",Tabel2[Kostenrubriek],"<>Budgettair verschil - vaste tarieven voor de reactieve energie",Tabel2[Kostenrubriek],"<>Kapitaalkostenvergoeding voor regulatoire saldi",Tabel2[Kostenrubriek],"<>Kapitaalkostenvergoeding voor steuncertificatenvoorraad",Tabel2[Kostenrubriek],"<>Afbouw van regulatoire saldi binnen de tariefcomponent 'Netgebruik'") -> #VALUE! | N91: =SUMIFS(Tabel2[Afnameklanten op MS (∑)],Tabel2[Tariefcomponent],"Netgebruik",Tabel2[Kostenrubriek],"<>Marge",Tabel2[Kostenrubriek],"<>Budgettair verschil - geïndexeerde tarieven voor het databeheer",Tabel2[Kostenrubriek],"<>Budgettair verschil - vaste tarieven voor de reactieve energie",Tabel2[Kostenrubriek],"<>Kapitaalkostenvergoeding voor regulatoire saldi",Tabel2[Kostenrubriek],"<>Kapitaalkostenvergoeding voor steuncertificatenvoorraad",Tabel2[Kostenrubriek],"<>Afbouw van regulatoire saldi binnen de tariefcomponent 'Netgebruik'") -> #VALUE! | O91: =SUMIFS(Tabel2[Afnameklanten op TRLS (∑)],Tabel2[Tariefcomponent],"Netgebruik",Tabel2[Kostenrubriek],"<>Marge",Tabel2[Kostenrubriek],"<>Budgettair verschil - geïndexeerde tarieven voor het databeheer",Tabel2[Kostenrubriek],"<>Budgettair verschil - vaste tarieven voor de reactieve energie",Tabel2[Kostenrubriek],"<>Kapitaalkostenvergoeding voor regulatoire saldi",Tabel2[Kostenrubriek],"<>Kapitaalkostenvergoeding voor steuncertificatenvoorraad",Tabel2[Kostenrubriek],"<>Afbouw van regulatoire saldi binnen de tariefcomponent 'Netgebruik'") -> #VALUE! | P91: =SUMIFS(Tabel2[Afnameklanten op LS (∑)],Tabel2[Tariefcomponent],"Netgebruik",Tabel2[Kostenrubriek],"<>Marge",Tabel2[Kostenrubriek],"<>Budgettair verschil - geïndexeerde tarieven voor het databeheer",Tabel2[Kostenrubriek],"<>Budgettair verschil - vaste tarieven voor de reactieve energie",Tabel2[Kostenrubriek],"<>Kapitaalkostenvergoeding voor regulatoire saldi",Tabel2[Kostenrubriek],"<>Kapitaalkostenvergoeding voor steuncertificatenvoorraad",Tabel2[Kostenrubriek],"<>Afbouw van regulatoire saldi binnen de tariefcomponent 'Netgebruik'") -> #VALUE! | Q91: =SUMIFS(Tabel2[Afnameklanten op LS met piekmeting (∑)],Tabel2[Tariefcomponent],"Netgebruik",Tabel2[Kostenrubriek],"<>Marge",Tabel2[Kostenrubriek],"<>Budgettair verschil - geïndexeerde tarieven voor het databeheer",Tabel2[Kostenrubriek],"<>Budgettair verschil - vaste tarieven voor de reactieve energie",Tabel2[Kostenrubriek],"<>Kapitaalkostenvergoeding voor regulatoire saldi",Tabel2[Kostenrubriek],"<>Kapitaalkostenvergoeding voor steuncertificatenvoorraad",Tabel2[Kostenrubriek],"<>Afbouw van regulatoire saldi binnen de tariefcomponent 'Netgebruik'") -> #DIV/0! | R91: =SUMIFS(Tabel2[Afnameklanten met klassieke/terugdraaiende meter (∑)],Tabel2[Tariefcomponent],"Netgebruik",Tabel2[Kostenrubriek],"<>Marge",Tabel2[Kostenrubriek],"<>Budgettair verschil - geïndexeerde tarieven voor het databeheer",Tabel2[Kostenrubriek],"<>Budgettair verschil - vaste tarieven voor de reactieve energie",Tabel2[Kostenrubriek],"<>Kapitaalkostenvergoeding voor regulatoire saldi",Tabel2[Kostenrubriek],"<>Kapitaalkostenvergoeding voor steuncertificatenvoorraad",Tabel2[Kostenrubriek],"<>Afbouw van regulatoire saldi binnen de tariefcomponent 'Netgebruik'") -> #DIV/0! | S91: =SUMIFS(Tabel2[Injectieklanten (∑)],Tabel2[Tariefcomponent],"Netgebruik",Tabel2[Kostenrubriek],"<>Marge",Tabel2[Kostenrubriek],"<>Budgettair verschil - geïndexeerde tarieven voor het databeheer",Tabel2[Kostenrubriek],"<>Budgettair verschil - vaste tarieven voor de reactieve energie",Tabel2[Kostenrubriek],"<>Kapitaalkostenvergoeding voor regulatoire saldi",Tabel2[Kostenrubriek],"<>Kapitaalkostenvergoeding voor steuncertificatenvoorraad",Tabel2[Kostenrubriek],"<>Afbouw van regulatoire saldi binnen de tariefcomponent 'Netgebruik'") -> #VALUE!
F92: Afbouw van regulatoire saldi | K92: =SUMIFS(Tabel2[Totale budget],Tabel2[Kostenindeling 2],"Afbouw van regulatoire saldi") -> 0 | L92: =SUMIFS(Tabel2[Afnameklanten (∑)],Tabel2[Kostenindeling 2],"Afbouw van regulatoire saldi") -> 0 | M92: =SUMIFS(Tabel2[Afnameklanten op TRHS (∑)],Tabel2[Kostenindeling 2],"Afbouw van regulatoire saldi") -> #VALUE! | N92: =SUMIFS(Tabel2[Afnameklanten op MS (∑)],Tabel2[Kostenindeling 2],"Afbouw van regulatoire saldi") -> #VALUE! | O92: =SUMIFS(Tabel2[Afnameklanten op TRLS (∑)],Tabel2[Kostenindeling 2],"Afbouw van regulatoire saldi") -> #VALUE! | P92: =SUMIFS(Tabel2[Afnameklanten op LS (∑)],Tabel2[Kostenindeling 2],"Afbouw van regulatoire saldi") -> #VALUE! | Q92: =SUMIFS(Tabel2[Afnameklanten op LS met piekmeting (∑)],Tabel2[Kostenindeling 2],"Afbouw van regulatoire saldi") -> #VALUE! | R92: =SUMIFS(Tabel2[Afnameklanten met klassieke/terugdraaiende meter (∑)],Tabel2[Kostenindeling 2],"Afbouw van regulatoire saldi") -> #VALUE! | S92: =SUMIFS(Tabel2[Injectieklanten (∑)],Tabel2[Kostenindeling 2],"Afbouw van regulatoire saldi") -> 0
F93: Openbare dienstverplichtingen | K93: =SUMIFS(Tabel2[Totale budget],Tabel2[Tariefcomponent],"Openbare dienstverplichtingen") -> 0 | L93: =SUMIFS(Tabel2[Afnameklanten (∑)],Tabel2[Tariefcomponent],"Openbare dienstverplichtingen") -> 0 | M93: =SUMIFS(Tabel2[Afnameklanten op TRHS (∑)],Tabel2[Tariefcomponent],"Openbare dienstverplichtingen") -> #VALUE! | N93: =SUMIFS(Tabel2[Afnameklanten op MS (∑)],Tabel2[Tariefcomponent],"Openbare dienstverplichtingen") -> #VALUE! | O93: =SUMIFS(Tabel2[Afnameklanten op TRLS (∑)],Tabel2[Tariefcomponent],"Openbare dienstverplichtingen") -> #VALUE! | P93: =SUMIFS(Tabel2[Afnameklanten op LS (∑)],Tabel2[Tariefcomponent],"Openbare dienstverplichtingen") -> #VALUE! | Q93: =SUMIFS(Tabel2[Afnameklanten op LS met piekmeting (∑)],Tabel2[Tariefcomponent],"Openbare dienstverplichtingen") -> #DIV/0! | R93: =SUMIFS(Tabel2[Afnameklanten met klassieke/terugdraaiende meter (∑)],Tabel2[Tariefcomponent],"Openbare dienstverplichtingen") -> #DIV/0! | S93: =SUMIFS(Tabel2[Injectieklanten (∑)],Tabel2[Tariefcomponent],"Openbare dienstverplichtingen") -> 0
F94: Openbare dienstverplichtingen excl. afbouw van regulatoire saldi | K94: =SUMIFS(Tabel2[Totale budget],Tabel2[Tariefcomponent],"Openbare dienstverplichtingen",Tabel2[Kostenrubriek],"<>Afbouw van regulatoire saldi binnen de tariefcomponent 'Openbare dienstverplichtingen'") -> 0 | L94: =SUMIFS(Tabel2[Afnameklanten (∑)],Tabel2[Tariefcomponent],"Openbare dienstverplichtingen",Tabel2[Kostenrubriek],"<>Afbouw van regulatoire saldi binnen de tariefcomponent 'Openbare dienstverplichtingen'") -> 0 | M94: =SUMIFS(Tabel2[Afnameklanten op TRHS (∑)],Tabel2[Tariefcomponent],"Openbare dienstverplichtingen",Tabel2[Kostenrubriek],"<>Afbouw van regulatoire saldi binnen de tariefcomponent 'Openbare dienstverplichtingen'") -> #VALUE! | N94: =SUMIFS(Tabel2[Afnameklanten op MS (∑)],Tabel2[Tariefcomponent],"Openbare dienstverplichtingen",Tabel2[Kostenrubriek],"<>Afbouw van regulatoire saldi binnen de tariefcomponent 'Openbare dienstverplichtingen'") -> #VALUE! | O94: =SUMIFS(Tabel2[Afnameklanten op TRLS (∑)],Tabel2[Tariefcomponent],"Openbare dienstverplichtingen",Tabel2[Kostenrubriek],"<>Afbouw van regulatoire saldi binnen de tariefcomponent 'Openbare dienstverplichtingen'") -> #VALUE! | P94: =SUMIFS(Tabel2[Afnameklanten op LS (∑)],Tabel2[Tariefcomponent],"Openbare dienstverplichtingen",Tabel2[Kostenrubriek],"<>Afbouw van regulatoire saldi binnen de tariefcomponent 'Openbare dienstverplichtingen'") -> #VALUE! | Q94: =SUMIFS(Tabel2[Afnameklanten op LS met piekmeting (∑)],Tabel2[Tariefcomponent],"Openbare dienstverplichtingen",Tabel2[Kostenrubriek],"<>Afbouw van regulatoire saldi binnen de tariefcomponent 'Openbare dienstverplichtingen'") -> #DIV/0! | R94: =SUMIFS(Tabel2[Afnameklanten met klassieke/terugdraaiende meter (∑)],Tabel2[Tariefcomponent],"Openbare dienstverplichtingen",Tabel2[Kostenrubriek],"<>Afbouw van regulatoire saldi binnen de tariefcomponent 'Openbare dienstverplichtingen'") -> #DIV/0! | S94: =SUMIFS(Tabel2[Injectieklanten (∑)],Tabel2[Tariefcomponent],"Openbare dienstverplichtingen",Tabel2[Kostenrubriek],"<>Afbouw van regulatoire saldi binnen de tariefcomponent 'Openbare dienstverplichtingen'") -> 0 | V94: Hulplijnen
F95: Toeslagen | K95: =SUMIFS(Tabel2[Totale budget],Tabel2[Tariefcomponent],"Toeslagen") -> 0 | L95: =SUMIFS(Tabel2[Afnameklanten (∑)],Tabel2[Tariefcomponent],"Toeslagen") -> 0 | M95: =SUMIFS(Tabel2[Afnameklanten op TRHS (∑)],Tabel2[Tariefcomponent],"Toeslagen") -> #VALUE! | N95: =SUMIFS(Tabel2[Afnameklanten op MS (∑)],Tabel2[Tariefcomponent],"Toeslagen") -> #VALUE! | O95: =SUMIFS(Tabel2[Afnameklanten op TRLS (∑)],Tabel2[Tariefcomponent],"Toeslagen") -> #VALUE! | P95: =SUMIFS(Tabel2[Afnameklanten op LS (∑)],Tabel2[Tariefcomponent],"Toeslagen") -> #VALUE! | Q95: =SUMIFS(Tabel2[Afnameklanten op LS met piekmeting (∑)],Tabel2[Tariefcomponent],"Toeslagen") -> #DIV/0! | R95: =SUMIFS(Tabel2[Afnameklanten met klassieke/terugdraaiende meter (∑)],Tabel2[Tariefcomponent],"Toeslagen") -> #DIV/0! | S95: =SUMIFS(Tabel2[Injectieklanten (∑)],Tabel2[Tariefcomponent],"Toeslagen") -> 0
F96: Transmissienetkosten 'Netgebruik' | K96: =SUMIFS(Tabel2[Totale budget],Tabel2[Subactiviteit],"Transmissie",Tabel2[Tariefcomponent],"Netgebruik") -> 0 | L96: =SUMIFS(Tabel2[Afnameklanten (∑)],Tabel2[Subactiviteit],"Transmissie",Tabel2[Tariefcomponent],"Netgebruik") -> 0 | M96: =SUMIFS(Tabel2[Afnameklanten op TRHS (∑)],Tabel2[Subactiviteit],"Transmissie",Tabel2[Tariefcomponent],"Netgebruik") -> #VALUE! | N96: =SUMIFS(Tabel2[Afnameklanten op MS (∑)],Tabel2[Subactiviteit],"Transmissie",Tabel2[Tariefcomponent],"Netgebruik") -> #VALUE! | O96: =SUMIFS(Tabel2[Afnameklanten op TRLS (∑)],Tabel2[Subactiviteit],"Transmissie",Tabel2[Tariefcomponent],"Netgebruik") -> #VALUE! | P96: =SUMIFS(Tabel2[Afnameklanten op LS (∑)],Tabel2[Subactiviteit],"Transmissie",Tabel2[Tariefcomponent],"Netgebruik") -> #VALUE! | Q96: =SUMIFS(Tabel2[Afnameklanten op LS met piekmeting (∑)],Tabel2[Subactiviteit],"Transmissie",Tabel2[Tariefcomponent],"Netgebruik") -> #DIV/0! | R96: =SUMIFS(Tabel2[Afnameklanten met klassieke/terugdraaiende meter (∑)],Tabel2[Subactiviteit],"Transmissie",Tabel2[Tariefcomponent],"Netgebruik") -> #DIV/0! | S96: =SUMIFS(Tabel2[Injectieklanten (∑)],Tabel2[Subactiviteit],"Transmissie",Tabel2[Tariefcomponent],"Netgebruik") -> 0
F98: Procentueel aandeel van subactiviteit 'Distributie' binnen tariefcomponent 'Netgebruik' | K98: =SUMIFS(Tabel2[Totale budget],Tabel2[Subactiviteit],"Transmissie",Tabel2[Tariefcomponent],"Netgebruik")/SUMIFS(Tabel2[Totale budget],Tabel2[Tariefcomponent],"Netgebruik",Tabel2[Kostenrubriek],"<>Afbouw van regulatoire saldi binnen de tariefcomponent 'Netgebruik'") -> #DIV/0! | L98: =SUMIFS(Tabel2[Afnameklanten (∑)],Tabel2[Subactiviteit],"Transmissie",Tabel2[Tariefcomponent],"Netgebruik")/SUMIFS(Tabel2[Afnameklanten (∑)],Tabel2[Tariefcomponent],"Netgebruik",Tabel2[Kostenrubriek],"<>Afbouw van regulatoire saldi binnen de tariefcomponent 'Netgebruik'") -> #VALUE! | M98: =SUMIFS(Tabel2[Afnameklanten op TRHS (∑)],Tabel2[Subactiviteit],"Transmissie",Tabel2[Tariefcomponent],"Netgebruik")/SUMIFS(Tabel2[Afnameklanten op TRHS (∑)],Tabel2[Tariefcomponent],"Netgebruik",Tabel2[Kostenrubriek],"<>Afbouw van regulatoire saldi binnen de tariefcomponent 'Netgebruik'") -> #VALUE! | N98: =SUMIFS(Tabel2[Afnameklanten op MS (∑)],Tabel2[Subactiviteit],"Transmissie",Tabel2[Tariefcomponent],"Netgebruik")/SUMIFS(Tabel2[Afnameklanten op MS (∑)],Tabel2[Tariefcomponent],"Netgebruik",Tabel2[Kostenrubriek],"<>Afbouw van regulatoire saldi binnen de tariefcomponent 'Netgebruik'") -> #VALUE! | O98: =SUMIFS(Tabel2[Afnameklanten op TRLS (∑)],Tabel2[Subactiviteit],"Transmissie",Tabel2[Tariefcomponent],"Netgebruik")/SUMIFS(Tabel2[Afnameklanten op TRLS (∑)],Tabel2[Tariefcomponent],"Netgebruik",Tabel2[Kostenrubriek],"<>Afbouw van regulatoire saldi binnen de tariefcomponent 'Netgebruik'") -> #VALUE! | P98: =SUMIFS(Tabel2[Afnameklanten op LS (∑)],Tabel2[Subactiviteit],"Transmissie",Tabel2[Tariefcomponent],"Netgebruik")/SUMIFS(Tabel2[Afnameklanten op LS (∑)],Tabel2[Tariefcomponent],"Netgebruik",Tabel2[Kostenrubriek],"<>Afbouw van regulatoire saldi binnen de tariefcomponent 'Netgebruik'") -> #VALUE! | Q98: =SUMIFS(Tabel2[Afnameklanten op LS met piekmeting (∑)],Tabel2[Subactiviteit],"Transmissie",Tabel2[Tariefcomponent],"Netgebruik")/SUMIFS(Tabel2[Afnameklanten op LS met piekmeting (∑)],Tabel2[Tariefcomponent],"Netgebruik",Tabel2[Kostenrubriek],"<>Afbouw van regulatoire saldi binnen de tariefcomponent 'Netgebruik'") -> #DIV/0! | R98: =SUMIFS(Tabel2[Afnameklanten met klassieke/terugdraaiende meter (∑)],Tabel2[Subactiviteit],"Transmissie",Tabel2[Tariefcomponent],"Netgebruik")/SUMIFS(Tabel2[Afnameklanten met klassieke/terugdraaiende meter (∑)],Tabel2[Tariefcomponent],"Netgebruik",Tabel2[Kostenrubriek],"<>Afbouw van regulatoire saldi binnen de tariefcomponent 'Netgebruik'") -> #DIV/0! | S98: =SUMIFS(Tabel2[Injectieklanten (∑)],Tabel2[Subactiviteit],"Transmissie",Tabel2[Tariefcomponent],"Netgebruik")/SUMIFS(Tabel2[Injectieklanten (∑)],Tabel2[Tariefcomponent],"Netgebruik",Tabel2[Kostenrubriek],"<>Afbouw van regulatoire saldi binnen de tariefcomponent 'Netgebruik'") -> #VALUE!

Sheet T3
A1: TABEL 3: Tarieven vóór toepassing van de maximumtarieven
C4: Distributienetbeheerder: | E4: =DNB -> Naam distributienetbeheerder
A7: Tariefcomponent | B7: Totale budget | C7: Afnameklanten op TRHS (∑) | D7: Afnameklanten op MS (∑) | E7: Afnameklanten op TRLS (∑) | F7: Afnameklanten op LS (∑) | G7: Afnameklanten op LS met piekmeting (∑) | H7: Afnameklanten met klassieke/terugdraaiende meter (∑) | I7: Injectieklanten (∑)
A8: Netgebruik | B8: =SUMIFS(Tabel2[Totale budget],Tabel2[Tariefcomponent],$A8) -> 0 | C8: =SUMIFS(Tabel2[Afnameklanten op TRHS (∑)],Tabel2[Tariefcomponent],$A8) -> #VALUE! | D8: =SUMIFS(Tabel2[Afnameklanten op MS (∑)],Tabel2[Tariefcomponent],$A8) -> #VALUE! | E8: =SUMIFS(Tabel2[Afnameklanten op TRLS (∑)],Tabel2[Tariefcomponent],$A8) -> #VALUE! | F8: =SUMIFS(Tabel2[Afnameklanten op LS (∑)],Tabel2[Tariefcomponent],$A8) -> #VALUE! | G8: =SUMIFS(Tabel2[Afnameklanten op LS met piekmeting (∑)],Tabel2[Tariefcomponent],$A8) -> #DIV/0! | H8: =SUMIFS(Tabel2[Afnameklanten met klassieke/terugdraaiende meter (∑)],Tabel2[Tariefcomponent],$A8) -> #DIV/0! | I8: =SUMIFS(Tabel2[Injectieklanten (∑)],Tabel2[Tariefcomponent],$A8) -> #VALUE!
A9: Reactieve energie | B9: =SUMIFS(Tabel2[Totale budget],Tabel2[Tariefcomponent],$A9) -> 0 | C9: =SUMIFS(Tabel2[Afnameklanten op TRHS (∑)],Tabel2[Tariefcomponent],$A9) -> #VALUE! | D9: =SUMIFS(Tabel2[Afnameklanten op MS (∑)],Tabel2[Tariefcomponent],$A9) -> #VALUE! | E9: =SUMIFS(Tabel2[Afnameklanten op TRLS (∑)],Tabel2[Tariefcomponent],$A9) -> #VALUE!
A10: Databeheer | B10: =SUMIFS(Tabel2[Totale budget],Tabel2[Tariefcomponent],$A10) -> 0 | C10: =SUMIFS(Tabel2[Afnameklanten op TRHS (∑)],Tabel2[Tariefcomponent],$A10) -> #VALUE! | D10: =SUMIFS(Tabel2[Afnameklanten op MS (∑)],Tabel2[Tariefcomponent],$A10) -> #VALUE! | E10: =SUMIFS(Tabel2[Afnameklanten op TRLS (∑)],Tabel2[Tariefcomponent],$A10) -> #VALUE! | F10: =SUMIFS(Tabel2[Afnameklanten op LS (∑)],Tabel2[Tariefcomponent],$A10) -> #VALUE! | G10: =SUMIFS(Tabel2[Afnameklanten op LS met piekmeting (∑)],Tabel2[Tariefcomponent],$A10) -> #VALUE! | H10: =SUMIFS(Tabel2[Afnameklanten met klassieke/terugdraaiende meter (∑)],Tabel2[Tariefcomponent],$A10) -> #VALUE! | I10: =SUMIFS(Tabel2[Injectieklanten (∑)],Tabel2[Tariefcomponent],$A10) -> #VALUE!
A11: Openbare dienstverplichtingen | B11: =SUMIFS(Tabel2[Totale budget],Tabel2[Tariefcomponent],$A11) -> 0 | C11: =SUMIFS(Tabel2[Afnameklanten op TRHS (∑)],Tabel2[Tariefcomponent],$A11) -> #VALUE! | D11: =SUMIFS(Tabel2[Afnameklanten op MS (∑)],Tabel2[Tariefcomponent],$A11) -> #VALUE! | E11: =SUMIFS(Tabel2[Afnameklanten op TRLS (∑)],Tabel2[Tariefcomponent],$A11) -> #VALUE! | F11: =SUMIFS(Tabel2[Afnameklanten op LS (∑)],Tabel2[Tariefcomponent],$A11) -> #VALUE! | G11: =SUMIFS(Tabel2[Afnameklanten op LS met piekmeting (∑)],Tabel2[Tariefcomponent],$A11) -> #DIV/0! | H11: =SUMIFS(Tabel2[Afnameklanten met klassieke/terugdraaiende meter (∑)],Tabel2[Tariefcomponent],$A11) -> #DIV/0!
A12: Toeslagen | B12: =SUMIFS(Tabel2[Totale budget],Tabel2[Tariefcomponent],$A12) -> 0 | C12: =SUMIFS(Tabel2[Afnameklanten op TRHS (∑)],Tabel2[Tariefcomponent],$A12) -> #VALUE! | D12: =SUMIFS(Tabel2[Afnameklanten op MS (∑)],Tabel2[Tariefcomponent],$A12) -> #VALUE! | E12: =SUMIFS(Tabel2[Afnameklanten op TRLS (∑)],Tabel2[Tariefcomponent],$A12) -> #VALUE! | F12: =SUMIFS(Tabel2[Afnameklanten op LS (∑)],Tabel2[Tariefcomponent],$A12) -> #VALUE! | G12: =SUMIFS(Tabel2[Afnameklanten op LS met piekmeting (∑)],Tabel2[Tariefcomponent],$A12) -> #DIV/0! | H12: =SUMIFS(Tabel2[Afnameklanten met klassieke/terugdraaiende meter (∑)],Tabel2[Tariefcomponent],$A12) -> #DIV/0!
A13: Overige transmissie | B13: =SUMIFS(Tabel2[Totale budget],Tabel2[Tariefcomponent],$A13) -> 0 | C13: =SUMIFS(Tabel2[Afnameklanten op TRHS (∑)],Tabel2[Tariefcomponent],$A13) -> #DIV/0! | D13: =SUMIFS(Tabel2[Afnameklanten op MS (∑)],Tabel2[Tariefcomponent],$A13) -> #DIV/0! | E13: =SUMIFS(Tabel2[Afnameklanten op TRLS (∑)],Tabel2[Tariefcomponent],$A13) -> #DIV/0! | F13: =SUMIFS(Tabel2[Afnameklanten op LS (∑)],Tabel2[Tariefcomponent],$A13) -> #DIV/0! | G13: =SUMIFS(Tabel2[Afnameklanten op LS met piekmeting (∑)],Tabel2[Tariefcomponent],$A13) -> #DIV/0! | H13: =SUMIFS(Tabel2[Afnameklanten met klassieke/terugdraaiende meter (∑)],Tabel2[Tariefcomponent],$A13) -> #DIV/0!
A14: Totaal | B14: =SUBTOTAL(109,Tabel3A[Totale budget]) -> 0 | C14: =SUBTOTAL(109,Tabel3A[Afnameklanten op TRHS (∑)]) -> #VALUE! | D14: =SUBTOTAL(109,Tabel3A[Afnameklanten op MS (∑)]) -> #VALUE! | E14: =SUBTOTAL(109,Tabel3A[Afnameklanten op TRLS (∑)]) -> #VALUE! | F14: =SUBTOTAL(109,Tabel3A[Afnameklanten op LS (∑)]) -> #VALUE! | G14: =SUBTOTAL(109,Tabel3A[Afnameklanten op LS met piekmeting (∑)]) -> #DIV/0! | H14: =SUBTOTAL(109,Tabel3A[Afnameklanten met klassieke/terugdraaiende meter (∑)]) -> #DIV/0! | I14: =SUBTOTAL(109,Tabel3A[Injectieklanten (∑)]) -> #VALUE!
A18: Tariefcomponent | B18: Tariefdrager | C18: Afnameklanten op TRHS (∑) | D18: Afnameklanten op TRHS | E18: Afnameklanten op >26-36 kV met AV ≥ 5MVA | F18: Afnameklanten op MS (∑) | G18: Afnameklanten op >26-36 kV met AV < 5MVA | H18: Afnameklanten op 26-1kV | I18: Doorvoer op 26-1kV | J18: Afnameklanten op TRLS (∑) | K18: Afnameklanten op TRLS | L18: Afnameklanten op LS (∑) | M18: Afnameklanten op LS met piekmeting | N18: Doorvoer op LS met piekmeting | O18: Afnameklanten op LS met klassieke meter | P18: Doorvoer op LS zonder piekmeting | Q18: Prosumenten met terugdraaiende teller op LS | R18: Injectieklanten (∑) | S18: Injectieklanten op TRHS | T18: Injectieklanten op >26-36kV | U18: Injectieklanten op 26-1kV | V18: Injectieklanten op TRLS | W18: Injectieklanten op LS
A19: Netgebruik | B19: kVATV | C19: =$C$8*1*INDEX(Rekenvolumes[Afnameklanten op TRHS (∑)],8)/'REKENVOLUMES'!$E$27/INDEX(Rekenvolumes[Afnameklanten op TRHS (∑)],8) -> #VALUE! | D19: =$C19 -> #VALUE! | E19: =$C19 -> #VALUE! | F19: =$D$8*1*(INDEX(Rekenvolumes[Afnameklanten op MS (∑)],8)-(1-FACTOR_DOORVOER)*INDEX(Rekenvolumes[Doorvoer op 26-1kV],8))/('REKENVOLUMES'!$H$27-(1-FACTOR_DOORVOER)*'REKENVOLUMES'!$K$27)/(INDEX(Rekenvolumes[Afnameklanten op MS (∑)],8)-(1-FACTOR_DOORVOER)*INDEX(Rekenvolumes[Doorvoer op 26-1kV],8)) -> #VALUE! | G19: =$F19 -> #VALUE! | H19: =$F19 -> #VALUE! | I19: =$F19*FACTOR_DOORVOER -> #VALUE! | J19: =$E$8*1*INDEX(Rekenvolumes[Afnameklanten op TRLS (∑)],8)/'REKENVOLUMES'!$L$27/INDEX(Rekenvolumes[Afnameklanten op TRLS (∑)],8) -> #VALUE! | K19: =$J19 -> #VALUE! | T19: =$R19
A20: Netgebruik | B20: kWMP | C20: =$C$8*FACTOR_MP_TV*INDEX(Rekenvolumes[Afnameklanten op TRHS (∑)],8)/'REKENVOLUMES'!$E$27/INDEX(Rekenvolumes[Afnameklanten op TRHS (∑)],9) -> #VALUE! | D20: =$C20 -> #VALUE! | E20: =$C20 -> #VALUE! | F20: =$D$8*FACTOR_MP_TV*(INDEX(Rekenvolumes[Afnameklanten op MS (∑)],8)-(1-FACTOR_DOORVOER)*INDEX(Rekenvolumes[Doorvoer op 26-1kV],8))/('REKENVOLUMES'!$H$27-(1-FACTOR_DOORVOER)*'REKENVOLUMES'!$K$27)/(INDEX(Rekenvolumes[Afnameklanten op MS (∑)],9)-(1-FACTOR_DOORVOER)*INDEX(Rekenvolumes[Doorvoer op 26-1kV],9)) -> #VALUE! | G20: =$F20 -> #VALUE! | H20: =$F20 -> #VALUE! | I20: =$F20*FACTOR_DOORVOER -> #VALUE! | J20: =$E$8*FACTOR_MP_TV*INDEX(Rekenvolumes[Afnameklanten op TRLS (∑)],8)/'REKENVOLUMES'!$L$27/INDEX(Rekenvolumes[Afnameklanten op TRLS (∑)],9) -> #VALUE! | K20: =$J20 -> #VALUE! | T20: =$R20
A21: Netgebruik | B21: kWMP-TV | C21: =$C$8*FACTOR_OST*INDEX(Rekenvolumes[Afnameklanten op TRHS (∑)],10)/'REKENVOLUMES'!$E$27/INDEX(Rekenvolumes[Afnameklanten op TRHS (∑)],10) -> #VALUE! | D21: =$C21 -> #VALUE! | E21: =$C21 -> #VALUE! | F21: =$D$8*FACTOR_OST*(INDEX(Rekenvolumes[Afnameklanten op MS (∑)],10)-(1-FACTOR_DOORVOER)*INDEX(Rekenvolumes[Doorvoer op 26-1kV],10))/('REKENVOLUMES'!$H$27-(1-FACTOR_DOORVOER)*'REKENVOLUMES'!$K$27)/(INDEX(Rekenvolumes[Afnameklanten op MS (∑)],10)-(1-FACTOR_DOORVOER)*INDEX(Rekenvolumes[Doorvoer op 26-1kV],10)) -> #VALUE! | G21: =$F21 -> #VALUE! | H21: =$F21 -> #VALUE! | I21: =$F21*FACTOR_DOORVOER -> #VALUE! | J21: =$E$8*FACTOR_OST*INDEX(Rekenvolumes[Afnameklanten op TRLS (∑)],10)/'REKENVOLUMES'!$L$27/INDEX(Rekenvolumes[Afnameklanten op TRLS (∑)],10) -> #VALUE! | K21: =$J21 -> #VALUE! | T21: =$R21
A22: Netgebruik | B22: kWgemMP | M22: =PROCENT_GEMMP*$G$8/(INDEX(Rekenvolumes[Afnameklanten op LS met piekmeting],11)+FACTOR_DOORVOER*INDEX(Rekenvolumes[Doorvoer op LS met piekmeting],11)) -> #DIV/0! | N22: =FACTOR_DOORVOER*$M22 -> #DIV/0! | T22: =$R22
A23: Netgebruik | B23: vastnet | O23: =FACTOR_VAST*$M$22 -> #DIV/0! | P23: =FACTOR_DOORVOER*$O23 -> #DIV/0! | T23: =$R23
A24: Netgebruik | B24: kWhafn | M24: =PROCENT_KWH*$G$8/(INDEX(Rekenvolumes[Afnameklanten op LS met piekmeting],12)+FACTOR_DOORVOER*INDEX(Rekenvolumes[Doorvoer op LS met piekmeting],12)+INDEX(Rekenvolumes[Afnameklanten op LS met piekmeting],13)+FACTOR_DOORVOER*INDEX(Rekenvolumes[Doorvoer op LS met piekmeting],13)+INDEX(Rekenvolumes[Afnameklanten op LS met piekmeting],14)+FACTOR_DOORVOER*INDEX(Rekenvolumes[Doorvoer op LS met piekmeting],14)) -> #DIV/0! | N24: =FACTOR_DOORVOER*$M24 -> #DIV/0! | O24: =($H$8-$O$23*(INDEX(Rekenvolumes[Afnameklanten op LS met klassieke meter],1)+FACTOR_DOORVOER*INDEX(Rekenvolumes[Doorvoer op LS zonder piekmeting],1)+INDEX(Rekenvolumes[Prosumenten met terugdraaiende teller op LS],1)))/('REKENVOLUMES'!$Q$28+FACTOR_DOORVOER*'REKENVOLUMES'!$R$28+'REKENVOLUMES'!$S$28) -> #DIV/0! | P24: =FACTOR_DOORVOER*$O24 -> #DIV/0! | T24: =$R24
A25: Netgebruik | B25: kWhinj | R25: =$I$8/INDEX(Rekenvolumes[Injectieklanten (∑)],15) -> #VALUE! | S25: =$R25 -> #VALUE! | T25: =$R25 -> #VALUE! | U25: =$R25 -> #VALUE! | V25: =$R25 -> #VALUE! | W25: =$R25 -> #VALUE!
A26: Reactieve energie | B26: kVArh | C26: =$C$9/(INDEX(Rekenvolumes[Afnameklanten op TRHS (∑)],16)+INDEX(Rekenvolumes[Afnameklanten op TRHS (∑)],17)) -> #VALUE! | D26: =$C26 -> #VALUE! | E26: =$C26 -> #VALUE! | F26: =$D$9/(INDEX(Rekenvolumes[Afnameklanten op MS (∑)],16)+INDEX(Rekenvolumes[Afnameklanten op MS (∑)],17)-(1-FACTOR_DOORVOER)*INDEX(Rekenvolumes[Doorvoer op 26-1kV],16)-(1-FACTOR_DOORVOER)*INDEX(Rekenvolumes[Doorvoer op 26-1kV],17)) -> #VALUE! | G26: =$F26 -> #VALUE! | H26: =$F26 -> #VALUE! | I26: =$F26*FACTOR_DOORVOER -> #VALUE! | J26: =$E$9/(INDEX(Rekenvolumes[Afnameklanten op TRLS (∑)],16)+INDEX(Rekenvolumes[Afnameklanten op TRLS (∑)],17)) -> #VALUE! | K26: =$J26 -> #VALUE! | T26: =$R26
A27: Databeheer | B27: AMR | C27: =TAR_DATA_NIETLS_2021*CPI_JAARMIN1/CPI_2020 -> #DIV/0! | D27: =$C27 -> #DIV/0! | E27: =$C27 -> #DIV/0! | F27: =TAR_DATA_NIETLS_2021*CPI_JAARMIN1/CPI_2020 -> #DIV/0! | G27: =$F27 -> #DIV/0! | H27: =$F27 -> #DIV/0! | I27: =$F27*FACTOR_DOORVOER -> #DIV/0! | J27: =TAR_DATA_NIETLS_2021*CPI_JAARMIN1/CPI_2020 -> #DIV/0! | K27: =$J27 -> #DIV/0! | L27: =TAR_DATA_LSMR3_2021*CPI_JAARMIN1/CPI_2020 -> #DIV/0! | M27: =$L27 -> #DIV/0! | N27: =FACTOR_DOORVOER*$M27 -> #DIV/0! | T27: =$R27
A28: Databeheer | B28: MMR | C28: =TAR_DATA_NIETLS_2021*CPI_JAARMIN1/CPI_2020 -> #DIV/0! | D28: =$C28 -> #DIV/0! | E28: =$C28 -> #DIV/0! | F28: =TAR_DATA_NIETLS_2021*CPI_JAARMIN1/CPI_2020 -> #DIV/0! | G28: =$F28 -> #DIV/0! | H28: =$F28 -> #DIV/0! | I28: =$F28*FACTOR_DOORVOER -> #DIV/0! | J28: =TAR_DATA_NIETLS_2021*CPI_JAARMIN1/CPI_2020 -> #DIV/0! | K28: =$J28 -> #DIV/0! | L28: =TAR_DATA_LSMR1_2021*CPI_JAARMIN1/CPI_2020 -> #DIV/0! | M28: =$L28 -> #DIV/0! | N28: =FACTOR_DOORVOER*$M28 -> #DIV/0!
A29: Databeheer | B29: DM-MR1 | L29: =TAR_DATA_LSMR1_2021*CPI_JAARMIN1/CPI_2020 -> #DIV/0! | M29: =$L29 -> #DIV/0!
A30: Databeheer | B30: DM-MR3 | L30: =TAR_DATA_LSMR3_2021*CPI_JAARMIN1/CPI_2020 -> #DIV/0! | M30: =$L30 -> #DIV/0!
A31: Databeheer | B31: KM | L31: =TAR_DATA_LSMR1_2021*CPI_JAARMIN1/CPI_2020 -> #DIV/0! | O31: =$L31 -> #DIV/0! | P31: =FACTOR_DOORVOER*$O31 -> #DIV/0!
A32: Databeheer | B32: Productiemeter | R32: =TAR_DATA_PROD_2021*CPI_JAARMIN1/CPI_2020 -> #DIV/0! | S32: =$R32 -> #DIV/0! | T32: =$R32 -> #DIV/0! | U32: =$R32 -> #DIV/0! | V32: =$R32 -> #DIV/0! | W32: =$R32 -> #DIV/0!
A33: Openbare dienstverplichtingen | B33: kWhafn NU SU | C33: =$C$11/(INDEX(Rekenvolumes[Afnameklanten op TRHS (∑)],12)+INDEX(Rekenvolumes[Afnameklanten op TRHS (∑)],13)+(1-KORTING_XN)*INDEX(Rekenvolumes[Afnameklanten op TRHS (∑)],14)) -> #VALUE! | D33: =$C33 -> #VALUE! | E33: =$C33 -> #VALUE! | F33: =$D$11/(INDEX(Rekenvolumes[Afnameklanten op MS (∑)],12)+INDEX(Rekenvolumes[Afnameklanten op MS (∑)],13)+(1-KORTING_XN)*INDEX(Rekenvolumes[Afnameklanten op MS (∑)],14)-(1-FACTOR_DOORVOER)*INDEX(Rekenvolumes[Doorvoer op 26-1kV],12)-(1-FACTOR_DOORVOER)*INDEX(Rekenvolumes[Doorvoer op 26-1kV],13)-(1-KORTING_XN)*(1-FACTOR_DOORVOER)*INDEX(Rekenvolumes[Doorvoer op 26-1kV],14)) -> #VALUE! | G33: =$F33 -> #VALUE! | H33: =$F33 -> #VALUE! | I33: =$F33*FACTOR_DOORVOER -> #VALUE! | J33: =$E$11/(INDEX(Rekenvolumes[Afnameklanten op TRLS (∑)],12)+INDEX(Rekenvolumes[Afnameklanten op TRLS (∑)],13)+(1-KORTING_XN)*INDEX(Rekenvolumes[Afnameklanten op TRLS (∑)],14)) -> #VALUE! | K33: =$J33 -> #VALUE! | L33: =$F$11/(INDEX(Rekenvolumes[Afnameklanten op LS (∑)],12)+INDEX(Rekenvolumes[Afnameklanten op LS (∑)],13)+(1-KORTING_XN)*INDEX(Rekenvolumes[Afnameklanten op LS (∑)],14)-(1-FACTOR_DOORVOER)*INDEX(Rekenvolumes[Doorvoer op LS met piekmeting],12)-(1-FACTOR_DOORVOER)*INDEX(Rekenvolumes[Doorvoer op LS zonder piekmeting],12)-(1-FACTOR_DOORVOER)*INDEX(Rekenvolumes[Doorvoer op LS met piekmeting],13)-(1-FACTOR_DOORVOER)*INDEX(Rekenvolumes[Doorvoer op LS zonder piekmeting],13)-(1-KORTING_XN)*(1-FACTOR_DOORVOER)*INDEX(Rekenvolumes[Doorvoer op LS met piekmeting],14)-(1-KORTING_XN)*(1-FACTOR_DOORVOER)*INDEX(Rekenvolumes[Doorvoer op LS zonder piekmeting],14)) -> #VALUE! | M33: =$L33 -> #VALUE! | N33: =FACTOR_DOORVOER*$L33 -> #VALUE! | O33: =$L33 -> #VALUE! | P33: =FACTOR_DOORVOER*$L33 -> #VALUE!
A34: Openbare dienstverplichtingen | B34: kWhafn XN | F34: =(1-KORTING_XN)*$F$33 -> #VALUE! | H34: =$F34 -> #VALUE! | J34: =(1-KORTING_XN)*$J$33 -> #VALUE! | K34: =$J34 -> #VALUE! | L34: =(1-KORTING_XN)*$L$33 -> #VALUE! | M34: =$L34 -> #VALUE! | O34: =$L34 -> #VALUE!
A35: Toeslagen | B35: kWhafn | C35: =$C$12/(INDEX(Rekenvolumes[Afnameklanten op TRHS (∑)],12)+INDEX(Rekenvolumes[Afnameklanten op TRHS (∑)],13)+INDEX(Rekenvolumes[Afnameklanten op TRHS (∑)],14)) -> #VALUE! | D35: =$C35 -> #VALUE! | E35: =$C35 -> #VALUE! | F35: =$D$12/(INDEX(Rekenvolumes[Afnameklanten op MS (∑)],12)+INDEX(Rekenvolumes[Afnameklanten op MS (∑)],13)+INDEX(Rekenvolumes[Afnameklanten op MS (∑)],14)-(1-FACTOR_DOORVOER)*INDEX(Rekenvolumes[Doorvoer op 26-1kV],12)-(1-FACTOR_DOORVOER)*INDEX(Rekenvolumes[Doorvoer op 26-1kV],13)-(1-FACTOR_DOORVOER)*INDEX(Rekenvolumes[Doorvoer op 26-1kV],14)) -> #VALUE! | G35: =$F35 -> #VALUE! | H35: =$F35 -> #VALUE! | I35: =$F35*FACTOR_DOORVOER -> #VALUE! | J35: =$E$12/(INDEX(Rekenvolumes[Afnameklanten op TRLS (∑)],12)+INDEX(Rekenvolumes[Afnameklanten op TRLS (∑)],13)+INDEX(Rekenvolumes[Afnameklanten op TRLS (∑)],14)) -> #VALUE! | K35: =$J35 -> #VALUE! | L35: =$F$12/(INDEX(Rekenvolumes[Afnameklanten op LS (∑)],12)+INDEX(Rekenvolumes[Afnameklanten op LS (∑)],13)+INDEX(Rekenvolumes[Afnameklanten op LS (∑)],14)-(1-FACTOR_DOORVOER)*INDEX(Rekenvolumes[Doorvoer op LS met piekmeting],12)-(1-FACTOR_DOORVOER)*INDEX(Rekenvolumes[Doorvoer op LS zonder piekmeting],12)-(1-FACTOR_DOORVOER)*INDEX(Rekenvolumes[Doorvoer op LS met piekmeting],13)-(1-FACTOR_DOORVOER)*INDEX(Rekenvolumes[Doorvoer op LS zonder piekmeting],13)-(1-FACTOR_DOORVOER)*INDEX(Rekenvolumes[Doorvoer op LS met piekmeting],14)-(1-FACTOR_DOORVOER)*INDEX(Rekenvolumes[Doorvoer op LS zonder piekmeting],14)) -> #VALUE! | M35: =$L35 -> #VALUE! | N35: =FACTOR_DOORVOER*$L35 -> #VALUE! | O35: =$L35 -> #VALUE! | P35: =FACTOR_DOORVOER*$L35 -> #VALUE!
A36: Overige transmissie | B36: kWhafn | C36: =$C$13/(INDEX(Rekenvolumes[Afnameklanten op TRHS (∑)],12)+INDEX(Rekenvolumes[Afnameklanten op TRHS (∑)],13)+INDEX(Rekenvolumes[Afnameklanten op TRHS (∑)],14)) -> #DIV/0! | D36: =$C36 -> #DIV/0! | E36: =$C36 -> #DIV/0! | F36: =$D$13/(INDEX(Rekenvolumes[Afnameklanten op MS (∑)],12)+INDEX(Rekenvolumes[Afnameklanten op MS (∑)],13)+INDEX(Rekenvolumes[Afnameklanten op MS (∑)],14)-(1-FACTOR_DOORVOER)*INDEX(Rekenvolumes[Doorvoer op 26-1kV],12)-(1-FACTOR_DOORVOER)*INDEX(Rekenvolumes[Doorvoer op 26-1kV],13)-(1-FACTOR_DOORVOER)*INDEX(Rekenvolumes[Doorvoer op 26-1kV],14)) -> #DIV/0! | G36: =$F36 -> #DIV/0! | H36: =$F36 -> #DIV/0! | I36: =$F36*FACTOR_DOORVOER -> #DIV/0! | J36: =$E$13/(INDEX(Rekenvolumes[Afnameklanten op TRLS (∑)],12)+INDEX(Rekenvolumes[Afnameklanten op TRLS (∑)],13)+INDEX(Rekenvolumes[Afnameklanten op TRLS (∑)],14)) -> #DIV/0! | K36: =$J36 -> #DIV/0! | L36: =$F$13/(INDEX(Rekenvolumes[Afnameklanten op LS (∑)],12)+INDEX(Rekenvolumes[Afnameklanten op LS (∑)],13)+INDEX(Rekenvolumes[Afnameklanten op LS (∑)],14)-(1-FACTOR_DOORVOER)*INDEX(Rekenvolumes[Doorvoer op LS met piekmeting],12)-(1-FACTOR_DOORVOER)*INDEX(Rekenvolumes[Doorvoer op LS zonder piekmeting],12)-(1-FACTOR_DOORVOER)*INDEX(Rekenvolumes[Doorvoer op LS met piekmeting],13)-(1-FACTOR_DOORVOER)*INDEX(Rekenvolumes[Doorvoer op LS zonder piekmeting],13)-(1-FACTOR_DOORVOER)*INDEX(Rekenvolumes[Doorvoer op LS met piekmeting],14)-(1-FACTOR_DOORVOER)*INDEX(Rekenvolumes[Doorvoer op LS zonder piekmeting],14)) -> #DIV/0! | M36: =$L36 -> #DIV/0! | N36: =FACTOR_DOORVOER*$L36 -> #DIV/0! | O36: =$L36 -> #DIV/0! | P36: =FACTOR_DOORVOER*$L36 -> #DIV/0!
A37: Aanvullend capaciteitstarief | B37: kVAomvormer | Q37: =$Q$54 -> #DIV/0! | T37: =$R37
P42: =SUM($O$24,$O$33,$O$35:$O$36) -> #DIV/0! | Q42: kWh-tarieven
P44: Gem. omvormervermogen (in kW) | Q44: =OMVORMERVERMOGEN -> 0
P46: Gem. productievermogen (in kWp) | Q46: =$Q$44/DIM_OMV -> 0
P48: Gem. productie (in kWh) | Q48: =$Q$46*VOLLASTUREN -> 0
P50: Gem. injectie (in kWh) | Q50: =$Q$48*(1-ZELFCONSUMPTIE) -> 0
P52: Totaal bedrag (in euro) | Q52: =$P$42*$Q$50 -> #DIV/0!
P54: Aanvullend capaciteitstarief (in euro/kW) | Q54: =$Q$52/$Q$44 -> #DIV/0!

Sheet T4
A1: TABEL 4: Tarieven na toepassing van de maximumtarieven
C4: Distributienetbeheerder: | E4: =DNB -> Naam distributienetbeheerder
A7: Tariefcomponent | B7: Tariefdrager | C7: Afnameklanten op TRHS (∑) | D7: Afnameklanten op TRHS | E7: Afnameklanten op >26-36 kV met AV ≥ 5MVA | F7: Afnameklanten op MS (∑) | G7: Afnameklanten op >26-36 kV met AV < 5MVA | H7: Afnameklanten op 26-1kV | I7: Doorvoer op 26-1kV | J7: Afnameklanten op TRLS (∑) | K7: Afnameklanten op TRLS | L7: Afnameklanten op LS (∑) | M7: Afnameklanten op LS met piekmeting | N7: Doorvoer op LS met piekmeting | O7: Afnameklanten op LS met klassieke meter | P7: Doorvoer op LS zonder piekmeting | Q7: Prosumenten met terugdraaiende teller op LS | R7: Injectieklanten (∑) | S7: Injectieklanten op TRHS | T7: Injectieklanten op >26-36kV | U7: Injectieklanten op 26-1kV | V7: Injectieklanten op TRLS | W7: Injectieklanten op LS
A8: Netgebruik | B8: kVATV | C8: =PROCENT_VERHOGING_NA_MAX*INDEX(Tabel3B[Afnameklanten op TRHS (∑)],1) -> #VALUE! | D8: =PROCENT_VERHOGING_NA_MAX*INDEX(Tabel3B[Afnameklanten op TRHS],1) -> #VALUE! | E8: =PROCENT_VERHOGING_NA_MAX*INDEX(Tabel3B[Afnameklanten op >26-36 kV met AV ≥ 5MVA],1) -> #VALUE! | F8: =PROCENT_VERHOGING_NA_MAX*INDEX(Tabel3B[Afnameklanten op MS (∑)],1) -> #VALUE! | G8: =PROCENT_VERHOGING_NA_MAX*INDEX(Tabel3B[Afnameklanten op >26-36 kV met AV < 5MVA],1) -> #VALUE! | H8: =PROCENT_VERHOGING_NA_MAX*INDEX(Tabel3B[Afnameklanten op 26-1kV],1) -> #VALUE! | I8: =PROCENT_VERHOGING_NA_MAX*INDEX(Tabel3B[Doorvoer op 26-1kV],1) -> #VALUE! | J8: =PROCENT_VERHOGING_NA_MAX*INDEX(Tabel3B[Afnameklanten op TRLS (∑)],1) -> #VALUE! | K8: =PROCENT_VERHOGING_NA_MAX*INDEX(Tabel3B[Afnameklanten op TRLS],1) -> #VALUE! | R8: =INDEX(Tabel3B[Injectieklanten (∑)],1) | S8: =INDEX(Tabel3B[Injectieklanten op TRHS],1) | T8: =INDEX(Tabel3B[Injectieklanten op >26-36kV],1) | U8: =INDEX(Tabel3B[Injectieklanten op 26-1kV],1) | V8: =INDEX(Tabel3B[Injectieklanten op TRLS],1) | W8: =INDEX(Tabel3B[Injectieklanten op LS],1)
A9: Netgebruik | B9: kWMP | C9: =PROCENT_VERHOGING_NA_MAX*INDEX(Tabel3B[Afnameklanten op TRHS (∑)],2) -> #VALUE! | D9: =PROCENT_VERHOGING_NA_MAX*INDEX(Tabel3B[Afnameklanten op TRHS],2) -> #VALUE! | E9: =PROCENT_VERHOGING_NA_MAX*INDEX(Tabel3B[Afnameklanten op >26-36 kV met AV ≥ 5MVA],2) -> #VALUE! | F9: =PROCENT_VERHOGING_NA_MAX*INDEX(Tabel3B[Afnameklanten op MS (∑)],2) -> #VALUE! | G9: =PROCENT_VERHOGING_NA_MAX*INDEX(Tabel3B[Afnameklanten op >26-36 kV met AV < 5MVA],2) -> #VALUE! | H9: =PROCENT_VERHOGING_NA_MAX*INDEX(Tabel3B[Afnameklanten op 26-1kV],2) -> #VALUE! | I9: =PROCENT_VERHOGING_NA_MAX*INDEX(Tabel3B[Doorvoer op 26-1kV],2) -> #VALUE! | J9: =PROCENT_VERHOGING_NA_MAX*INDEX(Tabel3B[Afnameklanten op TRLS (∑)],2) -> #VALUE! | K9: =PROCENT_VERHOGING_NA_MAX*INDEX(Tabel3B[Afnameklanten op TRLS],2) -> #VALUE! | R9: =INDEX(Tabel3B[Injectieklanten (∑)],2) | S9: =INDEX(Tabel3B[Injectieklanten op TRHS],2) | T9: =INDEX(Tabel3B[Injectieklanten op >26-36kV],2) | U9: =INDEX(Tabel3B[Injectieklanten op 26-1kV],2) | V9: =INDEX(Tabel3B[Injectieklanten op TRLS],2) | W9: =INDEX(Tabel3B[Injectieklanten op LS],2)
A10: Netgebruik | B10: kWMP-TV | C10: =PROCENT_VERHOGING_NA_MAX*INDEX(Tabel3B[Afnameklanten op TRHS (∑)],3) -> #VALUE! | D10: =PROCENT_VERHOGING_NA_MAX*INDEX(Tabel3B[Afnameklanten op TRHS],3) -> #VALUE! | E10: =PROCENT_VERHOGING_NA_MAX*INDEX(Tabel3B[Afnameklanten op >26-36 kV met AV ≥ 5MVA],3) -> #VALUE! | F10: =PROCENT_VERHOGING_NA_MAX*INDEX(Tabel3B[Afnameklanten op MS (∑)],3) -> #VALUE! | G10: =PROCENT_VERHOGING_NA_MAX*INDEX(Tabel3B[Afnameklanten op >26-36 kV met AV < 5MVA],3) -> #VALUE! | H10: =PROCENT_VERHOGING_NA_MAX*INDEX(Tabel3B[Afnameklanten op 26-1kV],3) -> #VALUE! | I10: =PROCENT_VERHOGING_NA_MAX*INDEX(Tabel3B[Doorvoer op 26-1kV],3) -> #VALUE! | J10: =PROCENT_VERHOGING_NA_MAX*INDEX(Tabel3B[Afnameklanten op TRLS (∑)],3) -> #VALUE! | K10: =PROCENT_VERHOGING_NA_MAX*INDEX(Tabel3B[Afnameklanten op TRLS],3) -> #VALUE! | R10: =INDEX(Tabel3B[Injectieklanten (∑)],3) | S10: =INDEX(Tabel3B[Injectieklanten op TRHS],3) | T10: =INDEX(Tabel3B[Injectieklanten op >26-36kV],3) | U10: =INDEX(Tabel3B[Injectieklanten op 26-1kV],3) | V10: =INDEX(Tabel3B[Injectieklanten op TRLS],3) | W10: =INDEX(Tabel3B[Injectieklanten op LS],3)
A11: Netgebruik | B11: kWgemMP | M11: =PROCENT_VERHOGING_NA_MAX*INDEX(Tabel3B[Afnameklanten op LS met piekmeting],4) -> #DIV/0! | N11: =PROCENT_VERHOGING_NA_MAX*INDEX(Tabel3B[Doorvoer op LS met piekmeting],4) -> #DIV/0! | R11: =INDEX(Tabel3B[Injectieklanten (∑)],4) | S11: =INDEX(Tabel3B[Injectieklanten op TRHS],4) | T11: =INDEX(Tabel3B[Injectieklanten op >26-36kV],4) | U11: =INDEX(Tabel3B[Injectieklanten op 26-1kV],4) | V11: =INDEX(Tabel3B[Injectieklanten op TRLS],4) | W11: =INDEX(Tabel3B[Injectieklanten op LS],4)
A12: Netgebruik | B12: vastnet | O12: =PROCENT_VERHOGING_NA_MAX*INDEX(Tabel3B[Afnameklanten op LS met klassieke meter],5) -> #DIV/0! | P12: =PROCENT_VERHOGING_NA_MAX*INDEX(Tabel3B[Doorvoer op LS zonder piekmeting],5) -> #DIV/0! | R12: =INDEX(Tabel3B[Injectieklanten (∑)],5) | S12: =INDEX(Tabel3B[Injectieklanten op TRHS],5) | T12: =INDEX(Tabel3B[Injectieklanten op >26-36kV],5) | U12: =INDEX(Tabel3B[Injectieklanten op 26-1kV],5) | V12: =INDEX(Tabel3B[Injectieklanten op TRLS],5) | W12: =INDEX(Tabel3B[Injectieklanten op LS],5)
A13: Netgebruik | B13: kWhafn | M13: =PROCENT_VERHOGING_NA_MAX*INDEX(Tabel3B[Afnameklanten op LS met piekmeting],6) -> #DIV/0! | N13: =PROCENT_VERHOGING_NA_MAX*INDEX(Tabel3B[Doorvoer op LS met piekmeting],6) -> #DIV/0! | O13: =PROCENT_VERHOGING_NA_MAX*INDEX(Tabel3B[Afnameklanten op LS met klassieke meter],6) -> #DIV/0! | P13: =PROCENT_VERHOGING_NA_MAX*INDEX(Tabel3B[Doorvoer op LS zonder piekmeting],6) -> #DIV/0! | R13: =INDEX(Tabel3B[Injectieklanten (∑)],6) | S13: =INDEX(Tabel3B[Injectieklanten op TRHS],6) | T13: =INDEX(Tabel3B[Injectieklanten op >26-36kV],6) | U13: =INDEX(Tabel3B[Injectieklanten op 26-1kV],6) | V13: =INDEX(Tabel3B[Injectieklanten op TRLS],6) | W13: =INDEX(Tabel3B[Injectieklanten op LS],6)
A14: Netgebruik | B14: kWhinj | R14: =INDEX(Tabel3B[Injectieklanten (∑)],7) -> #VALUE! | S14: =INDEX(Tabel3B[Injectieklanten op TRHS],7) -> #VALUE! | T14: =INDEX(Tabel3B[Injectieklanten op >26-36kV],7) -> #VALUE! | U14: =INDEX(Tabel3B[Injectieklanten op 26-1kV],7) -> #VALUE! | V14: =INDEX(Tabel3B[Injectieklanten op TRLS],7) -> #VALUE! | W14: =INDEX(Tabel3B[Injectieklanten op LS],7) -> #VALUE!
A15: Reactieve energie | B15: kVArh | C15: =INDEX(Tabel3B[Afnameklanten op TRHS (∑)],8) -> #VALUE! | D15: =INDEX(Tabel3B[Afnameklanten op TRHS],8) -> #VALUE! | E15: =INDEX(Tabel3B[Afnameklanten op >26-36 kV met AV ≥ 5MVA],8) -> #VALUE! | F15: =INDEX(Tabel3B[Afnameklanten op MS (∑)],8) -> #VALUE! | G15: =INDEX(Tabel3B[Afnameklanten op >26-36 kV met AV < 5MVA],8) -> #VALUE! | H15: =INDEX(Tabel3B[Afnameklanten op 26-1kV],8) -> #VALUE! | I15: =INDEX(Tabel3B[Doorvoer op 26-1kV],8) -> #VALUE! | J15: =INDEX(Tabel3B[Afnameklanten op TRLS (∑)],8) -> #VALUE! | K15: =INDEX(Tabel3B[Afnameklanten op TRLS],8) -> #VALUE! | R15: =INDEX(Tabel3B[Injectieklanten (∑)],8) | S15: =INDEX(Tabel3B[Injectieklanten op TRHS],8) | T15: =INDEX(Tabel3B[Injectieklanten op >26-36kV],8) | U15: =INDEX(Tabel3B[Injectieklanten op 26-1kV],8) | V15: =INDEX(Tabel3B[Injectieklanten op TRLS],8) | W15: =INDEX(Tabel3B[Injectieklanten op LS],8)
A16: Databeheer | B16: AMR | C16: =INDEX(Tabel3B[Afnameklanten op TRHS (∑)],9) -> #DIV/0! | D16: =INDEX(Tabel3B[Afnameklanten op TRHS],9) -> #DIV/0! | E16: =INDEX(Tabel3B[Afnameklanten op >26-36 kV met AV ≥ 5MVA],9) -> #DIV/0! | F16: =INDEX(Tabel3B[Afnameklanten op MS (∑)],9) -> #DIV/0! | G16: =INDEX(Tabel3B[Afnameklanten op >26-36 kV met AV < 5MVA],9) -> #DIV/0! | H16: =INDEX(Tabel3B[Afnameklanten op 26-1kV],9) -> #DIV/0! | I16: =INDEX(Tabel3B[Doorvoer op 26-1kV],9) -> #DIV/0! | J16: =INDEX(Tabel3B[Afnameklanten op TRLS (∑)],9) -> #DIV/0! | K16: =INDEX(Tabel3B[Afnameklanten op TRLS],9) -> #DIV/0! | L16: =INDEX(Tabel3B[Afnameklanten op LS (∑)],9) -> #DIV/0! | M16: =INDEX(Tabel3B[Afnameklanten op LS met piekmeting],9) -> #DIV/0! | N16: =INDEX(Tabel3B[Doorvoer op LS met piekmeting],9) -> #DIV/0! | R16: =INDEX(Tabel3B[Injectieklanten (∑)],9) | S16: =INDEX(Tabel3B[Injectieklanten op TRHS],9) | T16: =INDEX(Tabel3B[Injectieklanten op >26-36kV],9) | U16: =INDEX(Tabel3B[Injectieklanten op 26-1kV],9) | V16: =INDEX(Tabel3B[Injectieklanten op TRLS],9) | W16: =INDEX(Tabel3B[Injectieklanten op LS],9)
A17: Databeheer | B17: MMR | C17: =INDEX(Tabel3B[Afnameklanten op TRHS (∑)],10) -> #DIV/0! | D17: =INDEX(Tabel3B[Afnameklanten op TRHS],10) -> #DIV/0! | E17: =INDEX(Tabel3B[Afnameklanten op >26-36 kV met AV ≥ 5MVA],10) -> #DIV/0! | F17: =INDEX(Tabel3B[Afnameklanten op MS (∑)],10) -> #DIV/0! | G17: =INDEX(Tabel3B[Afnameklanten op >26-36 kV met AV < 5MVA],10) -> #DIV/0! | H17: =INDEX(Tabel3B[Afnameklanten op 26-1kV],10) -> #DIV/0! | I17: =INDEX(Tabel3B[Doorvoer op 26-1kV],10) -> #DIV/0! | J17: =INDEX(Tabel3B[Afnameklanten op TRLS (∑)],10) -> #DIV/0! | K17: =INDEX(Tabel3B[Afnameklanten op TRLS],10) -> #DIV/0! | L17: =INDEX(Tabel3B[Afnameklanten op LS (∑)],10) -> #DIV/0! | M17: =INDEX(Tabel3B[Afnameklanten op LS met piekmeting],10) -> #DIV/0! | N17: =INDEX(Tabel3B[Doorvoer op LS met piekmeting],10) -> #DIV/0!
A18: Databeheer | B18: DM-MR1 | L18: =INDEX(Tabel3B[Afnameklanten op LS (∑)],11) -> #DIV/0! | M18: =INDEX(Tabel3B[Afnameklanten op LS met piekmeting],11) -> #DIV/0!
A19: Databeheer | B19: DM-MR3 | L19: =INDEX(Tabel3B[Afnameklanten op LS (∑)],12) -> #DIV/0! | M19: =INDEX(Tabel3B[Afnameklanten op LS met piekmeting],12) -> #DIV/0!
A20: Databeheer | B20: KM | L20: =INDEX(Tabel3B[Afnameklanten op LS (∑)],13) -> #DIV/0! | O20: =INDEX(Tabel3B[Afnameklanten op LS met klassieke meter],13) -> #DIV/0! | P20: =INDEX(Tabel3B[Doorvoer op LS zonder piekmeting],13) -> #DIV/0!
A21: Databeheer | B21: Productiemeter | R21: =INDEX(Tabel3B[Injectieklanten (∑)],14) -> #DIV/0! | S21: =INDEX(Tabel3B[Injectieklanten op TRHS],14) -> #DIV/0! | T21: =INDEX(Tabel3B[Injectieklanten op >26-36kV],14) -> #DIV/0! | U21: =INDEX(Tabel3B[Injectieklanten op 26-1kV],14) -> #DIV/0! | V21: =INDEX(Tabel3B[Injectieklanten op TRLS],14) -> #DIV/0! | W21: =INDEX(Tabel3B[Injectieklanten op LS],14) -> #DIV/0!
A22: Openbare dienstverplichtingen | B22: kWhafn NU SU | C22: =INDEX(Tabel3B[Afnameklanten op TRHS (∑)],15) -> #VALUE! | D22: =INDEX(Tabel3B[Afnameklanten op TRHS],15) -> #VALUE! | E22: =INDEX(Tabel3B[Afnameklanten op >26-36 kV met AV ≥ 5MVA],15) -> #VALUE! | F22: =INDEX(Tabel3B[Afnameklanten op MS (∑)],15) -> #VALUE! | G22: =INDEX(Tabel3B[Afnameklanten op >26-36 kV met AV < 5MVA],15) -> #VALUE! | H22: =INDEX(Tabel3B[Afnameklanten op 26-1kV],15) -> #VALUE! | I22: =INDEX(Tabel3B[Doorvoer op 26-1kV],15) -> #VALUE! | J22: =INDEX(Tabel3B[Afnameklanten op TRLS (∑)],15) -> #VALUE! | K22: =INDEX(Tabel3B[Afnameklanten op TRLS],15) -> #VALUE! | L22: =INDEX(Tabel3B[Afnameklanten op LS (∑)],15) -> #VALUE! | M22: =INDEX(Tabel3B[Afnameklanten op LS met piekmeting],15) -> #VALUE! | N22: =INDEX(Tabel3B[Doorvoer op LS met piekmeting],15) -> #VALUE! | O22: =INDEX(Tabel3B[Afnameklanten op LS met klassieke meter],15) -> #VALUE! | P22: =INDEX(Tabel3B[Doorvoer op LS zonder piekmeting],15) -> #VALUE!
A23: Openbare dienstverplichtingen | B23: kWhafn XN | F23: =INDEX(Tabel3B[Afnameklanten op MS (∑)],16) -> #VALUE! | H23: =INDEX(Tabel3B[Afnameklanten op 26-1kV],16) -> #VALUE! | J23: =INDEX(Tabel3B[Afnameklanten op TRLS (∑)],16) -> #VALUE! | K23: =INDEX(Tabel3B[Afnameklanten op TRLS],16) -> #VALUE! | L23: =INDEX(Tabel3B[Afnameklanten op LS (∑)],16) -> #VALUE! | M23: =INDEX(Tabel3B[Afnameklanten op LS met piekmeting],16) -> #VALUE! | O23: =INDEX(Tabel3B[Afnameklanten op LS met klassieke meter],16) -> #VALUE!
A24: Toeslagen | B24: kWhafn | C24: =INDEX(Tabel3B[Afnameklanten op TRHS (∑)],17) -> #VALUE! | D24: =INDEX(Tabel3B[Afnameklanten op TRHS],17) -> #VALUE! | E24: =INDEX(Tabel3B[Afnameklanten op >26-36 kV met AV ≥ 5MVA],17) -> #VALUE! | F24: =INDEX(Tabel3B[Afnameklanten op MS (∑)],17) -> #VALUE! | G24: =INDEX(Tabel3B[Afnameklanten op >26-36 kV met AV < 5MVA],17) -> #VALUE! | H24: =INDEX(Tabel3B[Afnameklanten op 26-1kV],17) -> #VALUE! | I24: =INDEX(Tabel3B[Doorvoer op 26-1kV],17) -> #VALUE! | J24: =INDEX(Tabel3B[Afnameklanten op TRLS (∑)],17) -> #VALUE! | K24: =INDEX(Tabel3B[Afnameklanten op TRLS],17) -> #VALUE! | L24: =INDEX(Tabel3B[Afnameklanten op LS (∑)],17) -> #VALUE! | M24: =INDEX(Tabel3B[Afnameklanten op LS met piekmeting],17) -> #VALUE! | N24: =INDEX(Tabel3B[Doorvoer op LS met piekmeting],17) -> #VALUE! | O24: =INDEX(Tabel3B[Afnameklanten op LS met klassieke meter],17) -> #VALUE! | P24: =INDEX(Tabel3B[Doorvoer op LS zonder piekmeting],17) -> #VALUE!
A25: Overige transmissie | B25: kWhafn | C25: =INDEX(Tabel3B[Afnameklanten op TRHS (∑)],18) -> #DIV/0! | D25: =INDEX(Tabel3B[Afnameklanten op TRHS],18) -> #DIV/0! | E25: =INDEX(Tabel3B[Afnameklanten op >26-36 kV met AV ≥ 5MVA],18) -> #DIV/0! | F25: =INDEX(Tabel3B[Afnameklanten op MS (∑)],18) -> #DIV/0! | G25: =INDEX(Tabel3B[Afnameklanten op >26-36 kV met AV < 5MVA],18) -> #DIV/0! | H25: =INDEX(Tabel3B[Afnameklanten op 26-1kV],18) -> #DIV/0! | I25: =INDEX(Tabel3B[Doorvoer op 26-1kV],18) -> #DIV/0! | J25: =INDEX(Tabel3B[Afnameklanten op TRLS (∑)],18) -> #DIV/0! | K25: =INDEX(Tabel3B[Afnameklanten op TRLS],18) -> #DIV/0! | L25: =INDEX(Tabel3B[Afnameklanten op LS (∑)],18) -> #DIV/0! | M25: =INDEX(Tabel3B[Afnameklanten op LS met piekmeting],18) -> #DIV/0! | N25: =INDEX(Tabel3B[Doorvoer op LS met piekmeting],18) -> #DIV/0! | O25: =INDEX(Tabel3B[Afnameklanten op LS met klassieke meter],18) -> #DIV/0! | P25: =INDEX(Tabel3B[Doorvoer op LS zonder piekmeting],18) -> #DIV/0!
A26: Aanvullend capaciteitstarief | B26: kVAomvormer | Q26: =SUM($O$13,$O$22,$O$24:$O$25)/DIM_OMV*VOLLASTUREN*(1-ZELFCONSUMPTIE) -> #DIV/0!
A30: Tariefcomponent | B30: Totale budget | C30: Afnameklanten op TRHS (∑) | D30: Afnameklanten op TRHS | E30: Afnameklanten op >26-36 kV met AV ≥ 5MVA | F30: Afnameklanten op MS (∑) | G30: Afnameklanten op >26-36 kV met AV < 5MVA | H30: Afnameklanten op 26-1kV | I30: Doorvoer op 26-1kV | J30: Afnameklanten op TRLS (∑) | K30: Afnameklanten op TRLS | L30: Afnameklanten op LS (∑) | M30: Afnameklanten op LS met piekmeting | N30: Doorvoer op LS met piekmeting | O30: Afnameklanten op LS met klassieke meter | P30: Doorvoer op LS zonder piekmeting | Q30: Prosumenten met terugdraaiende teller op LS | R30: Injectieklanten (∑) | S30: Injectieklanten op TRHS | T30: Injectieklanten op >26-36kV | U30: Injectieklanten op 26-1kV | V30: Injectieklanten op TRLS | W30: Injectieklanten op LS
A31: Netgebruik | B31: =SUM(Tabel4A[[#This Row],[Afnameklanten op TRHS (∑)]],Tabel4A[[#This Row],[Afnameklanten op MS (∑)]],Tabel4A[[#This Row],[Afnameklanten op TRLS (∑)]],Tabel4A[[#This Row],[Afnameklanten op LS (∑)]],Tabel4A[[#This Row],[Injectieklanten (∑)]]) -> #VALUE! | C31: =SUM(Tabel4A[[#This Row],[Afnameklanten op TRHS]:[Afnameklanten op >26-36 kV met AV ≥ 5MVA]]) -> #VALUE! | D31: =$D$8*INDEX(Rekenvolumes[Afnameklanten op TRHS],8)+$D$9*INDEX(Rekenvolumes[Afnameklanten op TRHS],9)+$D$10*INDEX(Rekenvolumes[Afnameklanten op TRHS],10) -> #VALUE! | E31: =$E$8*INDEX(Rekenvolumes[Afnameklanten op >26-36 kV met AV ≥ 5MVA],8)+$E$9*INDEX(Rekenvolumes[Afnameklanten op >26-36 kV met AV ≥ 5MVA],9)+$E$10*INDEX(Rekenvolumes[Afnameklanten op >26-36 kV met AV ≥ 5MVA],10) -> #VALUE! | F31: =SUM(Tabel4A[[#This Row],[Afnameklanten op >26-36 kV met AV < 5MVA]:[Doorvoer op 26-1kV]]) -> #VALUE! | G31: =$G$8*INDEX(Rekenvolumes[Afnameklanten op >26-36 kV met AV < 5MVA],8)+$G$9*INDEX(Rekenvolumes[Afnameklanten op >26-36 kV met AV < 5MVA],9)+$G$10*INDEX(Rekenvolumes[Afnameklanten op >26-36 kV met AV < 5MVA],10) -> #VALUE! | H31: =$H$8*INDEX(Rekenvolumes[Afnameklanten op 26-1kV],8)+$H$9*INDEX(Rekenvolumes[Afnameklanten op 26-1kV],9)+$H$10*INDEX(Rekenvolumes[Afnameklanten op 26-1kV],10) -> #VALUE! | I31: =$I$8*INDEX(Rekenvolumes[Doorvoer op 26-1kV],8)+$I$9*INDEX(Rekenvolumes[Doorvoer op 26-1kV],9)+$I$10*INDEX(Rekenvolumes[Doorvoer op 26-1kV],10) -> #VALUE! | J31: =SUM(Tabel4A[[#This Row],[Afnameklanten op TRLS]]) -> #VALUE! | K31: =$K$8*INDEX(Rekenvolumes[Afnameklanten op TRLS],8)+$K$9*INDEX(Rekenvolumes[Afnameklanten op TRLS],9)+$K$10*INDEX(Rekenvolumes[Afnameklanten op TRLS],10) -> #VALUE! | L31: =SUM(Tabel4A[[#This Row],[Afnameklanten op LS met piekmeting]:[Prosumenten met terugdraaiende teller op LS]]) -> #DIV/0! | M31: =$M$11*INDEX(Rekenvolumes[Afnameklanten op LS met piekmeting],11)+$M$13*(INDEX(Rekenvolumes[Afnameklanten op LS met piekmeting],12)+INDEX(Rekenvolumes[Afnameklanten op LS met piekmeting],13)+INDEX(Rekenvolumes[Afnameklanten op LS met piekmeting],14)) -> #DIV/0! | N31: =$N$11*INDEX(Rekenvolumes[Doorvoer op LS met piekmeting],11)+$N$13*(INDEX(Rekenvolumes[Doorvoer op LS met piekmeting],12)+INDEX(Rekenvolumes[Doorvoer op LS met piekmeting],13)+INDEX(Rekenvolumes[Doorvoer op LS met piekmeting],14)) -> #DIV/0! | O31: =$O$12*INDEX(Rekenvolumes[Afnameklanten op LS met klassieke meter],1)+$O$13*(INDEX(Rekenvolumes[Afnameklanten op LS met klassieke meter],12)+INDEX(Rekenvolumes[Afnameklanten op LS met klassieke meter],13)+INDEX(Rekenvolumes[Afnameklanten op LS met klassieke meter],14)) -> #DIV/0! | P31: =$P$12*INDEX(Rekenvolumes[Doorvoer op LS zonder piekmeting],1)+$P$13*(INDEX(Rekenvolumes[Doorvoer op LS zonder piekmeting],12)+INDEX(Rekenvolumes[Doorvoer op LS zonder piekmeting],13)+INDEX(Rekenvolumes[Doorvoer op LS zonder piekmeting],14)) -> #DIV/0! | Q31: =$Q$26*INDEX(Rekenvolumes[Prosumenten met terugdraaiende teller op LS],18) -> #DIV/0! | R31: =SUM(Tabel4A[[#This Row],[Injectieklanten op TRHS]:[Injectieklanten op LS]]) -> #VALUE! | S31: =$S$14*INDEX(Rekenvolumes[Injectieklanten op TRHS],15) -> #VALUE! | T31: =$R$14*INDEX(Rekenvolumes[Injectieklanten op >26-36kV],15) -> #VALUE! | U31: =$U$14*INDEX(Rekenvolumes[Injectieklanten op 26-1kV],15) -> #VALUE! | V31: =$V$14*INDEX(Rekenvolumes[Injectieklanten op TRLS],15) -> #VALUE! | W31: =$W$14*INDEX(Rekenvolumes[Injectieklanten op LS],15) -> #VALUE!
A32: - Niet-geïnd | B32: =SUM(Tabel4A[[#This Row],[Afnameklanten op TRHS (∑)]],Tabel4A[[#This Row],[Afnameklanten op MS (∑)]],Tabel4A[[#This Row],[Afnameklanten op TRLS (∑)]],Tabel4A[[#This Row],[Afnameklanten op LS (∑)]],Tabel4A[[#This Row],[Injectieklanten (∑)]]) -> #VALUE! | C32: =SUM(Tabel4A[[#This Row],[Afnameklanten op TRHS]:[Afnameklanten op >26-36 kV met AV ≥ 5MVA]])-MAXIMUM!$E$9 -> #VALUE! | F32: =SUM(Tabel4A[[#This Row],[Afnameklanten op >26-36 kV met AV < 5MVA]:[Doorvoer op 26-1kV]])-MAXIMUM!$E$11 -> #VALUE! | J32: =SUM(Tabel4A[[#This Row],[Afnameklanten op TRLS]])-MAXIMUM!$E$14 -> #VALUE! | L32: =SUM(Tabel4A[[#This Row],[Afnameklanten op LS met piekmeting]:[Prosumenten met terugdraaiende teller op LS]])-MAXIMUM!$E$15 -> #DIV/0! | R32: =SUM(Tabel4A[[#This Row],[Injectieklanten op TRHS]:[Injectieklanten op LS]])-MAXIMUM!$E$21 -> #VALUE!
A33: Reactieve energie | B33: =SUM(Tabel4A[[#This Row],[Afnameklanten op TRHS (∑)]],Tabel4A[[#This Row],[Afnameklanten op MS (∑)]],Tabel4A[[#This Row],[Afnameklanten op TRLS (∑)]],Tabel4A[[#This Row],[Afnameklanten op LS (∑)]],Tabel4A[[#This Row],[Injectieklanten (∑)]]) -> #VALUE! | C33: =SUM(Tabel4A[[#This Row],[Afnameklanten op TRHS]:[Afnameklanten op >26-36 kV met AV ≥ 5MVA]]) -> #VALUE! | D33: =$D$15*(INDEX(Rekenvolumes[Afnameklanten op TRHS],16)+INDEX(Rekenvolumes[Afnameklanten op TRHS],17)) -> #VALUE! | E33: =$E$15*(INDEX(Rekenvolumes[Afnameklanten op >26-36 kV met AV ≥ 5MVA],16)+INDEX(Rekenvolumes[Afnameklanten op >26-36 kV met AV ≥ 5MVA],17)) -> #VALUE! | F33: =SUM(Tabel4A[[#This Row],[Afnameklanten op >26-36 kV met AV < 5MVA]:[Doorvoer op 26-1kV]]) -> #VALUE! | G33: =$G$15*(INDEX(Rekenvolumes[Afnameklanten op >26-36 kV met AV < 5MVA],16)+INDEX(Rekenvolumes[Afnameklanten op >26-36 kV met AV < 5MVA],17)) -> #VALUE! | H33: =$H$15*(INDEX(Rekenvolumes[Afnameklanten op 26-1kV],16)+INDEX(Rekenvolumes[Afnameklanten op 26-1kV],17)) -> #VALUE! | I33: =$I$15*(INDEX(Rekenvolumes[Doorvoer op 26-1kV],16)+INDEX(Rekenvolumes[Doorvoer op 26-1kV],17)) -> #VALUE! | J33: =SUM(Tabel4A[[#This Row],[Afnameklanten op TRLS]]) -> #VALUE! | K33: =$K$15*(INDEX(Rekenvolumes[Afnameklanten op TRLS],16)+INDEX(Rekenvolumes[Afnameklanten op TRLS],17)) -> #VALUE!
A34: Databeheer | B34: =SUM(Tabel4A[[#This Row],[Afnameklanten op TRHS (∑)]],Tabel4A[[#This Row],[Afnameklanten op MS (∑)]],Tabel4A[[#This Row],[Afnameklanten op TRLS (∑)]],Tabel4A[[#This Row],[Afnameklanten op LS (∑)]],Tabel4A[[#This Row],[Injectieklanten (∑)]]) -> #DIV/0! | C34: =SUM(Tabel4A[[#This Row],[Afnameklanten op TRHS]:[Afnameklanten op >26-36 kV met AV ≥ 5MVA]]) -> #DIV/0! | D34: =$D$16*INDEX(Rekenvolumes[Afnameklanten op TRHS],2)+$D$17*INDEX(Rekenvolumes[Afnameklanten op TRHS],3)+$D$18*INDEX(Rekenvolumes[Afnameklanten op TRHS],4)+$D$19*INDEX(Rekenvolumes[Afnameklanten op TRHS],5)+$D$20*INDEX(Rekenvolumes[Afnameklanten op TRHS],6)+$D$21*INDEX(Rekenvolumes[Afnameklanten op TRHS],7) -> #DIV/0! | E34: =$E$16*INDEX(Rekenvolumes[Afnameklanten op >26-36 kV met AV ≥ 5MVA],2)+$E$17*INDEX(Rekenvolumes[Afnameklanten op >26-36 kV met AV ≥ 5MVA],3)+$E$18*INDEX(Rekenvolumes[Afnameklanten op >26-36 kV met AV ≥ 5MVA],4)+$E$19*INDEX(Rekenvolumes[Afnameklanten op >26-36 kV met AV ≥ 5MVA],5)+$E$20*INDEX(Rekenvolumes[Afnameklanten op >26-36 kV met AV ≥ 5MVA],6)+$E$21*INDEX(Rekenvolumes[Afnameklanten op >26-36 kV met AV ≥ 5MVA],7) -> #DIV/0! | F34: =SUM(Tabel4A[[#This Row],[Afnameklanten op >26-36 kV met AV < 5MVA]:[Doorvoer op 26-1kV]]) -> #DIV/0! | G34: =$G$16*INDEX(Rekenvolumes[Afnameklanten op >26-36 kV met AV < 5MVA],2)+$G$17*INDEX(Rekenvolumes[Afnameklanten op >26-36 kV met AV < 5MVA],3)+$G$18*INDEX(Rekenvolumes[Afnameklanten op >26-36 kV met AV < 5MVA],4)+$G$19*INDEX(Rekenvolumes[Afnameklanten op >26-36 kV met AV < 5MVA],5)+$G$20*INDEX(Rekenvolumes[Afnameklanten op >26-36 kV met AV < 5MVA],6)+$G$21*INDEX(Rekenvolumes[Afnameklanten op >26-36 kV met AV < 5MVA],7) -> #DIV/0! | H34: =$H$16*INDEX(Rekenvolumes[Afnameklanten op 26-1kV],2)+$H$17*INDEX(Rekenvolumes[Afnameklanten op 26-1kV],3)+$H$18*INDEX(Rekenvolumes[Afnameklanten op 26-1kV],4)+$H$19*INDEX(Rekenvolumes[Afnameklanten op 26-1kV],5)+$H$20*INDEX(Rekenvolumes[Afnameklanten op 26-1kV],6)+$H$21*INDEX(Rekenvolumes[Afnameklanten op 26-1kV],7) -> #DIV/0! | I34: =$I$16*INDEX(Rekenvolumes[Doorvoer op 26-1kV],2)+$I$17*INDEX(Rekenvolumes[Doorvoer op 26-1kV],3)+$I$18*INDEX(Rekenvolumes[Doorvoer op 26-1kV],4)+$I$19*INDEX(Rekenvolumes[Doorvoer op 26-1kV],5)+$I$20*INDEX(Rekenvolumes[Doorvoer op 26-1kV],6)+$I$21*INDEX(Rekenvolumes[Doorvoer op 26-1kV],7) -> #DIV/0! | J34: =SUM(Tabel4A[[#This Row],[Afnameklanten op TRLS]]) -> #DIV/0! | K34: =$K$16*INDEX(Rekenvolumes[Afnameklanten op TRLS],2)+$K$17*INDEX(Rekenvolumes[Afnameklanten op TRLS],3)+$K$18*INDEX(Rekenvolumes[Afnameklanten op TRLS],4)+$K$19*INDEX(Rekenvolumes[Afnameklanten op TRLS],5)+$K$20*INDEX(Rekenvolumes[Afnameklanten op TRLS],6)+$K$21*INDEX(Rekenvolumes[Afnameklanten op TRLS],7) -> #DIV/0! | L34: =SUM(Tabel4A[[#This Row],[Afnameklanten op LS met piekmeting]:[Prosumenten met terugdraaiende teller op LS]]) -> #DIV/0! | M34: =$M$16*INDEX(Rekenvolumes[Afnameklanten op LS met piekmeting],2)+$M$17*INDEX(Rekenvolumes[Afnameklanten op LS met piekmeting],3)+$M$18*INDEX(Rekenvolumes[Afnameklanten op LS met piekmeting],4)+$M$19*INDEX(Rekenvolumes[Afnameklanten op LS met piekmeting],5)+$M$20*INDEX(Rekenvolumes[Afnameklanten op LS met piekmeting],6)+$M$21*INDEX(Rekenvolumes[Afnameklanten op LS met piekmeting],7) -> #DIV/0! | N34: =$N$16*INDEX(Rekenvolumes[Doorvoer op LS met piekmeting],2)+$N$17*INDEX(Rekenvolumes[Doorvoer op LS met piekmeting],3)+$N$18*INDEX(Rekenvolumes[Doorvoer op LS met piekmeting],4)+$N$19*INDEX(Rekenvolumes[Doorvoer op LS met piekmeting],5)+$N$20*INDEX(Rekenvolumes[Doorvoer op LS met piekmeting],6)+$N$21*INDEX(Rekenvolumes[Doorvoer op LS met piekmeting],7) -> #DIV/0! | O34: =$O$16*INDEX(Rekenvolumes[Afnameklanten op LS met klassieke meter],2)+$O$17*INDEX(Rekenvolumes[Afnameklanten op LS met klassieke meter],3)+$O$18*INDEX(Rekenvolumes[Afnameklanten op LS met klassieke meter],4)+$O$19*INDEX(Rekenvolumes[Afnameklanten op LS met klassieke meter],5)+$O$20*INDEX(Rekenvolumes[Afnameklanten op LS met klassieke meter],6)+$O$21*INDEX(Rekenvolumes[Afnameklanten op LS met klassieke meter],7) -> #DIV/0! | P34: =$P$16*INDEX(Rekenvolumes[Doorvoer op LS zonder piekmeting],2)+$P$17*INDEX(Rekenvolumes[Doorvoer op LS zonder piekmeting],3)+$P$18*INDEX(Rekenvolumes[Doorvoer op LS zonder piekmeting],4)+$P$19*INDEX(Rekenvolumes[Doorvoer op LS zonder piekmeting],5)+$P$20*INDEX(Rekenvolumes[Doorvoer op LS zonder piekmeting],6)+$P$21*INDEX(Rekenvolumes[Doorvoer op LS zonder piekmeting],7) -> #DIV/0! | R34: =SUM(Tabel4A[[#This Row],[Injectieklanten op TRHS]:[Injectieklanten op LS]]) -> #DIV/0! | S34: =$S$21*INDEX(Rekenvolumes[Injectieklanten op TRHS],7) -> #DIV/0! | T34: =$T$21*INDEX(Rekenvolumes[Injectieklanten op >26-36kV],7) -> #DIV/0! | U34: =$U$21*INDEX(Rekenvolumes[Injectieklanten op 26-1kV],7) -> #DIV/0! | V34: =$V$21*INDEX(Rekenvolumes[Injectieklanten op TRLS],7) -> #DIV/0! | W34: =$W$21*INDEX(Rekenvolumes[Injectieklanten op LS],7) -> #DIV/0!
A35: Openbare dienstverplichtingen | B35: =SUM(Tabel4A[[#This Row],[Afnameklanten op TRHS (∑)]],Tabel4A[[#This Row],[Afnameklanten op MS (∑)]],Tabel4A[[#This Row],[Afnameklanten op TRLS (∑)]],Tabel4A[[#This Row],[Afnameklanten op LS (∑)]],Tabel4A[[#This Row],[Injectieklanten (∑)]]) -> #VALUE! | C35: =SUM(Tabel4A[[#This Row],[Afnameklanten op TRHS]:[Afnameklanten op >26-36 kV met AV ≥ 5MVA]]) -> #VALUE! | D35: =$D$22*(INDEX(Rekenvolumes[Afnameklanten op TRHS],12)+INDEX(Rekenvolumes[Afnameklanten op TRHS],13))+$D$23*INDEX(Rekenvolumes[Afnameklanten op TRHS],14) -> #VALUE! | E35: =$E$22*(INDEX(Rekenvolumes[Afnameklanten op >26-36 kV met AV ≥ 5MVA],12)+INDEX(Rekenvolumes[Afnameklanten op >26-36 kV met AV ≥ 5MVA],13))+$E$23*INDEX(Rekenvolumes[Afnameklanten op >26-36 kV met AV ≥ 5MVA],14) -> #VALUE! | F35: =SUM(Tabel4A[[#This Row],[Afnameklanten op >26-36 kV met AV < 5MVA]:[Doorvoer op 26-1kV]]) -> #VALUE! | G35: =$G$22*(INDEX(Rekenvolumes[Afnameklanten op >26-36 kV met AV < 5MVA],12)+INDEX(Rekenvolumes[Afnameklanten op >26-36 kV met AV < 5MVA],13))+$G$23*INDEX(Rekenvolumes[Afnameklanten op >26-36 kV met AV < 5MVA],14) -> #VALUE! | H35: =$H$22*(INDEX(Rekenvolumes[Afnameklanten op 26-1kV],12)+INDEX(Rekenvolumes[Afnameklanten op 26-1kV],13))+$H$23*INDEX(Rekenvolumes[Afnameklanten op 26-1kV],14) -> #VALUE! | I35: =$I$22*(INDEX(Rekenvolumes[Doorvoer op 26-1kV],12)+INDEX(Rekenvolumes[Doorvoer op 26-1kV],13))+$I$23*INDEX(Rekenvolumes[Doorvoer op 26-1kV],14) -> #VALUE! | J35: =SUM(Tabel4A[[#This Row],[Afnameklanten op TRLS]]) -> #VALUE! | K35: =$K$22*(INDEX(Rekenvolumes[Afnameklanten op TRLS],12)+INDEX(Rekenvolumes[Afnameklanten op TRLS],13))+$K$23*INDEX(Rekenvolumes[Afnameklanten op TRLS],14) -> #VALUE! | L35: =SUM(Tabel4A[[#This Row],[Afnameklanten op LS met piekmeting]:[Prosumenten met terugdraaiende teller op LS]]) -> #VALUE! | M35: =$M$22*(INDEX(Rekenvolumes[Afnameklanten op LS met piekmeting],12)+INDEX(Rekenvolumes[Afnameklanten op LS met piekmeting],13))+$M$23*INDEX(Rekenvolumes[Afnameklanten op LS met piekmeting],14) -> #VALUE! | N35: =$N$22*(INDEX(Rekenvolumes[Doorvoer op LS met piekmeting],12)+INDEX(Rekenvolumes[Doorvoer op LS met piekmeting],13))+$N$23*INDEX(Rekenvolumes[Doorvoer op LS met piekmeting],14) -> #VALUE! | O35: =$O$22*(INDEX(Rekenvolumes[Afnameklanten op LS met klassieke meter],12)+INDEX(Rekenvolumes[Afnameklanten op LS met klassieke meter],13))+$O$23*INDEX(Rekenvolumes[Afnameklanten op LS met klassieke meter],14) -> #VALUE! | P35: =$P$22*(INDEX(Rekenvolumes[Doorvoer op LS zonder piekmeting],12)+INDEX(Rekenvolumes[Doorvoer op LS zonder piekmeting],13))+$P$23*INDEX(Rekenvolumes[Doorvoer op LS zonder piekmeting],14) -> #VALUE!
